 Dungeon Crawl Stone Soup version 0.25-a0-366-g516bc45ae0 (webtiles) character file.

Game seed: 4159469361769179709, levelgen mode: deterministic

2055619 Caramio the Impregnable (level 27, 258/271 HPs)
             Began as a Deep Dwarf Fighter on Jan 6, 2020.
             Was the Champion of Makhleb.
             Escaped with the Orb
             ... and 3 runes!
             The game lasted 01:07:32 (49654 turns).

Caramio the Impregnable (Deep Dwarf Fighter)       Turns: 49654, Time: 01:07:33

Health: 258/271    AC: 41    Str: 41    XL:     27
Magic:  5/5        EV: 30    Int: 11    God:    Makhleb [******]
Gold:   5126       SH: 29    Dex: 19    Spells: 26/26 levels left

rFire    + . .     SeeInvis +   w - +9 broad axe (freeze)
rCold    . . .     Gourm    .   D - +0 large shield
rNeg     + . .     Faith    +   G - +1 gold dragon scales
rPois    +         Spirit   .   k - +2 hat
rElec    .         Reflect  .   m - +0 cloak of Teyvong {Str+6}
rCorr    .         Harm     .   u - +2 pair of gloves of the Griffon {rC- MR+ Dex+7 Stlth+}
MR       +++++                  v - +2 pair of boots
Stlth    ..........             h - amulet of faith
HPRegen  0.00/turn              g - +5 ring of evasion
MPRegen  0.09/turn              t - ring of the Scarab {Str+4 SInv Stlth-}

@: non-regenerating
A: damage resistance, heal wounds, hooves 1, repulsion field 1, slimy green
scales 1, deterioration 1, magic resistance 1, negative energy resistance 1,
sense surroundings 3, no regeneration
0: Orb of Zot
}: 3/15 runes: decaying, serpentine, silver
a: Heal Wounds, Minor Destruction, Lesser Servant of Makhleb, Major Destruction,
Greater Servant of Makhleb, Renounce Religion


You escaped.
You worshipped Makhleb.
Makhleb was exalted by your worship.
You were completely stuffed.

You visited 9 branches of the dungeon, and saw 47 of its levels.
You also visited: Sewer.

You collected 8359 gold pieces.
You spent 3233 gold pieces at shops.


Innate Abilities, Weirdness & Mutations

You are resistant to damage.
You can heal yourself by infusing magical energy.
You resist negative energy. (rN+)
You passively map a large area around you.
You do not regenerate.
You have large cloven feet.
You are surrounded by a mild repulsion field. (EV +2)
You are partially covered in slimy green scales. (AC +2)
Your body sometimes deteriorates upon taking damage.
You are resistant to hostile enchantments. (MR+)


   Skills:
 + Level 20.6 Fighting
 - Level 20.0 Axes
 - Level 26.0 Armour
 - Level 20.0 Dodging
 - Level 25.0 Shields
 - Level 17.6 Invocations


You had 26 spell levels left.
You didn't know any spells.
Your spell library was empty.

Inventory:

Hand Weapons
 w - a +9 broad axe of freezing (weapon)
Armour
 j - a +4 plate armour of fire resistance
 k - a +2 hat (worn)
 m - the +0 cloak of Teyvong (worn) {Str+6}
   (You found it on level 8 of the Dungeon)

   It affects your strength (+6).
 r - a +2 pair of gloves
 u - the +2 pair of gloves of the Griffon (worn) {rC- MR+ Dex+7 Stlth+}
   (You found it on level 5 of the Vaults)

   It affects your dexterity (+7).
   It makes you vulnerable to cold.
   It affects your resistance to hostile enchantments.
   It makes you more stealthy.
 v - a +2 pair of boots (worn)
 y - the +8 plate armour of the Game of Kings {rPois rN+}
   (You bought it in a shop on level 11 of the Dungeon)

   It protects you from poison.
   It protects you from negative energy.
 D - a +0 large shield (worn)
 G - +1 gold dragon scales (worn)
Jewellery
 g - a +5 ring of evasion (left hand)
 h - an amulet of faith (around neck)
 n - an uncursed ring of protection from fire
 t - the ring of the Scarab (right hand) {Str+4 SInv Stlth-}
   (You found it on level 6 of the Lair of Beasts)

   [ring of attention]

   It affects your strength (+4).
   It lets you see invisible.
   It makes you less stealthy.
 x - an uncursed ring of protection from fire
 z - a +5 ring of slaying {mikee}
 B - the ring "Ampouros" {Ice Str+5 Dex+3}
   (You found it on level 3 of the Depths)

   [ring of ice]

   It enhances your ice magic.
   It affects your strength (+5).
   It affects your dexterity (+3).
   It makes you vulnerable to fire.
   It protects you from cold.
Wands
 o - a wand of digging (20)
Scrolls
 b - 7 scrolls of magic mapping
 f - 26 scrolls of identify
 i - 28 scrolls of remove curse
 A - a scroll of teleportation
 E - 2 scrolls of enchant weapon
Potions
 a - 10 potions of cancellation
 d - 2 potions of might
 p - 6 potions of mutation
 q - 25 potions of curing
 s - 5 potions of agility
Comestibles
 e - 81 rations

Dungeon Overview and Level Annotations

Branches:
Dungeon (15/15)            Temple (1/1) D:7            Lair (6/6) D:9
  Swamp (4/4) Lair:4        Snake (4/4) Lair:2        Slime (0/5) Lair:5
    Orc (2/2) D:11            Elf (0/3) Orc:2        Vaults (5/5) D:13
  Crypt (0/3) Vaults:2     Depths (5/5) D:15            Zot (5/5) Depths:5
  Sewer (visited)

Altars:
Ashenzari
Cheibriados
Dithmenos
Elyvilon
Fedhas
Gozag
Hepliaklqana
Kikubaaqudgha
Makhleb
Nemelex Xobeh
Okawaru
Qazlal
Ru
Sif Muna
Trog
Uskayaw
Vehumet
Wu Jian
Xom
Yredelemnul
Zin
The Shining One
Beogh
Jiyva

Shops:
D:9 (   D:10 *   D:11 [(   D:14 %   Orc:2 (}(}   Snake:1 }   Vaults:1 (
Vaults:2 !

Portals:
Hell: Depths:1 Depths:2 Depths:3 Depths:4 Depths:5
Abyss: Depths:2 Depths:4 Depths:5
Pandemonium: Depths:3
Ziggurat: Depths:5

Annotations:
Swamp:3 3 runed translucent doors, Amanar's ghost, adept MiBe
Orc:1 2 transporters


Message History

Enter note:
Enter note:
Enter note:
Enter note:
Enter note:
Enter note:
Enter note:
Enter note:
Enter note:
Enter note:
Enter note:
Enter note:
Enter note:
Enter note:
Enter note: You feel a little less mighty now.
There is a dry fountain here.
There is a dry fountain here.
There is a staircase leading out of the dungeon here.
You have escaped!

####.##### #......
###.......### #.#####
#.....}.....# #.#
##..}...}..## #.#
##.......## #.# ##..}..##
#.# ##...## #.#####
####...#### #......
#######....@....##########.#
#..[..................# #.#
######..}....}.....}....}..#
#.#
.....#.....}....#....}..(..#
#.#
.....##..}....#####....}..##
#.# ########....###
###....######.# # #.##.###
###.##......# # #.####
############.###### # ##.##
#............######


There were no monsters in sight!

Vanquished Creatures
  A seraph (D:3)
  4 orbs of fire (Zot:5)
  7 ancient liches
  2 Killer Klowns
  A curse toe (Zot:3)
  14 golden dragons
  A bone dragon (Vaults:3)
  5 liches
  A pandemonium lord (D:13)
  An electric golem (Zot:5)
  3 Tzitzimimeh
  A Brimstone Fiend (Depths:4)
  Jorgrun (D:14)
  28 Orb Guardians
  22 tentacled monstrosities
  2 Hell Sentinels
  2 Ice Fiends
  A quicksilver dragon (shapeshifter) (Vaults:5)
  7 titans
  5 quicksilver dragons
  Gastronok (D:8)
  Frances (D:14)
  An Executioner (D:12)
  3 thorn hunters
  6 sphinxes
  5 draconian monks
  5 death cobs
  9 tengu reavers
  8 shadow dragons
  18 storm dragons
  12 nagarajas (Snake:4)
  14 frost giants
  An azure jelly (Vaults:3)
  13 fire giants
  4 iron dragons
  4 draconian knights
  A deep elf sorcerer (Vaults:4)
  5 ghost moths (Zot:4)
  2 orc warlords
  A curse skull (Vaults:2)
  Louise (Swamp:1)
  6 draconian shifters
  16 vault wardens
  3 draconian scorchers
  A reaper (D:12)
  2 deep elf elementalists
  2 angels (Vaults:2)
  5 draconian stormcallers
  A war gargoyle (Vaults:5)
  24 stone giants
  7 draconian annihilators
  18 ironheart preservers
  A spriggan defender (Depths:5)
  23 very ugly things
  4 vampire knights
  A caustic shrike skeleton (Vaults:3)
  2 deep elf demonologists
  2 deep elf annihilators
  9 green draconians
  A corrupter (D:6)
  12 black draconians
  15 white draconians
  Azrael (D:14)
  A dire elephant (Lair:6)
  5 yellow draconians
  12 purple draconians
  8 red draconians
  3 spark wasps
  6 deep elf death magi
  18 ettins
  A green death (D:4)
  12 fire dragons
  5 jiangshi
  17 yaktaur captains
  4 deep elf high priests
  32 vault guards
  A great orb of eyes (shapeshifter) (Vaults:5)
  Josephine (D:10)
  13 great orbs of eyes
  30 hydras
  16 naga warriors
  4 shambling mangroves
  Erica (D:8)
  4 ghost crabs
  6 rakshasas
  10 ice dragons
  8 small abominations
  13 anacondas
  2 hell beasts
  4 spriggan air magi
  72 two-headed ogres
  13 alligators
  A dancing weapon (Vaults:4)
  9 centaur warriors
  7 deep troll earth magi
  7 deep troll shamans
  5 vampire magi
  26 ogre magi
  4 orc high priests (Orc:2)
  2 death yaks (Lair:6)
  4 tengu warriors
  13 naga sharpshooters
  13 spriggans
  The ghost of Caramio the Gouger, a journeyman FeBe of Trog (Lair:3)
  15 spriggan berserkers
  A soul eater (Depths:2)
  2 salamander mystics
  A deep elf knight (Vaults:5)
  3 titan skeletons
  10 shock serpents
  A fire crab (shapeshifter) (Depths:3)
  A shadow wraith (Vaults:1)
  3 skeletal warriors (Vaults:1)
  Nergalle (D:10)
  4 unseen horrors
  7 hell knights
  A sea snake (shapeshifter) (Vaults:5)
  A deep troll (shapeshifter) (Vaults:4)
  6 glowing orange brains
  A spriggan druid (Swamp:1)
  8 sea snakes (Snake:4)
  A shadow demon (D:6)
  2 cherubim (D:3)
  18 deep trolls
  A golden dragon zombie (Depths:1)
  12 flayed ghosts
  14 swamp dragons
  4 deep elf archers (Vaults:4)
  6 naga ritualists
  6 phantasmal warriors
  12 ironbrand convokers
  4 harpies (Vaults:5)
  3 wizards
  4 lindwurms (Lair:6)
  6 orc sorcerers
  A wolf spider (shapeshifter) (Vaults:4)
  4 necromancers
  46 ugly things
  12 mana vipers
  A faun (shapeshifter) (Depths:3)
  19 orc knights
  15 deep elf magi
  16 salamanders
  An oklob plant (Lair:6)
  A cyclops (shapeshifter) (Vaults:1)
  2 wolf spiders
  11 cyclopes
  4 manticores
  A stone giant skeleton (Depths:1)
  23 moths of wrath
  5 torpor snails
  3 centaur zombies
  20 naga magi
  16 vault sentinels
  27 black mambas
  7 guardian serpents
  11 elephants
  A black mamba (shapeshifter) (Depths:4)
  An eye of devastation (shapeshifter) (Vaults:1)
  Psyche (D:10)
  A guardian serpent (shapeshifter) (D:14)
  2 kobold demonologists
  A hellion (Depths:4)
  A rime drake (shapeshifter) (Depths:3)
  5 spectral swamp worms (Depths:4)
  14 spiny frogs
  6 komodo dragons
  43 yaktaurs
  A tormentor (Zot:3)
  3 rime drakes
  A hellwing (Depths:2)
  9 freezing wraiths
  A golden dragon simulacrum (Vaults:3)
  2 polar bears
  4 tengu conjurers
  A meliai (shapeshifter) (Vaults:5)
  A troll (shapeshifter) (Vaults:5)
  2 dream sheep (Lair:6)
  13 trolls
  11 tyrant leeches
  A sphinx simulacrum (Vaults:3)
  14 bog bodies
  26 hornets
  A hornet (shapeshifter) (Depths:3)
  13 large abominations
  2 blink frogs (shapeshifter)
  10 hippogriffs
  38 slime creatures
  6 blink frogs
  A hippogriff (shapeshifter) (D:15)
  An ice dragon zombie (Depths:1)
  A redback (shapeshifter) (D:15)
  8 fire bats (Depths:2)
  A tarantella (shapeshifter) (D:14)
  A wyvern (shapeshifter) (Depths:3)
  6 wraiths
  A centaur simulacrum (D:11)
  A hog (shapeshifter) (Depths:3)
  2 water elementals (Depths:4)
  4 basilisks
  22 yaks
  4 hogs (D:13)
  A chaos spawn (Depths:5)
  A hungry ghost (D:11)
  2 fire elementals (D:14)
  13 vampire mosquitoes
  11 swamp worms
  A swamp worm (shapeshifter) (Depths:3)
  A spriggan simulacrum (Depths:1)
  4 acid dragons
  5 wargs
  A hydra simulacrum (Vaults:3)
  64 nagas
  A floating eye (Depths:2)
  2 hell hounds (D:14)
  13 porcupines
  7 water moccasins
  4 black bears
  54 orc warriors
  6 sky beasts
  15 swamp drakes
  An eye of draining (D:13)
  5 ice beasts
  A hornet zombie (D:13)
  2 phantoms
  2 fire dragon simulacra (Vaults:3)
  A black mamba simulacrum (Vaults:3)
  44 ogres
  A boggart (shapeshifter) (D:15)
  An eye of draining (shapeshifter) (Depths:5)
  5 wolves
  5 boggarts
  18 centaurs
  16 crocodiles
  An elf simulacrum (Vaults:3)
  7 big kobolds
  26 bullfrogs
  A gnoll sergeant (D:9)
  4 earth elementals (Depths:2)
  5 scorpions
  3 wights (D:14)
  3 vampire bats (D:6)
  An orc simulacrum (Vaults:2)
  10 howler monkeys
  3 electric eels (Lair:4)
  2 bullfrog zombies
  5 crimson imps
  4 jellies
  5 hounds
  A gnoll shaman (D:6)
  38 orc priests
  4 centaur skeletons
  25 orc wizards
  5 bullfrog skeletons
  3 iguanas
  9 hell rats
  13 worker ants
  A troll simulacrum (Vaults:3)
  3 hound skeletons
  A howler monkey zombie (D:11)
  A howler monkey skeleton (D:5)
  5 worker ant zombies
  18 adders
  8 gnolls
  6 river rats (Sewer)
  4 shadow imps
  2 oozes
  3 worms
  An adder skeleton (D:4)
  A dart slug (D:2)
  9 leopard geckos
  115 orcs
  6 bats
  2 bat skeletons (D:6)
  4 bat zombies (D:6)
  6 giant cockroaches
  6 goblins
  6 hobgoblins
  6 jackals
  3 quokkas
  7 ball pythons
  A ball python skeleton (D:4)
  11 frilled lizards
  A giant cockroach zombie (D:5)
  2 gnoll zombies (D:4)
  27 kobolds
  34 rats
  A briar patch (Swamp:2)
  4 crawling corpses
  14 fungi
  2 macabre masses (Vaults:3)
  12 plants
2307 creatures vanquished.

Vanquished Creatures (collateral kills)
  An orb of fire (Zot:5)
  A juggernaut (Depths:2)
  Sojobo (Depths:2)
  2 Killer Klowns (Zot:5)
  Frederick (Depths:4)
  A golden dragon (Vaults:5)
  Jory (Vaults:5)
  An electric golem (Zot:5)
  3 Orb Guardians (Zot:5)
  An azure jelly (Vaults:3)
  Kirke (D:13)
  A fire giant (Depths:2)
  An orc warlord (Vaults:4)
  A spriggan defender (Depths:5)
  4 frost giants
  3 stone giants
  4 very ugly things
  A deep elf annihilator (Vaults:5)
  2 white draconians (Zot:5)
  3 spark wasps (Depths:4)
  An ettin (Depths:1)
  A jiangshi (Depths:4)
  A merfolk impaler (Depths:4)
  A yaktaur captain (Vaults:5)
  3 great orbs of eyes
  Erolcha (Orc:2)
  9 hydras
  2 rakshasas (Depths:2)
  2 fire dragons (Depths:1)
  A spriggan air mage (Depths:2)
  2 alligators (Swamp:1)
  3 centaur warriors
  2 deep troll shamans
  A death yak (Lair:6)
  A deep troll earth mage (Vaults:4)
  A tengu warrior (Depths:2)
  2 spriggan berserkers (Depths:1)
  A hell knight (Depths:3)
  A deep troll (shapeshifter) (Depths:3)
  3 deep trolls
  2 iron trolls (Depths:1)
  2 swamp dragons (Swamp:2)
  A deep elf archer (Vaults:2)
  A necromancer (Vaults:2)
  An ironbrand convoker (Vaults:3)
  2 orc knights (Vaults:4)
  A harpy (Vaults:5)
  An orb spider (Depths:2)
  7 ugly things
  3 oklob plants (Lair:6)
  An elephant (shapeshifter) (Depths:1)
  A black mamba (Lair:6)
  2 spiny frogs (Swamp:2)
  2 torpor snails (Lair:6)
  A black mamba (shapeshifter) (Depths:1)
  A centaur skeleton (D:13)
  A kobold demonologist (D:13)
  7 yaktaurs
  A tengu conjurer (D:13)
  A red devil (Depths:1)
  A tyrant leech (Swamp:1)
  4 hornets
  A dream sheep (Lair:6)
  4 slime creatures
  3 blink frogs
  A spriggan (Swamp:1)
  A hog (shapeshifter) (Depths:1)
  A fire bat (Depths:2)
  2 swamp worms
  A swamp drake (Swamp:1)
  4 orc warriors
  2 black mamba simulacra (Vaults:3)
  7 boggarts
  2 crocodiles
  2 electric eels (Lair:6)
  A crimson imp (D:13)
  An orc wizard (Orc:2)
  4 hell rats (Lair:3)
  A shadow imp (D:14)
  4 orcs
159 creatures vanquished.

Vanquished Creatures (others)
  A tengu reaver (Depths:2)
  A fire giant (Depths:2)
  Aizul (Vaults:4)
  A stone giant (Depths:2)
  An ettin (Vaults:5)
  A deep elf mage (Vaults:3)
  A black mamba (Snake:2)
  A yaktaur (Vaults:1)
  A komodo dragon (Swamp:1)
  A blink frog (shapeshifter) (Depths:5)
  A wyvern (shapeshifter) (Vaults:5)
  2 big kobolds (D:13)
  A crimson imp (Depths:2)
  A kobold (D:13)
  3 briar patches (Swamp:2)
  A crawling corpse (Vaults:5)
  13 fungi
  11 plants
43 creatures vanquished.

Grand Total: 2509 creatures vanquished

Notes
Turn   | Place    | Note
-------+----------+-------------------------------------------
     0 | D:1      | Caramio the Deep Dwarf Fighter began the quest for the Orb.
     0 | D:1      | Reached XP level 1. HP: 20/20 MP: 1/1
     0 | D:1      | 0 ||| counter = 21
   136 | D:1      | Reached skill level 3 in Axes
   136 | D:1      | Reached XP level 2. HP: 25/27 MP: 2/2
   329 | D:1      | Reached skill level 1 in Dodging
   347 | D:1      | 347 ||| Stepping ~*~*~tactically~*~*~ (stealth).
   366 | D:1      | 366 ||| UPGRADING to cloak.
   373 | D:1      | 373 ||| UPGRADING to glowing hat.
   517 | D:1      | 517 ||| Stepping ~*~*~tactically~*~*~ (stealth).
   519 | D:1      | 519 ||| Stepping ~*~*~tactically~*~*~ (stealth).
   525 | D:1      | Reached XP level 3. HP: 24/33 MP: 3/3
   730 | D:1      | 730 ||| READING scroll labeled QUDAMA KIKAPYI.
   731 | D:1      | 731 ||| READING 2 scrolls labeled UWAHUT CIWO.
   732 | D:1      | 732 ||| READING scroll labeled RADOCO CIHA.
   733 | D:1      | 733 ||| READING 2 scrolls labeled XEF EMPUSO.
   736 | D:1      | 736 ||| READING scroll labeled HAQ YNTEGH.
   737 | D:1      | 737 ||| DROPPING scroll of fear.
   765 | D:2      | 765 ||| STAIRDANCE
   787 | D:2      | 787 ||| Stepping ~*~*~tactically~*~*~ (stealth).
   789 | D:2      | 789 ||| Stepping ~*~*~tactically~*~*~ (stealth).
   796 | D:2      | 796 ||| Stepping ~*~*~tactically~*~*~ (stealth).
   797 | D:2      | 797 ||| Stepping ~*~*~tactically~*~*~ (stealth).
   801 | D:2      | 801 ||| Stepping ~*~*~tactically~*~*~ (stealth).
   856 | D:2      | Found a bloodstained altar of Trog.
   905 | D:2      | Reached XP level 4. HP: 21/40 MP: 4/4
   913 | D:2      | Found a white marble altar of Elyvilon.
   930 | D:2      | 930 ||| Stepping ~*~*~tactically~*~*~ (stealth).
   953 | D:2      | 953 ||| INVOKING Heal Wounds.
   964 | D:2      | 964 ||| Stepping ~*~*~tactically~*~*~ (hiding).
  1034 | D:2      | 1034 ||| Stepping ~*~*~tactically~*~*~ (stealth).
  1041 | D:2      | 1041 ||| Stepping ~*~*~tactically~*~*~ (stealth).
  1069 | D:2      | 1069 ||| Stepping ~*~*~tactically~*~*~ (stealth).
  1070 | D:2      | 1070 ||| Stepping ~*~*~tactically~*~*~ (stealth).
  1071 | D:2      | 1071 ||| Stepping ~*~*~tactically~*~*~ (stealth).
  1095 | D:2      | 1095 ||| Stepping ~*~*~tactically~*~*~ (stealth).
  1122 | D:2      | Found a stormy altar of Qazlal.
  1141 | D:2      | 1141 ||| Stepping ~*~*~tactically~*~*~ (stealth).
  1142 | D:2      | 1142 ||| Stepping ~*~*~tactically~*~*~ (stealth).
  1147 | D:2      | 1147 ||| Stepping ~*~*~tactically~*~*~ (stealth).
  1226 | D:2      | 1226 ||| Stepping ~*~*~tactically~*~*~ (stealth).
  1273 | D:2      | 1273 ||| Stepping ~*~*~tactically~*~*~ (stealth).
  1306 | D:2      | Reached XP level 5. HP: 43/46 MP: 5/5
  1480 | D:2      | 1480 ||| Stepping ~*~*~tactically~*~*~ (stealth).
  1549 | D:2      | 1549 ||| READING 2 scrolls labeled XIOKIKI XESUFA.
  1550 | D:2      | 1550 ||| READING scroll labeled JYZYOP UPNOTRO.
  1551 | D:2      | 1551 ||| DRINKING 3 pink potions.
  1644 | D:3      | 1644 ||| Stepping ~*~*~tactically~*~*~ (stealth).
  1645 | D:3      | 1645 ||| Stepping ~*~*~tactically~*~*~ (stealth).
  1646 | D:3      | 1646 ||| Stepping ~*~*~tactically~*~*~ (stealth).
  1647 | D:3      | 1647 ||| Stepping ~*~*~tactically~*~*~ (stealth).
  1648 | D:3      | 1648 ||| Stepping ~*~*~tactically~*~*~ (stealth).
  1674 | D:3      | Found a glowing drain.
  1675 | D:3      | 1675 ||| Found Sewer.
  1707 | D:3      | 1707 ||| Stepping ~*~*~tactically~*~*~ (stealth).
  1708 | D:3      | 1708 ||| Stepping ~*~*~tactically~*~*~ (stealth).
  1741 | Sewer    | Entered a sewer
  1742 | Sewer    | 1742 ||| Entered Sewer.
  1789 | Sewer    | 1789 ||| Stepping ~*~*~tactically~*~*~ (hiding).
  1790 | Sewer    | 1790 ||| Stepping ~*~*~tactically~*~*~ (hiding).
  1796 | Sewer    | 1796 ||| Waiting for ranged monster.
  1797 | Sewer    | 1797 ||| Waiting for ranged monster.
  1798 | Sewer    | 1798 ||| Waiting for ranged monster.
  1799 | Sewer    | 1799 ||| Waiting for ranged monster.
  1903 | Sewer    | Reached skill level 6 in Axes
  1939 | Sewer    | 1939 ||| Stepping ~*~*~tactically~*~*~ (stealth).
  1942 | Sewer    | 1942 ||| Stepping ~*~*~tactically~*~*~ (stealth).
  1952 | Sewer    | 1952 ||| Stepping ~*~*~tactically~*~*~ (stealth).
  1953 | Sewer    | 1953 ||| Stepping ~*~*~tactically~*~*~ (stealth).
  1954 | Sewer    | 1954 ||| Stepping ~*~*~tactically~*~*~ (stealth).
  1974 | Sewer    | 1974 ||| Stepping ~*~*~tactically~*~*~ (stealth).
  1975 | Sewer    | 1975 ||| Stepping ~*~*~tactically~*~*~ (stealth).
  1976 | Sewer    | 1976 ||| Stepping ~*~*~tactically~*~*~ (stealth).
  1977 | Sewer    | 1977 ||| Stepping ~*~*~tactically~*~*~ (stealth).
  1981 | Sewer    | 1981 ||| Stepping ~*~*~tactically~*~*~ (stealth).
  1983 | Sewer    | 1983 ||| Stepping ~*~*~tactically~*~*~ (stealth).
  1984 | Sewer    | 1984 ||| Stepping ~*~*~tactically~*~*~ (stealth).
  1985 | Sewer    | 1985 ||| Stepping ~*~*~tactically~*~*~ (stealth).
  1986 | Sewer    | 1986 ||| Stepping ~*~*~tactically~*~*~ (stealth).
  1987 | Sewer    | 1987 ||| Stepping ~*~*~tactically~*~*~ (stealth).
  1988 | Sewer    | 1988 ||| Stepping ~*~*~tactically~*~*~ (stealth).
  1989 | Sewer    | 1989 ||| Stepping ~*~*~tactically~*~*~ (stealth).
  2027 | Sewer    | 2027 ||| Stepping ~*~*~tactically~*~*~ (stealth).
  2043 | Sewer    | 2043 ||| Stepping ~*~*~tactically~*~*~ (stealth).
  2044 | Sewer    | 2044 ||| Stepping ~*~*~tactically~*~*~ (stealth).
  2045 | Sewer    | 2045 ||| Stepping ~*~*~tactically~*~*~ (stealth).
  2046 | Sewer    | 2046 ||| Stepping ~*~*~tactically~*~*~ (stealth).
  2047 | Sewer    | 2047 ||| Stepping ~*~*~tactically~*~*~ (stealth).
  2050 | Sewer    | 2050 ||| INVOKING Heal Wounds.
  2053 | Sewer    | Reached XP level 6. HP: 40/55 MP: 5/5
  2130 | Sewer    | 2130 ||| Stepping ~*~*~tactically~*~*~ (stealth).
  2203 | Sewer    | 2203 ||| Stepping ~*~*~tactically~*~*~ (stealth).
  2213 | Sewer    | 2213 ||| Stepping ~*~*~tactically~*~*~ (stealth).
  2214 | Sewer    | 2214 ||| Stepping ~*~*~tactically~*~*~ (stealth).
  2247 | Sewer    | 2247 ||| Stepping ~*~*~tactically~*~*~ (hiding).
  2248 | Sewer    | 2248 ||| Waiting for ranged monster.
  2258 | Sewer    | Reached skill level 3 in Dodging
  2259 | Sewer    | 2259 ||| INVOKING Heal Wounds.
  2271 | Sewer    | HP: 13/55 [poisoned by a kobold]
  2356 | Sewer    | 2356 ||| INVOKING Heal Wounds.
  2397 | Sewer    | 2397 ||| DRINKING 6 silvery potions.
  2398 | Sewer    | 2398 ||| DRINKING 3 inky potions.
  2399 | Sewer    | 2399 ||| DRINKING 5 bubbling blue potions.
  2400 | Sewer    | 2400 ||| DRINKING 2 golden potions.
  2401 | Sewer    | 2401 ||| DRINKING 2 yellow potions.
  2402 | Sewer    | 2402 ||| DROPPING 2 potions of brilliance.
  2403 | Sewer    | 2403 ||| DROPPING potion of flight.
  2435 | D:3      | 2435 ||| READING scroll of enchant armour.
  2435 | D:3      | 2435 ||| ENCHANTING +1 hat.
  3043 | D:3      | 3043 ||| READING 2 scrolls labeled LOUG WYUSYDI.
  3044 | D:3      | 3044 ||| READING scroll labeled QIMNAD BAIMICI.
  3045 | D:3      | 3045 ||| READING 2 scrolls of identify.
  3045 | D:3      | 3045 ||| IDENTIFYING blue potion
  3046 | D:3      | 3046 ||| DROPPING potion of magic.
  3047 | D:3      | 3047 ||| DROPPING scroll of noise.
  3106 | D:4      | 3106 ||| DROPPING +0 whip.
  3285 | D:4      | Reached XP level 7. HP: 51/61 MP: 6/6
  3346 | D:4      | 3346 ||| READING scroll of enchant armour.
  3346 | D:4      | 3346 ||| ENCHANTING +0 cloak.
  3396 | D:4      | Found a glowing silver altar of Zin.
  3438 | D:4      | 3438 ||| Stepping ~*~*~tactically~*~*~ (stealth).
  3452 | D:4      | You fall into a shaft and drop 2 floors!
  3453 | D:6      | 3453 ||| Shafted from D:4 to D:6.
  3544 | D:6      | Found a shattered altar of Ashenzari.
  3600 | D:6      | 3600 ||| Stepping ~*~*~tactically~*~*~ (stealth).
  3604 | D:6      | 3604 ||| STAIRDANCE
  3605 | D:5      | Entered Level 5 of the Dungeon
  3623 | D:5      | Reached skill level 3 in Fighting
  3624 | D:5      | 3624 ||| INVOKING Heal Wounds.
  3630 | D:4      | 3630 ||| Successfully unshafted to D:4.
  3676 | D:4      | Found a basalt altar of Yredelemnul.
  3809 | D:4      | 3809 ||| READING 2 scrolls labeled ICZIRU NEVY.
  3810 | D:4      | 3810 ||| DRINKING 2 viscous ruby potions.
  3810 | D:4      | Gained mutation: You evolve. [potion of mutation]
  3810 | D:4      | Gained mutation: Your body sometimes deteriorates upon
                  | taking damage. [potion of mutation]
  3810 | D:4      | Gained mutation: You have sharp toenails. [potion of
                  | mutation]
  3810 | D:4      | Gained mutation: You are surrounded by a mild repulsion
                  | field. (EV +2) [potion of mutation]
  3811 | D:4      | 3811 ||| READING 6 scrolls of identify.
  3811 | D:4      | 3811 ||| IDENTIFYING twisted sapphire amulet
  3812 | D:4      | 3812 ||| DROPPING amulet of magic regeneration.
  3813 | D:4      | 3813 ||| READING 5 scrolls of identify.
  3813 | D:4      | 3813 ||| IDENTIFYING sedimented cyan potion
  3814 | D:4      | 3814 ||| DROPPING scroll of immolation.
  3816 | D:4      | 3816 ||| DROPPING potion of berserk rage.
  3866 | D:5      | 3866 ||| UPGRADING to plate armour.
  3876 | D:5      | 3876 ||| DROPPING +0 scale mail.
  3895 | D:5      | 3895 ||| FLEEEEING.
  3896 | D:5      | 3896 ||| FLEEEEING.
  3897 | D:5      | 3897 ||| FLEEEEING.
  3898 | D:5      | 3898 ||| FLEEEEING.
  3899 | D:5      | 3899 ||| FLEEEEING.
  3900 | D:5      | 3900 ||| FLEEEEING.
  3901 | D:5      | 3901 ||| FLEEEEING.
  3902 | D:5      | 3902 ||| FLEEEEING.
  3903 | D:5      | 3903 ||| FLEEEEING.
  3904 | D:5      | 3904 ||| FLEEEEING.
  3905 | D:5      | 3905 ||| FLEEEEING.
  3906 | D:5      | 3906 ||| FLEEEEING.
  3907 | D:5      | 3907 ||| FLEEEEING.
  3952 | D:5      | 3952 ||| Stepping ~*~*~tactically~*~*~ (stealth).
  3961 | D:5      | 3961 ||| Stepping ~*~*~tactically~*~*~ (stealth).
  3985 | D:5      | 3985 ||| INVOKING Heal Wounds.
  3987 | D:5      | 3987 ||| INVOKING Heal Wounds.
  3988 | D:5      | Reached skill level 9 in Axes
  3988 | D:5      | Reached XP level 8. HP: 64/69 MP: 6/6
  4119 | D:5      | 4119 ||| INVOKING Heal Wounds.
  4127 | D:5      | Reached skill level 4 in Armour
  4171 | D:5      | Noticed a hippogriff
  4184 | D:5      | Killed a hippogriff
  4558 | D:5      | 4558 ||| READING scroll labeled TIPERE EXIPO.
  4559 | D:5      | 4559 ||| INVOKING Heal Wounds.
  4560 | D:5      | 4560 ||| INVOKING Heal Wounds.
  4561 | D:5      | 4561 ||| INVOKING Heal Wounds.
  4562 | D:5      | 4562 ||| READING 4 scrolls of identify.
  4562 | D:5      | 4562 ||| IDENTIFYING lumpy inky potion
  4620 | D:6      | 4620 ||| STAIRDANCE
  4629 | D:6      | 4629 ||| STAIRDANCE
  4681 | D:6      | 4681 ||| Stepping ~*~*~tactically~*~*~ (stealth).
  4682 | D:6      | 4682 ||| Stepping ~*~*~tactically~*~*~ (stealth).
  4684 | D:6      | 4684 ||| Stepping ~*~*~tactically~*~*~ (stealth).
  4695 | D:6      | 4695 ||| Stepping ~*~*~tactically~*~*~ (stealth).
  4696 | D:6      | 4696 ||| Stepping ~*~*~tactically~*~*~ (stealth).
  4725 | D:6      | 4725 ||| Stepping ~*~*~tactically~*~*~ (stealth).
  4726 | D:6      | 4726 ||| Stepping ~*~*~tactically~*~*~ (hiding).
  4726 | D:6      | Noticed a two-headed ogre
  4735 | D:6      | 4735 ||| INVOKING Heal Wounds.
  4738 | D:6      | 4738 ||| INVOKING Heal Wounds.
  4740 | D:6      | 4740 ||| INVOKING Heal Wounds.
  4740 | D:6      | HP: 16/69 [orc priest/divine providence (9)]
  4740 | D:6      | HP: 4/69 [orc warrior/+0 trident (12)]
  4741 | D:6      | 4741 ||| READING 4 scrolls of teleportation.
  4742 | D:6      | 4742 ||| DRINKING 6 potions of heal wounds.
  4743 | D:6      | 4743 ||| INVOKING Heal Wounds.
  4744 | D:6      | 4744 ||| INVOKING Heal Wounds.
  4745 | D:6      | 4745 ||| INVOKING Heal Wounds.
  4746 | D:6      | 4746 ||| INVOKING Heal Wounds.
  4757 | D:6      | 4757 ||| Stepping ~*~*~tactically~*~*~ (hiding).
  4758 | D:6      | 4758 ||| Waiting for ranged monster.
  4759 | D:6      | 4759 ||| Stepping ~*~*~tactically~*~*~ (hiding).
  4760 | D:6      | 4760 ||| Waiting for ranged monster.
  4761 | D:6      | 4761 ||| Waiting for ranged monster.
  4762 | D:6      | 4762 ||| Waiting for ranged monster.
  4763 | D:6      | 4763 ||| Waiting for ranged monster.
  4767 | D:6      | 4767 ||| Stepping ~*~*~tactically~*~*~ (hiding).
  4768 | D:6      | 4768 ||| Waiting for ranged monster.
  4769 | D:6      | 4769 ||| Waiting for ranged monster.
  4774 | D:6      | 4774 ||| Waiting for ranged monster.
  4775 | D:6      | 4775 ||| Waiting for ranged monster.
  4776 | D:6      | 4776 ||| Waiting for ranged monster.
  4781 | D:6      | 4781 ||| Stepping ~*~*~tactically~*~*~ (hiding).
  4782 | D:6      | 4782 ||| Stepping ~*~*~tactically~*~*~ (hiding).
  4783 | D:6      | 4783 ||| Stepping ~*~*~tactically~*~*~ (hiding).
  4784 | D:6      | 4784 ||| Stepping ~*~*~tactically~*~*~ (hiding).
  4785 | D:6      | 4785 ||| Stepping ~*~*~tactically~*~*~ (hiding).
  4786 | D:6      | 4786 ||| Stepping ~*~*~tactically~*~*~ (hiding).
  4787 | D:6      | 4787 ||| Stepping ~*~*~tactically~*~*~ (hiding).
  4789 | D:6      | 4789 ||| Stepping ~*~*~tactically~*~*~ (hiding).
  4790 | D:6      | 4790 ||| Stepping ~*~*~tactically~*~*~ (hiding).
  4795 | D:6      | HP: 13/69 [two-headed ogre/+0 giant club (24)]
  4795 | D:6      | HP: 3/69 [two-headed ogre/+0 giant club (10)]
  4796 | D:6      | 4796 ||| READING 3 scrolls of teleportation.
  4797 | D:6      | 4797 ||| DRINKING 5 potions of heal wounds.
  4798 | D:6      | 4798 ||| INVOKING Heal Wounds.
  4799 | D:6      | 4799 ||| INVOKING Heal Wounds.
  4828 | D:6      | 4828 ||| Stepping ~*~*~tactically~*~*~ (stealth).
  4897 | D:6      | 4897 ||| INVOKING Heal Wounds.
  4899 | D:6      | 4899 ||| INVOKING Heal Wounds.
  4900 | D:6      | HP: 10/69 [two-headed ogre/+0 giant club (12)]
  4901 | D:6      | 4901 ||| READING 2 scrolls of teleportation.
  4902 | D:6      | 4902 ||| FLEEEEING.
  4903 | D:6      | 4903 ||| FLEEEEING.
  4904 | D:6      | 4904 ||| FLEEEEING.
  4905 | D:6      | 4905 ||| FLEEEEING.
  4906 | D:6      | 4906 ||| INVOKING Heal Wounds.
  4907 | D:6      | 4907 ||| INVOKING Heal Wounds.
  4908 | D:6      | 4908 ||| INVOKING Heal Wounds.
  4909 | D:6      | 4909 ||| INVOKING Heal Wounds.
  4922 | D:6      | 4922 ||| Stepping ~*~*~tactically~*~*~ (stealth).
  4923 | D:6      | 4923 ||| Stepping ~*~*~tactically~*~*~ (stealth).
  4924 | D:6      | 4924 ||| Stepping ~*~*~tactically~*~*~ (stealth).
  4925 | D:6      | 4925 ||| Stepping ~*~*~tactically~*~*~ (stealth).
  4930 | D:6      | 4930 ||| Stepping ~*~*~tactically~*~*~ (stealth).
  4940 | D:6      | 4940 ||| INVOKING Heal Wounds.
  4942 | D:6      | 4942 ||| INVOKING Heal Wounds.
  4944 | D:6      | 4944 ||| INVOKING Heal Wounds.
  4953 | D:6      | 4953 ||| INVOKING Heal Wounds.
  4956 | D:6      | 4956 ||| DRINKING 4 potions of heal wounds.
  4960 | D:6      | 4960 ||| DRINKING 3 potions of heal wounds.
  4961 | D:6      | Killed a two-headed ogre
  4961 | D:6      | Gained mutation: You passively map the area around you.
                  | [Deep Dwarf growth]
  4961 | D:6      | Reached XP level 9. HP: 52/82 MP: 4/4
  4962 | D:6      | 4962 ||| INVOKING Heal Wounds.
  4981 | D:6      | 4981 ||| Stepping ~*~*~tactically~*~*~ (stealth).
  4983 | D:6      | 4983 ||| Stepping ~*~*~tactically~*~*~ (stealth).
  4995 | D:6      | 4995 ||| Stepping ~*~*~tactically~*~*~ (stealth).
  5007 | D:6      | 5007 ||| DROPPING +0 flail.
  5019 | D:6      | 5019 ||| Stepping ~*~*~tactically~*~*~ (stealth).
  5023 | D:6      | 5023 ||| Stepping ~*~*~tactically~*~*~ (hiding).
  5024 | D:6      | 5024 ||| Stepping ~*~*~tactically~*~*~ (hiding).
  5025 | D:6      | 5025 ||| Stepping ~*~*~tactically~*~*~ (hiding).
  5026 | D:6      | 5026 ||| Waiting for ranged monster.
  5027 | D:6      | 5027 ||| Waiting for ranged monster.
  5028 | D:6      | 5028 ||| Waiting for ranged monster.
  5030 | D:6      | Reached skill level 6 in Shields
  5031 | D:6      | 5031 ||| Waiting for ranged monster.
  5032 | D:6      | 5032 ||| Waiting for ranged monster.
  5033 | D:6      | 5033 ||| Waiting for ranged monster.
  5034 | D:6      | 5034 ||| Waiting for ranged monster.
  5042 | D:6      | 5042 ||| Stepping ~*~*~tactically~*~*~ (stealth).
  5125 | D:6      | Found an ancient bone altar of Kikubaaqudgha.
  5130 | D:6      | Reached skill level 5 in Armour
  5217 | D:6      | 5217 ||| INVOKING Heal Wounds.
  5225 | D:6      | 5225 ||| INVOKING Heal Wounds.
  5498 | D:6      | 5498 ||| READING scroll labeled WEMNUR BEQENNA.
  5566 | D:7      | 5566 ||| STAIRDANCE
  5582 | D:7      | 5582 ||| STAIRDANCE
  5589 | D:6      | 5589 ||| Eating in order to wield vampiric weapon.
  5589 | D:6      | 5589 ||| EATING 16 rations.
  5590 | D:6      | 5590 ||| Eating in order to wield vampiric weapon.
  5590 | D:6      | 5590 ||| EATING 15 rations.
  5591 | D:6      | 5591 ||| UPGRADING to +1 vampiric hand axe.
  5592 | D:6      | 5592 ||| DROPPING +0 war axe.
  5596 | D:7      | 5596 ||| STAIRDANCE
  5608 | D:7      | 5608 ||| STAIRDANCE
  5702 | D:7      | Found a staircase to the Ecumenical Temple.
  5709 | D:7      | 5709 ||| Stepping ~*~*~tactically~*~*~ (hiding).
  5710 | D:7      | 5710 ||| Waiting for ranged monster.
  5711 | D:7      | 5711 ||| Stepping ~*~*~tactically~*~*~ (hiding).
  5712 | D:7      | 5712 ||| Waiting for ranged monster.
  5720 | D:7      | 5720 ||| Waiting for ranged monster.
  5902 | Temple   | Entered the Ecumenical Temple
  5903 | Temple   | 5903 ||| Entered T.
  5915 | Temple   | Became a worshipper of Makhleb the Destroyer
  5984 | Temple   | 5984 ||| READING 2 scrolls labeled RUGUST MIMPO.
  5985 | Temple   | 5985 ||| READING 3 scrolls of identify.
  5985 | Temple   | 5985 ||| IDENTIFYING emerald potion
  5986 | Temple   | 5986 ||| DROPPING potion of degeneration.
  5987 | Temple   | 5987 ||| DROPPING scroll of vulnerability.
  6182 | D:7      | Found an opulent altar of Gozag.
  6233 | D:7      | Found an ornate altar of the Wu Jian Council.
  6290 | D:7      | 6290 ||| DROPPING wand of polymorph (5).
  6300 | D:8      | 6300 ||| STAIRDANCE
  6314 | D:8      | 6314 ||| STAIRDANCE
  6339 | D:8      | Reached skill level 3 in Invocations
  6635 | D:8      | Noticed Gastronok
  6666 | D:8      | Killed Gastronok
  6666 | D:8      | Reached skill level 9 in Armour
  6666 | D:8      | Reached XP level 10. HP: 64/91 MP: 7/7
  6682 | D:8      | 6682 ||| Stepping ~*~*~tactically~*~*~ (stealth).
  6779 | D:8      | Got a faintly glowing cloak
  6780 | D:8      | 6780 ||| UPGRADING to faintly glowing cloak.
  6790 | D:8      | Identified the +0 cloak of Teyvong {Str+6} (You found it on
                  | level 8 of the Dungeon)
  6790 | D:8      | 6790 ||| DROPPING +1 cloak.
  6930 | D:8      | Found a sparkling altar of Nemelex Xobeh.
  6937 | D:8      | Noticed Erica
  6951 | D:8      | 6951 ||| INVOKING Heal Wounds.
  6955 | D:8      | 6955 ||| INVOKING Heal Wounds.
  6956 | D:8      | Killed Erica
  6957 | D:8      | 6957 ||| INVOKING Heal Wounds.
  7069 | D:8      | 7069 ||| READING 5 scrolls of identify.
  7069 | D:8      | 7069 ||| IDENTIFYING bone ring
  7070 | D:8      | 7070 ||| UPGRADING to +2 ring of dexterity.
  7089 | D:9      | 7089 ||| Stepping ~*~*~tactically~*~*~ (stealth).
  7091 | D:9      | 7091 ||| Stepping ~*~*~tactically~*~*~ (stealth).
  7092 | D:9      | 7092 ||| Stepping ~*~*~tactically~*~*~ (stealth).
  7093 | D:9      | 7093 ||| Stepping ~*~*~tactically~*~*~ (stealth).
  7107 | D:9      | Paralysed by a hornet for 1 turns
  7114 | D:9      | Reached skill level 12 in Axes
  7124 | D:9      | Reached * piety under Makhleb
  7155 | D:9      | 7155 ||| Stepping ~*~*~tactically~*~*~ (stealth).
  7164 | D:9      | 7164 ||| Stepping ~*~*~tactically~*~*~ (stealth).
  7165 | D:9      | 7165 ||| Stepping ~*~*~tactically~*~*~ (stealth).
  7166 | D:9      | 7166 ||| Stepping ~*~*~tactically~*~*~ (stealth).
  7180 | D:9      | 7180 ||| Stepping ~*~*~tactically~*~*~ (stealth).
  7183 | D:9      | 7183 ||| Stepping ~*~*~tactically~*~*~ (hiding).
  7185 | D:9      | 7185 ||| Stepping ~*~*~tactically~*~*~ (hiding).
  7358 | D:9      | Gained mutation: You passively map a large area around you.
                  | [evolution]
  7365 | D:9      | Noticed a two-headed ogre
  7372 | D:9      | Reached skill level 6 in Fighting
  7372 | D:9      | Reached XP level 11. HP: 97/97 MP: 7/7
  7383 | D:9      | Killed a two-headed ogre
  7406 | D:9      | Found a hide-covered altar of Uskayaw.
  7431 | D:9      | 7431 ||| Stepping ~*~*~tactically~*~*~ (stealth).
  7432 | D:9      | 7432 ||| Stepping ~*~*~tactically~*~*~ (stealth).
  7462 | D:9      | 7462 ||| Stepping ~*~*~tactically~*~*~ (stealth).
  7487 | D:9      | 7487 ||| Stepping ~*~*~tactically~*~*~ (stealth).
  7488 | D:9      | 7488 ||| Stepping ~*~*~tactically~*~*~ (stealth).
  7524 | D:9      | Found a staircase to the Lair.
  7532 | D:9      | 7532 ||| Stepping ~*~*~tactically~*~*~ (stealth).
  7535 | D:9      | 7535 ||| Stepping ~*~*~tactically~*~*~ (stealth).
  7552 | D:9      | 7552 ||| Stepping ~*~*~tactically~*~*~ (stealth).
  7553 | D:9      | 7553 ||| Stepping ~*~*~tactically~*~*~ (stealth).
  7554 | D:9      | 7554 ||| Stepping ~*~*~tactically~*~*~ (stealth).
  7589 | D:9      | 7589 ||| Stepping ~*~*~tactically~*~*~ (stealth).
  7590 | D:9      | 7590 ||| Stepping ~*~*~tactically~*~*~ (stealth).
  7664 | D:9      | Found Ruskeulo's Antique Weapon Emporium.
  7803 | D:9      | Found a blossoming altar of Fedhas.
  7817 | D:9      | Noticed an oklob plant
  7945 | D:9      | Found a shimmering blue altar of Sif Muna.
  8098 | D:10     | Entered Level 10 of the Dungeon
  8243 | D:10     | Reached ** piety under Makhleb
  8312 | D:10     | 8312 ||| READING scroll of remove curse.
  8350 | D:10     | Noticed Nergalle
  8351 | D:10     | 8351 ||| Stepping ~*~*~tactically~*~*~ (stealth).
  8352 | D:10     | 8352 ||| Stepping ~*~*~tactically~*~*~ (stealth).
  8353 | D:10     | 8353 ||| Stepping ~*~*~tactically~*~*~ (stealth).
  8354 | D:10     | 8354 ||| Stepping ~*~*~tactically~*~*~ (stealth).
  8355 | D:10     | 8355 ||| Stepping ~*~*~tactically~*~*~ (stealth).
  8362 | D:10     | 8362 ||| Stepping ~*~*~tactically~*~*~ (hiding).
  8363 | D:10     | 8363 ||| Waiting for ranged monster.
  8364 | D:10     | 8364 ||| Waiting for ranged monster.
  8365 | D:10     | 8365 ||| Waiting for ranged monster.
  8366 | D:10     | 8366 ||| Waiting for ranged monster.
  8367 | D:10     | 8367 ||| Waiting for ranged monster.
  8368 | D:10     | 8368 ||| Waiting for ranged monster.
  8394 | D:10     | Noticed a two-headed ogre
  8405 | D:10     | Killed Nergalle
  8422 | D:10     | Killed a two-headed ogre
  8468 | D:10     | Noticed a two-headed ogre
  8472 | D:10     | 8472 ||| Stepping ~*~*~tactically~*~*~ (stealth).
  8481 | D:10     | 8481 ||| Stepping ~*~*~tactically~*~*~ (stealth).
  8485 | D:10     | Killed a two-headed ogre
  8485 | D:10     | Reached skill level 6 in Invocations
  8537 | D:10     | Noticed Psyche
  8538 | D:10     | 8538 ||| Stepping ~*~*~tactically~*~*~ (hiding).
  8539 | D:10     | 8539 ||| Waiting for ranged monster.
  8540 | D:10     | 8540 ||| Waiting for ranged monster.
  8549 | D:10     | Killed Psyche
  8549 | D:10     | Reached skill level 9 in Shields
  8551 | D:10     | 8551 ||| Stepping ~*~*~tactically~*~*~ (stealth).
  8553 | D:10     | Noticed Josephine
  8580 | D:10     | Killed Josephine
  8839 | D:10     | Found Laradwo's Mayhem Merchandise.
  8848 | D:10     | 8848 ||| SHOPLISTING +3 broad axe of Ziycrat {elec, rN++
                  | MR- Int+2} (595 gold, have 552).
  8848 | D:10     | Bought a +1 war axe of flaming for 186 gold pieces
  8848 | D:10     | 8848 ||| DROPPING cursed -3 morningstar.
  8849 | D:10     | 8849 ||| UPGRADING to +1 war axe of flaming.
  8850 | D:10     | 8850 ||| DROPPING +1 vampiric hand axe.
  8913 | D:10     | 8913 ||| READING 4 scrolls of identify.
  8913 | D:10     | 8913 ||| IDENTIFYING silver ring
  8914 | D:10     | 8914 ||| UPGRADING to +6 ring of strength.
  9062 | D:11     | 9062 ||| Stepping ~*~*~tactically~*~*~ (hiding).
  9063 | D:11     | 9063 ||| Waiting for ranged monster.
  9071 | D:11     | 9071 ||| Stepping ~*~*~tactically~*~*~ (hiding).
  9073 | D:11     | 9073 ||| Stepping ~*~*~tactically~*~*~ (stealth).
  9077 | D:11     | Reached skill level 9 in Invocations
  9110 | D:11     | 9110 ||| Stepping ~*~*~tactically~*~*~ (hiding).
  9111 | D:11     | 9111 ||| Waiting for ranged monster.
  9115 | D:11     | 9115 ||| Waiting for ranged monster.
  9116 | D:11     | 9116 ||| Waiting for ranged monster.
  9117 | D:11     | 9117 ||| Waiting for ranged monster.
  9118 | D:11     | 9118 ||| Waiting for ranged monster.
  9119 | D:11     | 9119 ||| Waiting for ranged monster.
  9122 | D:11     | 9122 ||| Stepping ~*~*~tactically~*~*~ (stealth).
  9160 | D:11     | 9160 ||| Stepping ~*~*~tactically~*~*~ (hiding).
  9160 | D:11     | Found Dimicirch's Armour Boutique.
  9161 | D:11     | 9161 ||| Stepping ~*~*~tactically~*~*~ (hiding).
  9166 | D:11     | Found a staircase to the Orcish Mines.
  9169 | D:11     | Reached XP level 12. HP: 105/105 MP: 10/12
  9180 | D:11     | Reached *** piety under Makhleb
  9182 | D:11     | 9182 ||| Stepping ~*~*~tactically~*~*~ (hiding).
  9211 | D:11     | Found Zipiaw's Weapon Boutique.
  9219 | D:11     | 9219 ||| SHOPLISTING +3 plate armour of magic resistance
                  | (675 gold, have 447).
  9219 | D:11     | Bought a +0 pair of boots for 67 gold pieces
  9219 | D:11     | 9219 ||| SHOPLISTING +8 plate armour of the Game of Kings
                  | {rPois rN+} (1176 gold, have 380).
  9219 | D:11     | 9219 ||| UPGRADING to +0 pair of boots.
  9230 | D:11     | Bought a +2 war axe of chopping for 275 gold pieces
  9230 | D:11     | 9230 ||| SWAPPING to +2 war axe of chopping.
  9267 | D:11     | 9267 ||| Stepping ~*~*~tactically~*~*~ (hiding).
  9268 | D:11     | 9268 ||| Waiting for ranged monster.
  9269 | D:11     | 9269 ||| Waiting for ranged monster.
  9270 | D:11     | 9270 ||| Waiting for ranged monster.
  9271 | D:11     | 9271 ||| Waiting for ranged monster.
  9276 | D:11     | 9276 ||| Waiting for ranged monster.
  9279 | D:11     | 9279 ||| Stepping ~*~*~tactically~*~*~ (stealth).
  9303 | D:11     | Noticed a five-headed hydra
  9304 | D:11     | 9304 ||| Stepping ~*~*~tactically~*~*~ (stealth).
  9309 | D:11     | Noticed a two-headed ogre
  9311 | D:11     | 9311 ||| Stepping ~*~*~tactically~*~*~ (hiding).
  9320 | D:11     | 9320 ||| Stepping ~*~*~tactically~*~*~ (stealth).
  9328 | D:11     | Killed a two-headed ogre
  9343 | D:11     | 9343 ||| SWAPPING to +1 war axe of flaming.
  9348 | D:11     | 9348 ||| Stepping ~*~*~tactically~*~*~ (stealth).
  9352 | D:11     | Killed a one-headed hydra
  9353 | D:11     | 9353 ||| SWAPPING to +2 war axe of chopping.
  9355 | D:11     | 9355 ||| Stepping ~*~*~tactically~*~*~ (stealth).
  9357 | D:11     | 9357 ||| Stepping ~*~*~tactically~*~*~ (stealth).
  9370 | D:11     | 9370 ||| Stepping ~*~*~tactically~*~*~ (stealth).
  9375 | D:11     | 9375 ||| Stepping ~*~*~tactically~*~*~ (stealth).
  9406 | D:11     | 9406 ||| Stepping ~*~*~tactically~*~*~ (stealth).
  9439 | D:11     | 9439 ||| FLEEEEING.
  9440 | D:11     | 9440 ||| FLEEEEING.
  9441 | D:11     | 9441 ||| FLEEEEING.
  9442 | D:11     | 9442 ||| FLEEEEING.
  9443 | D:11     | 9443 ||| FLEEEEING.
  9444 | D:11     | 9444 ||| FLEEEEING.
  9445 | D:11     | 9445 ||| FLEEEEING.
  9446 | D:11     | 9446 ||| FLEEEEING.
  9447 | D:11     | 9447 ||| FLEEEEING.
  9448 | D:11     | 9448 ||| FLEEEEING.
  9449 | D:11     | 9449 ||| FLEEEEING.
  9450 | D:11     | 9450 ||| FLEEEEING.
  9451 | D:11     | 9451 ||| FLEEEEING.
  9452 | D:11     | 9452 ||| FLEEEEING.
  9544 | D:11     | Reached **** piety under Makhleb
 10027 | D:11     | 10027 ||| Stepping ~*~*~tactically~*~*~ (stealth).
 10029 | D:11     | 10029 ||| Stepping ~*~*~tactically~*~*~ (stealth).
 10031 | D:11     | 10031 ||| Stepping ~*~*~tactically~*~*~ (stealth).
 10032 | D:11     | 10032 ||| Stepping ~*~*~tactically~*~*~ (stealth).
 10070 | D:11     | 10070 ||| Stepping ~*~*~tactically~*~*~ (stealth).
 10074 | D:11     | Noticed a two-headed ogre
 10079 | D:11     | Killed a two-headed ogre
 10079 | D:11     | Reached skill level 12 in Invocations
 10127 | D:11     | 10127 ||| Stepping ~*~*~tactically~*~*~ (hiding).
 10128 | D:11     | 10128 ||| Waiting for ranged monster.
 10129 | D:11     | 10129 ||| Waiting for ranged monster.
 10130 | D:11     | 10130 ||| Waiting for ranged monster.
 10131 | D:11     | 10131 ||| Waiting for ranged monster.
 10135 | D:11     | 10135 ||| Waiting for ranged monster.
 10136 | D:11     | 10136 ||| Stepping ~*~*~tactically~*~*~ (hiding).
 10137 | D:11     | 10137 ||| Waiting for ranged monster.
 10138 | D:11     | 10138 ||| Waiting for ranged monster.
 10139 | D:11     | 10139 ||| Waiting for ranged monster.
 10140 | D:11     | 10140 ||| Waiting for ranged monster.
 10145 | D:11     | 10145 ||| Waiting for ranged monster.
 10166 | D:11     | 10166 ||| READING 3 scrolls of identify.
 10166 | D:11     | 10166 ||| IDENTIFYING fizzy grey potion
 10167 | D:11     | 10167 ||| DROPPING potion of lignification.
 10246 | Lair:1   | Entered Level 1 of the Lair of Beasts
 10247 | Lair:1   | 10247 ||| Entered L.
 10276 | Lair:1   | 10276 ||| Stepping ~*~*~tactically~*~*~ (stealth).
 10278 | Lair:1   | 10278 ||| Stepping ~*~*~tactically~*~*~ (stealth).
 10280 | Lair:1   | 10280 ||| Stepping ~*~*~tactically~*~*~ (stealth).
 10281 | Lair:1   | 10281 ||| Stepping ~*~*~tactically~*~*~ (stealth).
 10285 | Lair:1   | 10285 ||| Stepping ~*~*~tactically~*~*~ (stealth).
 10312 | Lair:1   | 10312 ||| Stepping ~*~*~tactically~*~*~ (stealth).
 10313 | Lair:1   | 10313 ||| Stepping ~*~*~tactically~*~*~ (stealth).
 10314 | Lair:1   | 10314 ||| Stepping ~*~*~tactically~*~*~ (stealth).
 10318 | Lair:1   | 10318 ||| Stepping ~*~*~tactically~*~*~ (stealth).
 10319 | Lair:1   | 10319 ||| Stepping ~*~*~tactically~*~*~ (stealth).
 10456 | Lair:1   | 10456 ||| Stepping ~*~*~tactically~*~*~ (stealth).
 10457 | Lair:1   | 10457 ||| Stepping ~*~*~tactically~*~*~ (stealth).
 10469 | Lair:1   | Noticed a four-headed hydra
 10470 | Lair:1   | 10470 ||| Stepping ~*~*~tactically~*~*~ (stealth).
 10471 | Lair:1   | 10471 ||| Stepping ~*~*~tactically~*~*~ (stealth).
 10472 | Lair:1   | 10472 ||| Stepping ~*~*~tactically~*~*~ (stealth).
 10473 | Lair:1   | 10473 ||| Stepping ~*~*~tactically~*~*~ (stealth).
 10474 | Lair:1   | 10474 ||| Stepping ~*~*~tactically~*~*~ (stealth).
 10475 | Lair:1   | 10475 ||| Stepping ~*~*~tactically~*~*~ (stealth).
 10476 | Lair:1   | 10476 ||| Stepping ~*~*~tactically~*~*~ (stealth).
 10477 | Lair:1   | 10477 ||| Stepping ~*~*~tactically~*~*~ (stealth).
 10478 | Lair:1   | 10478 ||| Stepping ~*~*~tactically~*~*~ (stealth).
 10480 | Lair:1   | 10480 ||| Stepping ~*~*~tactically~*~*~ (stealth).
 10483 | Lair:1   | 10483 ||| INVOKING MAJOR DESTRUCTION
 10484 | Lair:1   | 10484 ||| INVOKING MAJOR DESTRUCTION
 10485 | Lair:1   | 10485 ||| INVOKING MAJOR DESTRUCTION
 10486 | Lair:1   | 10486 ||| INVOKING MAJOR DESTRUCTION
 10487 | Lair:1   | 10487 ||| INVOKING MAJOR DESTRUCTION
 10487 | Lair:1   | Killed a four-headed hydra
 10487 | Lair:1   | Reached skill level 15 in Axes
 10501 | Lair:1   | 10501 ||| Stepping ~*~*~tactically~*~*~ (stealth).
 10502 | Lair:1   | 10502 ||| Stepping ~*~*~tactically~*~*~ (stealth).
 10517 | Lair:1   | Reached XP level 13. HP: 93/115 MP: 15/15
 10571 | Lair:1   | 10571 ||| UPGRADING to sapphire ring.
 10793 | Lair:1   | 10793 ||| READING 2 scrolls of enchant armour.
 10793 | Lair:1   | 10793 ||| ENCHANTING +0 pair of boots.
 10794 | Lair:1   | 10794 ||| READING scroll of enchant armour.
 10794 | Lair:1   | 10794 ||| ENCHANTING +1 pair of boots.
 10861 | Lair:1   | 10861 ||| READING scroll labeled OJOMOA BOSHEALLERPH.
 10931 | Lair:2   | 10931 ||| Stepping ~*~*~tactically~*~*~ (stealth).
 10932 | Lair:2   | 10932 ||| INVOKING MAJOR DESTRUCTION
 10933 | Lair:2   | 10933 ||| INVOKING MAJOR DESTRUCTION
 10934 | Lair:2   | 10934 ||| INVOKING MAJOR DESTRUCTION
 10935 | Lair:2   | 10935 ||| INVOKING MAJOR DESTRUCTION
 10936 | Lair:2   | 10936 ||| INVOKING MAJOR DESTRUCTION
 10968 | Lair:2   | 10968 ||| UPGRADING to tourmaline ring.
 10970 | Lair:2   | 10970 ||| UPGRADING to +2 ring of dexterity.
 10972 | Lair:2   | 10972 ||| UPGRADING to ring of protection from magic.
 10974 | Lair:2   | 10974 ||| DROPPING ring of positive energy.
 11012 | Lair:2   | Found a staircase to the Snake Pit.
 11013 | Lair:2   | 11013 ||| Stepping ~*~*~tactically~*~*~ (hiding).
 11014 | Lair:2   | 11014 ||| Waiting for ranged monster.
 11015 | Lair:2   | 11015 ||| Waiting for ranged monster.
 11016 | Lair:2   | 11016 ||| Waiting for ranged monster.
 11017 | Lair:2   | 11017 ||| Waiting for ranged monster.
 11088 | Lair:2   | 11088 ||| UPGRADING to jade ring.
 11133 | Lair:2   | 11133 ||| Stepping ~*~*~tactically~*~*~ (stealth).
 11174 | Lair:2   | 11174 ||| Stepping ~*~*~tactically~*~*~ (stealth).
 11175 | Lair:2   | 11175 ||| Stepping ~*~*~tactically~*~*~ (stealth).
 11307 | Lair:2   | Reached ***** piety under Makhleb
 11590 | Lair:2   | 11590 ||| UPGRADING to glowing scarf.
 11600 | Lair:2   | 11600 ||| UPGRADING to +0 cloak of Teyvong {Str+6}.
 11610 | Lair:2   | 11610 ||| DROPPING scarf of spirit shield.
 11747 | Lair:3   | 11747 ||| STAIRDANCE
 11859 | Lair:3   | 11859 ||| INVOKING Greater Servant of Makhleb.
 11860 | Lair:3   | 11860 ||| INVOKING Heal Wounds.
 11862 | Lair:3   | 11862 ||| SWAPPING to +1 war axe of flaming.
 11866 | Lair:3   | 11866 ||| SWAPPING to +2 war axe of chopping.
 11917 | Lair:3   | 11917 ||| SWAPPING to +1 war axe of flaming.
 11921 | Lair:3   | 11921 ||| SWAPPING to +2 war axe of chopping.
 12499 | Lair:3   | Noticed Caramio's ghost (journeyman FeBe)
 12502 | Lair:3   | Found a runed translucent door.
 12510 | Lair:3   | 12510 ||| INVOKING Greater Servant of Makhleb.
 12819 | Lair:3   | 12819 ||| READING scroll labeled FYJUUZUORGH.
 12914 | Lair:3   | 12914 ||| INVOKING Heal Wounds.
 12915 | Lair:3   | 12915 ||| INVOKING Heal Wounds.
 12916 | Lair:3   | 12916 ||| INVOKING Heal Wounds.
 12925 | Lair:3   | 12925 ||| INVOKING Heal Wounds.
 12926 | Lair:3   | Killed Caramio's ghost
 12927 | Lair:3   | 12927 ||| EATING 34 rations.
 12988 | Lair:4   | 12988 ||| Stepping ~*~*~tactically~*~*~ (stealth).
 12989 | Lair:4   | 12989 ||| Stepping ~*~*~tactically~*~*~ (stealth).
 13189 | Lair:4   | 13189 ||| READING scroll of enchant weapon.
 13189 | Lair:4   | 13189 ||| ENCHANTING +3 war axe of chopping.
 13229 | Lair:4   | 13229 ||| Stepping ~*~*~tactically~*~*~ (stealth).
 13231 | Lair:4   | 13231 ||| Stepping ~*~*~tactically~*~*~ (stealth).
 13381 | Lair:4   | 13381 ||| Stepping ~*~*~tactically~*~*~ (hiding).
 13382 | Lair:4   | 13382 ||| Waiting for ranged monster.
 13383 | Lair:4   | 13383 ||| Waiting for ranged monster.
 13384 | Lair:4   | 13384 ||| Waiting for ranged monster.
 13391 | Lair:4   | 13391 ||| Stepping ~*~*~tactically~*~*~ (stealth).
 13397 | Lair:4   | 13397 ||| Stepping ~*~*~tactically~*~*~ (hiding).
 13398 | Lair:4   | 13398 ||| Waiting for ranged monster.
 13399 | Lair:4   | 13399 ||| Waiting for ranged monster.
 13404 | Lair:4   | 13404 ||| Waiting for ranged monster.
 13405 | Lair:4   | 13405 ||| Waiting for ranged monster.
 13406 | Lair:4   | 13406 ||| Waiting for ranged monster.
 13418 | Lair:4   | Reached skill level 15 in Invocations
 13424 | Lair:4   | 13424 ||| INVOKING Greater Servant of Makhleb.
 13425 | Lair:4   | 13425 ||| SWAPPING to +1 war axe of flaming.
 13438 | Lair:4   | 13438 ||| INVOKING Heal Wounds.
 13442 | Lair:4   | 13442 ||| SWAPPING to +4 war axe of chopping.
 13443 | Lair:4   | Found a staircase to the Swamp.
 13519 | Lair:4   | You fall into a shaft and drop 2 floors!
 13519 | Lair:6   | Entered Level 6 of the Lair of Beasts
 13520 | Lair:6   | 13520 ||| Shafted from Lair:4 to Lair:6.
 13526 | Lair:6   | 13526 ||| INVOKING Greater Servant of Makhleb.
 13528 | Lair:6   | 13528 ||| SWAPPING to +1 war axe of flaming.
 13535 | Lair:6   | 13535 ||| SWAPPING to +4 war axe of chopping.
 13558 | Lair:6   | 13558 ||| SWAPPING to +1 war axe of flaming.
 13564 | Lair:6   | 13564 ||| SWAPPING to +4 war axe of chopping.
 13595 | Lair:5   | Got a scorched iron ring
 13596 | Lair:5   | 13596 ||| UPGRADING to scorched iron ring.
 13597 | Lair:5   | Identified the ring of Asabrics {+Blink +Fly rC+ Str-3}
                  | (You found it on level 5 of the Lair of Beasts)
 13598 | Lair:5   | 13598 ||| UPGRADING to +2 ring of dexterity.
 13600 | Lair:5   | 13600 ||| UPGRADING to ring of protection from magic.
 13602 | Lair:5   | 13602 ||| UPGRADING to ring of protection from fire.
 13675 | Lair:5   | 13675 ||| Stepping ~*~*~tactically~*~*~ (stealth).
 13715 | Lair:5   | 13715 ||| INVOKING Greater Servant of Makhleb.
 13717 | Lair:5   | 13717 ||| SWAPPING to +1 war axe of flaming.
 13723 | Lair:5   | 13723 ||| SWAPPING to +4 war axe of chopping.
 13777 | Lair:5   | Found a gate leading to a gauntlet.
 13785 | Lair:4   | 13785 ||| Successfully unshafted to Lair:4.
 13808 | Lair:4   | 13808 ||| Stepping ~*~*~tactically~*~*~ (water).
 13814 | Lair:4   | Gained mutation: Your mind is acute. (Int +2) [evolution]
 14185 | Lair:4   | 14185 ||| READING scroll labeled INOFAA LATHETH.
 14185 | Lair:4   | Identified a scroll of acquirement
 14186 | Lair:4   | 14186 ||| READING 2 scrolls of identify.
 14186 | Lair:4   | 14186 ||| IDENTIFYING fizzy green potion
 14187 | Lair:4   | 14187 ||| DROPPING potion of invisibility.
 14234 | Lair:5   | 14234 ||| UPGRADING to shiny chain mail.
 14244 | Lair:5   | 14244 ||| UPGRADING to +0 plate armour.
 14254 | Lair:5   | 14254 ||| DROPPING +0 chain mail of cold resistance.
 14259 | Lair:5   | 14259 ||| Stepping ~*~*~tactically~*~*~ (stealth).
 14260 | Lair:5   | 14260 ||| Stepping ~*~*~tactically~*~*~ (stealth).
 14305 | Lair:5   | Reached skill level 6 in Dodging
 14365 | Lair:5   | 14365 ||| Stepping ~*~*~tactically~*~*~ (hiding).
 14366 | Lair:5   | 14366 ||| Stepping ~*~*~tactically~*~*~ (hiding).
 14367 | Lair:5   | 14367 ||| Waiting for ranged monster.
 14368 | Lair:5   | 14368 ||| Waiting for ranged monster.
 14369 | Lair:5   | 14369 ||| Waiting for ranged monster.
 14370 | Lair:5   | 14370 ||| Waiting for ranged monster.
 14374 | Lair:5   | Gained mutation: You resist negative energy. (rN+) [Deep
                  | Dwarf growth]
 14374 | Lair:5   | Reached XP level 14. HP: 114/126 MP: 14/14
 14375 | Lair:5   | 14375 ||| Waiting for ranged monster.
 14466 | Lair:5   | Found a viscous altar of Jiyva.
 14466 | Lair:5   | Found a staircase to the Slime Pits.
 14742 | Lair:5   | 14742 ||| Stepping ~*~*~tactically~*~*~ (water).
 14749 | Lair:5   | 14749 ||| Stepping ~*~*~tactically~*~*~ (water).
 14771 | Lair:5   | 14771 ||| UPGRADING to onyx ring.
 14773 | Lair:5   | 14773 ||| REMOVING ring of fire.
 14774 | Lair:5   | 14774 ||| UPGRADING to ring of Asabrics {+Blink +Fly rC+
                  | Str-3}.
 14775 | Lair:5   | 14775 ||| UPGRADING to +2 ring of dexterity.
 14777 | Lair:5   | 14777 ||| UPGRADING to ring of protection from fire.
 14903 | Lair:6   | 14903 ||| UPGRADING to runed scarf.
 14913 | Lair:6   | 14913 ||| UPGRADING to +0 cloak of Teyvong {Str+6}.
 14923 | Lair:6   | 14923 ||| DROPPING scarf of repulsion.
 14927 | Lair:6   | 14927 ||| UPGRADING to lumpy fluorescent amulet.
 14928 | Lair:6   | 14928 ||| REMOVING amulet of harm.
 14929 | Lair:6   | 14929 ||| DROPPING amulet of harm.
 14957 | Lair:6   | 14957 ||| Stepping ~*~*~tactically~*~*~ (stealth).
 15014 | Lair:6   | 15014 ||| Stepping ~*~*~tactically~*~*~ (stealth).
 15018 | Lair:6   | 15018 ||| INVOKING Greater Servant of Makhleb.
 15022 | Lair:6   | 15022 ||| SWAPPING to +1 war axe of flaming.
 15027 | Lair:6   | 15027 ||| SWAPPING to +4 war axe of chopping.
 15104 | Lair:6   | 15104 ||| SWAPPING to +1 war axe of flaming.
 15112 | Lair:6   | 15112 ||| SWAPPING to +4 war axe of chopping.
 15129 | Lair:6   | 15129 ||| SWAPPING to +1 war axe of flaming.
 15133 | Lair:6   | 15133 ||| SWAPPING to +4 war axe of chopping.
 15146 | Lair:6   | 15146 ||| UPGRADING to runed chain mail.
 15161 | Lair:6   | Reached skill level 9 in Fighting
 15172 | Lair:6   | 15172 ||| INVOKING Heal Wounds.
 15175 | Lair:6   | 15175 ||| INVOKING Heal Wounds.
 15176 | Lair:6   | 15176 ||| READING 7 scrolls of teleportation.
 15176 | Lair:6   | HP: 29/129 [oklob plant/splash of acid (13)]
 15177 | Lair:6   | 15177 ||| DRINKING 7 potions of heal wounds.
 15178 | Lair:6   | 15178 ||| INVOKING Heal Wounds.
 15179 | Lair:6   | 15179 ||| INVOKING Heal Wounds.
 15181 | Lair:6   | 15181 ||| INVOKING Heal Wounds.
 15248 | Lair:6   | 15248 ||| INVOKING Greater Servant of Makhleb.
 15259 | Lair:6   | 15259 ||| DRINKING 6 potions of cancellation.
 15262 | Lair:6   | 15262 ||| INVOKING Heal Wounds.
 15271 | Lair:6   | 15271 ||| UPGRADING to +0 plate armour.
 15300 | Lair:6   | 15300 ||| UPGRADING to ruby ring.
 15302 | Lair:6   | 15302 ||| REMOVING ring of stealth.
 15303 | Lair:6   | 15303 ||| UPGRADING to +2 ring of dexterity.
 15304 | Lair:6   | 15304 ||| UPGRADING to ring of protection from magic.
 15306 | Lair:6   | 15306 ||| UPGRADING to ring of protection from fire.
 15308 | Lair:6   | 15308 ||| DROPPING ring of stealth.
 15609 | Lair:6   | 15609 ||| INVOKING Greater Servant of Makhleb.
 15674 | Lair:6   | Reached skill level 10 in Armour
 15695 | Lair:6   | Got a scorched lead ring
 15696 | Lair:6   | 15696 ||| UPGRADING to scorched lead ring.
 15697 | Lair:6   | Identified the ring of the Scarab {Str+4 SInv Stlth-} (You
                  | found it on level 6 of the Lair of Beasts)
 15698 | Lair:6   | 15698 ||| DROPPING ring of protection from magic.
 15699 | Lair:6   | 15699 ||| DROPPING ring of Asabrics {+Blink +Fly rC+
                  | Str-3}.
 15700 | Lair:6   | 15700 ||| DROPPING +2 ring of dexterity.
 15758 | Lair:6   | Found a runed translucent door.
 15788 | Lair:6   | 15788 ||| FLEEEEING.
 15789 | Lair:6   | 15789 ||| FLEEEEING.
 15790 | Lair:6   | 15790 ||| FLEEEEING.
 15791 | Lair:6   | 15791 ||| FLEEEEING.
 15792 | Lair:6   | 15792 ||| FLEEEEING.
 15793 | Lair:6   | 15793 ||| FLEEEEING.
 15794 | Lair:6   | 15794 ||| FLEEEEING.
 15795 | Lair:6   | 15795 ||| FLEEEEING.
 15796 | Lair:6   | 15796 ||| FLEEEEING.
 15797 | Lair:6   | 15797 ||| FLEEEEING.
 15798 | Lair:6   | 15798 ||| FLEEEEING.
 15799 | Lair:6   | 15799 ||| FLEEEEING.
 15800 | Lair:6   | 15800 ||| FLEEEEING.
 15801 | Lair:6   | 15801 ||| FLEEEEING.
 15802 | Lair:6   | 15802 ||| FLEEEEING.
 15803 | Lair:6   | 15803 ||| FLEEEEING.
 15804 | Lair:6   | 15804 ||| FLEEEEING.
 15805 | Lair:6   | 15805 ||| FLEEEEING.
 15806 | Lair:6   | 15806 ||| FLEEEEING.
 15807 | Lair:6   | 15807 ||| FLEEEEING.
 15808 | Lair:6   | 15808 ||| FLEEEEING.
 15809 | Lair:6   | 15809 ||| FLEEEEING.
 15810 | Lair:6   | 15810 ||| FLEEEEING.
 15811 | Lair:6   | 15811 ||| FLEEEEING.
 15812 | Lair:6   | 15812 ||| FLEEEEING.
 15813 | Lair:6   | 15813 ||| FLEEEEING.
 15814 | Lair:6   | 15814 ||| FLEEEEING.
 15815 | Lair:6   | 15815 ||| FLEEEEING.
 15816 | Lair:6   | 15816 ||| FLEEEEING.
 15817 | Lair:6   | 15817 ||| FLEEEEING.
 15818 | Lair:6   | 15818 ||| FLEEEEING.
 15819 | Lair:6   | 15819 ||| FLEEEEING.
 15820 | Lair:6   | 15820 ||| FLEEEEING.
 15821 | Lair:6   | 15821 ||| FLEEEEING.
 15822 | Lair:6   | 15822 ||| FLEEEEING.
 15823 | Lair:6   | 15823 ||| FLEEEEING.
 15824 | Lair:6   | 15824 ||| FLEEEEING.
 15825 | Lair:6   | 15825 ||| FLEEEEING.
 15826 | Lair:6   | 15826 ||| FLEEEEING.
 15920 | Lair:6   | 15920 ||| Stepping ~*~*~tactically~*~*~ (stealth).
 15922 | Lair:6   | 15922 ||| Stepping ~*~*~tactically~*~*~ (stealth).
 15926 | Lair:6   | 15926 ||| FLEEEEING.
 15928 | Lair:6   | 15928 ||| FLEEEEING.
 15929 | Lair:6   | 15929 ||| FLEEEEING.
 15930 | Lair:6   | 15930 ||| FLEEEEING.
 15931 | Lair:6   | 15931 ||| FLEEEEING.
 15932 | Lair:6   | 15932 ||| FLEEEEING.
 15933 | Lair:6   | 15933 ||| FLEEEEING.
 15934 | Lair:6   | 15934 ||| FLEEEEING.
 15935 | Lair:6   | 15935 ||| FLEEEEING.
 15936 | Lair:6   | 15936 ||| FLEEEEING.
 15937 | Lair:6   | 15937 ||| FLEEEEING.
 15938 | Lair:6   | 15938 ||| FLEEEEING.
 15939 | Lair:6   | 15939 ||| FLEEEEING.
 15940 | Lair:6   | 15940 ||| FLEEEEING.
 15941 | Lair:6   | 15941 ||| FLEEEEING.
 15942 | Lair:6   | 15942 ||| FLEEEEING.
 15943 | Lair:6   | 15943 ||| FLEEEEING.
 15944 | Lair:6   | 15944 ||| FLEEEEING.
 15945 | Lair:6   | 15945 ||| FLEEEEING.
 15946 | Lair:6   | 15946 ||| FLEEEEING.
 15947 | Lair:6   | 15947 ||| FLEEEEING.
 15948 | Lair:6   | 15948 ||| FLEEEEING.
 15949 | Lair:6   | 15949 ||| FLEEEEING.
 15950 | Lair:6   | 15950 ||| FLEEEEING.
 15951 | Lair:6   | 15951 ||| FLEEEEING.
 15952 | Lair:6   | 15952 ||| FLEEEEING.
 15953 | Lair:6   | 15953 ||| FLEEEEING.
 15954 | Lair:6   | 15954 ||| FLEEEEING.
 15955 | Lair:6   | 15955 ||| FLEEEEING.
 15956 | Lair:6   | 15956 ||| FLEEEEING.
 15957 | Lair:6   | 15957 ||| FLEEEEING.
 15958 | Lair:6   | 15958 ||| FLEEEEING.
 15959 | Lair:6   | 15959 ||| FLEEEEING.
 15960 | Lair:6   | 15960 ||| FLEEEEING.
 15961 | Lair:6   | 15961 ||| FLEEEEING.
 15962 | Lair:6   | 15962 ||| FLEEEEING.
 15963 | Lair:6   | 15963 ||| FLEEEEING.
 15964 | Lair:6   | 15964 ||| FLEEEEING.
 15965 | Lair:6   | 15965 ||| STAIRDANCE
 15970 | Lair:5   | 15970 ||| INVOKING Heal Wounds.
 16010 | Lair:6   | 16010 ||| FLEEEEING.
 16011 | Lair:6   | 16011 ||| FLEEEEING.
 16012 | Lair:6   | 16012 ||| FLEEEEING.
 16014 | Lair:6   | 16014 ||| FLEEEEING.
 16015 | Lair:6   | 16015 ||| FLEEEEING.
 16016 | Lair:6   | 16016 ||| FLEEEEING.
 16017 | Lair:6   | 16017 ||| FLEEEEING.
 16018 | Lair:6   | 16018 ||| FLEEEEING.
 16019 | Lair:6   | 16019 ||| FLEEEEING.
 16020 | Lair:6   | 16020 ||| FLEEEEING.
 16021 | Lair:6   | 16021 ||| FLEEEEING.
 16022 | Lair:6   | 16022 ||| FLEEEEING.
 16023 | Lair:6   | 16023 ||| FLEEEEING.
 16024 | Lair:6   | 16024 ||| FLEEEEING.
 16025 | Lair:6   | 16025 ||| FLEEEEING.
 16026 | Lair:6   | 16026 ||| FLEEEEING.
 16027 | Lair:6   | 16027 ||| FLEEEEING.
 16028 | Lair:6   | 16028 ||| FLEEEEING.
 16029 | Lair:6   | 16029 ||| FLEEEEING.
 16030 | Lair:6   | 16030 ||| FLEEEEING.
 16031 | Lair:6   | 16031 ||| FLEEEEING.
 16032 | Lair:6   | 16032 ||| FLEEEEING.
 16105 | Lair:6   | 16105 ||| Stepping ~*~*~tactically~*~*~ (hiding).
 16106 | Lair:6   | 16106 ||| Waiting for ranged monster.
 16107 | Lair:6   | 16107 ||| Waiting for ranged monster.
 16108 | Lair:6   | 16108 ||| Waiting for ranged monster.
 16567 | Lair:6   | 16567 ||| INVOKING Greater Servant of Makhleb.
 16568 | Lair:6   | 16568 ||| READING 7 scrolls of teleportation.
 16574 | Lair:6   | 16574 ||| READING 6 scrolls of teleportation.
 16575 | Lair:6   | 16575 ||| INVOKING Heal Wounds.
 16580 | Lair:6   | 16580 ||| INVOKING Heal Wounds.
 16828 | Orc:1    | Entered Level 1 of the Orcish Mines
 16829 | Orc:1    | 16829 ||| Entered O.
 16830 | Orc:1    | 16830 ||| EATING 35 rations.
 16914 | Orc:1    | Found a transporter.
 16925 | Orc:1    | Found a roughly hewn altar of Beogh.
 16925 | Orc:1    | Found a transporter.
 16942 | Orc:1    | 16942 ||| Stepping ~*~*~tactically~*~*~ (stealth).
 17213 | Orc:2    | Entered Level 2 of the Orcish Mines
 17215 | Orc:2    | 17215 ||| STAIRDANCE
 17282 | Orc:2    | Reached skill level 12 in Shields
 17304 | Orc:2    | Noticed Erolcha
 17305 | Orc:2    | 17305 ||| INVOKING Greater Servant of Makhleb.
 17311 | Orc:2    | Killed Erolcha
 17438 | Orc:2    | 17438 ||| Stepping ~*~*~tactically~*~*~ (stealth).
 17439 | Orc:2    | 17439 ||| Stepping ~*~*~tactically~*~*~ (stealth).
 17440 | Orc:2    | 17440 ||| Stepping ~*~*~tactically~*~*~ (stealth).
 17441 | Orc:2    | 17441 ||| Stepping ~*~*~tactically~*~*~ (stealth).
 17448 | Orc:2    | 17448 ||| Stepping ~*~*~tactically~*~*~ (hiding).
 17449 | Orc:2    | 17449 ||| Stepping ~*~*~tactically~*~*~ (hiding).
 17450 | Orc:2    | 17450 ||| Stepping ~*~*~tactically~*~*~ (hiding).
 17451 | Orc:2    | 17451 ||| Stepping ~*~*~tactically~*~*~ (hiding).
 17452 | Orc:2    | 17452 ||| Waiting for ranged monster.
 17458 | Orc:2    | 17458 ||| Waiting for ranged monster.
 17459 | Orc:2    | 17459 ||| Waiting for ranged monster.
 17460 | Orc:2    | 17460 ||| Waiting for ranged monster.
 17468 | Orc:2    | 17468 ||| Stepping ~*~*~tactically~*~*~ (stealth).
 17475 | Orc:2    | 17475 ||| Stepping ~*~*~tactically~*~*~ (stealth).
 17476 | Orc:2    | 17476 ||| Stepping ~*~*~tactically~*~*~ (stealth).
 17477 | Orc:2    | 17477 ||| Stepping ~*~*~tactically~*~*~ (stealth).
 17478 | Orc:2    | 17478 ||| Stepping ~*~*~tactically~*~*~ (stealth).
 17481 | Orc:2    | 17481 ||| Stepping ~*~*~tactically~*~*~ (hiding).
 17482 | Orc:2    | 17482 ||| Stepping ~*~*~tactically~*~*~ (hiding).
 17483 | Orc:2    | 17483 ||| Stepping ~*~*~tactically~*~*~ (hiding).
 17484 | Orc:2    | 17484 ||| Stepping ~*~*~tactically~*~*~ (hiding).
 17485 | Orc:2    | 17485 ||| Waiting for ranged monster.
 17486 | Orc:2    | 17486 ||| Waiting for ranged monster.
 17487 | Orc:2    | 17487 ||| Waiting for ranged monster.
 17488 | Orc:2    | 17488 ||| Waiting for ranged monster.
 17489 | Orc:2    | 17489 ||| Waiting for ranged monster.
 17490 | Orc:2    | 17490 ||| Waiting for ranged monster.
 17524 | Orc:2    | 17524 ||| Stepping ~*~*~tactically~*~*~ (stealth).
 17525 | Orc:2    | 17525 ||| Stepping ~*~*~tactically~*~*~ (stealth).
 17633 | Orc:2    | 17633 ||| UPGRADING to pair of gloves.
 17660 | Orc:2    | 17660 ||| Stepping ~*~*~tactically~*~*~ (hiding).
 17661 | Orc:2    | 17661 ||| Waiting for ranged monster.
 17662 | Orc:2    | 17662 ||| Waiting for ranged monster.
 17663 | Orc:2    | 17663 ||| Stepping ~*~*~tactically~*~*~ (hiding).
 17664 | Orc:2    | 17664 ||| Waiting for ranged monster.
 17678 | Orc:2    | 17678 ||| Stepping ~*~*~tactically~*~*~ (hiding).
 17679 | Orc:2    | 17679 ||| Stepping ~*~*~tactically~*~*~ (hiding).
 17680 | Orc:2    | 17680 ||| Waiting for ranged monster.
 17681 | Orc:2    | 17681 ||| Waiting for ranged monster.
 17688 | Orc:2    | Noticed an orc warlord
 17689 | Orc:2    | 17689 ||| INVOKING Greater Servant of Makhleb.
 17690 | Orc:2    | 17690 ||| READING 5 scrolls of teleportation.
 17694 | Orc:2    | 17694 ||| Stepping ~*~*~tactically~*~*~ (water).
 17746 | Orc:2    | Lost mutation: Your mind is acute. (Int +2) [evolution]
 17804 | Orc:2    | Found Zoussar's Gadget Shoppe.
 17822 | Orc:2    | Found Ethryepn's Antique Weapon Emporium.
 17841 | Orc:2    | Bought a runed broad axe for 203 gold pieces
 17841 | Orc:2    | 17841 ||| SWAPPING to runed broad axe.
 17842 | Orc:2    | 17842 ||| DROPPING +4 war axe of chopping.
 17867 | Orc:2    | 17867 ||| UPGRADING to +2 chain mail of poison resistance.
 17884 | Orc:2    | Found a roughly hewn altar of Beogh.
 17885 | Orc:2    | 17885 ||| Stepping ~*~*~tactically~*~*~ (hiding).
 17891 | Orc:2    | 17891 ||| Stepping ~*~*~tactically~*~*~ (hiding).
 17893 | Orc:2    | 17893 ||| Waiting for ranged monster.
 17894 | Orc:2    | 17894 ||| Waiting for ranged monster.
 17895 | Orc:2    | 17895 ||| Waiting for ranged monster.
 17899 | Orc:2    | 17899 ||| Waiting for ranged monster.
 17900 | Orc:2    | 17900 ||| Waiting for ranged monster.
 18012 | Orc:2    | 18012 ||| Stepping ~*~*~tactically~*~*~ (stealth).
 18019 | Orc:2    | 18019 ||| Stepping ~*~*~tactically~*~*~ (stealth).
 18053 | Orc:2    | 18053 ||| Stepping ~*~*~tactically~*~*~ (stealth).
 18054 | Orc:2    | 18054 ||| Stepping ~*~*~tactically~*~*~ (stealth).
 18055 | Orc:2    | 18055 ||| Stepping ~*~*~tactically~*~*~ (stealth).
 18056 | Orc:2    | 18056 ||| Stepping ~*~*~tactically~*~*~ (stealth).
 18057 | Orc:2    | 18057 ||| Stepping ~*~*~tactically~*~*~ (stealth).
 18058 | Orc:2    | 18058 ||| Stepping ~*~*~tactically~*~*~ (stealth).
 18059 | Orc:2    | 18059 ||| Stepping ~*~*~tactically~*~*~ (stealth).
 18072 | Orc:2    | 18072 ||| Stepping ~*~*~tactically~*~*~ (stealth).
 18205 | Orc:2    | 18205 ||| Stepping ~*~*~tactically~*~*~ (stealth).
 18206 | Orc:2    | 18206 ||| Stepping ~*~*~tactically~*~*~ (stealth).
 18212 | Orc:2    | 18212 ||| Stepping ~*~*~tactically~*~*~ (stealth).
 18213 | Orc:2    | 18213 ||| Stepping ~*~*~tactically~*~*~ (stealth).
 18216 | Orc:2    | 18216 ||| Stepping ~*~*~tactically~*~*~ (hiding).
 18217 | Orc:2    | 18217 ||| Stepping ~*~*~tactically~*~*~ (hiding).
 18218 | Orc:2    | 18218 ||| Waiting for ranged monster.
 18219 | Orc:2    | 18219 ||| Stepping ~*~*~tactically~*~*~ (hiding).
 18220 | Orc:2    | 18220 ||| Stepping ~*~*~tactically~*~*~ (hiding).
 18221 | Orc:2    | 18221 ||| Waiting for ranged monster.
 18222 | Orc:2    | 18222 ||| Waiting for ranged monster.
 18225 | Orc:2    | 18225 ||| Waiting for ranged monster.
 18226 | Orc:2    | 18226 ||| Waiting for ranged monster.
 18227 | Orc:2    | 18227 ||| Waiting for ranged monster.
 18228 | Orc:2    | 18228 ||| Waiting for ranged monster.
 18229 | Orc:2    | 18229 ||| Waiting for ranged monster.
 18237 | Orc:2    | 18237 ||| Stepping ~*~*~tactically~*~*~ (stealth).
 18252 | Orc:2    | 18252 ||| Stepping ~*~*~tactically~*~*~ (hiding).
 18253 | Orc:2    | 18253 ||| Stepping ~*~*~tactically~*~*~ (hiding).
 18254 | Orc:2    | 18254 ||| Stepping ~*~*~tactically~*~*~ (hiding).
 18255 | Orc:2    | 18255 ||| Stepping ~*~*~tactically~*~*~ (hiding).
 18256 | Orc:2    | 18256 ||| Stepping ~*~*~tactically~*~*~ (hiding).
 18257 | Orc:2    | 18257 ||| Stepping ~*~*~tactically~*~*~ (hiding).
 18258 | Orc:2    | 18258 ||| Stepping ~*~*~tactically~*~*~ (hiding).
 18259 | Orc:2    | 18259 ||| Stepping ~*~*~tactically~*~*~ (hiding).
 18263 | Orc:2    | 18263 ||| Stepping ~*~*~tactically~*~*~ (hiding).
 18265 | Orc:2    | 18265 ||| Waiting for ranged monster.
 18272 | Orc:2    | 18272 ||| Waiting for ranged monster.
 18286 | Orc:2    | Found a roughly hewn altar of Beogh.
 18287 | Orc:2    | 18287 ||| INVOKING Greater Servant of Makhleb.
 18298 | Orc:2    | Killed an orc warlord
 18312 | Orc:2    | Found Cezxi Oni's Gadget Emporium.
 18451 | Orc:2    | 18451 ||| Stepping ~*~*~tactically~*~*~ (stealth).
 18453 | Orc:2    | 18453 ||| Stepping ~*~*~tactically~*~*~ (stealth).
 18454 | Orc:2    | 18454 ||| Stepping ~*~*~tactically~*~*~ (stealth).
 18468 | Orc:2    | 18468 ||| Stepping ~*~*~tactically~*~*~ (stealth).
 18469 | Orc:2    | 18469 ||| Stepping ~*~*~tactically~*~*~ (stealth).
 18488 | Orc:2    | Reached XP level 15. HP: 136/136 MP: 13/13
 18525 | Orc:2    | 18525 ||| Stepping ~*~*~tactically~*~*~ (stealth).
 18526 | Orc:2    | 18526 ||| Stepping ~*~*~tactically~*~*~ (stealth).
 18527 | Orc:2    | 18527 ||| Stepping ~*~*~tactically~*~*~ (stealth).
 18530 | Orc:2    | 18530 ||| Stepping ~*~*~tactically~*~*~ (stealth).
 18531 | Orc:2    | 18531 ||| Stepping ~*~*~tactically~*~*~ (stealth).
 18532 | Orc:2    | 18532 ||| Stepping ~*~*~tactically~*~*~ (stealth).
 18533 | Orc:2    | 18533 ||| Stepping ~*~*~tactically~*~*~ (stealth).
 18534 | Orc:2    | 18534 ||| Stepping ~*~*~tactically~*~*~ (stealth).
 18535 | Orc:2    | 18535 ||| Stepping ~*~*~tactically~*~*~ (stealth).
 18536 | Orc:2    | 18536 ||| Stepping ~*~*~tactically~*~*~ (stealth).
 18546 | Orc:2    | 18546 ||| Stepping ~*~*~tactically~*~*~ (stealth).
 18547 | Orc:2    | 18547 ||| Stepping ~*~*~tactically~*~*~ (stealth).
 18549 | Orc:2    | 18549 ||| Stepping ~*~*~tactically~*~*~ (stealth).
 18610 | Orc:2    | Found Zoseqagg's Antique Weapon Shop.
 18670 | Orc:2    | 18670 ||| Stepping ~*~*~tactically~*~*~ (stealth).
 18684 | Orc:2    | 18684 ||| Stepping ~*~*~tactically~*~*~ (stealth).
 18685 | Orc:2    | 18685 ||| Stepping ~*~*~tactically~*~*~ (hiding).
 18686 | Orc:2    | 18686 ||| Stepping ~*~*~tactically~*~*~ (hiding).
 18967 | Orc:2    | Found a staircase to the Elven Halls.
 19220 | D:12     | 19220 ||| Stepping ~*~*~tactically~*~*~ (stealth).
 19225 | D:12     | 19225 ||| Stepping ~*~*~tactically~*~*~ (stealth).
 19234 | D:12     | 19234 ||| Stepping ~*~*~tactically~*~*~ (stealth).
 19235 | D:12     | 19235 ||| Stepping ~*~*~tactically~*~*~ (stealth).
 19236 | D:12     | 19236 ||| Stepping ~*~*~tactically~*~*~ (stealth).
 19244 | D:12     | 19244 ||| Stepping ~*~*~tactically~*~*~ (stealth).
 19246 | D:12     | 19246 ||| Stepping ~*~*~tactically~*~*~ (stealth).
 19252 | D:12     | 19252 ||| READING 4 scrolls of teleportation.
 19253 | D:12     | 19253 ||| FLEEEEING.
 19254 | D:12     | 19254 ||| FLEEEEING.
 19255 | D:12     | 19255 ||| FLEEEEING.
 19256 | D:12     | 19256 ||| FLEEEEING.
 19378 | D:12     | 19378 ||| READING 3 scrolls of teleportation.
 19379 | D:12     | 19379 ||| FLEEEEING.
 19380 | D:12     | 19380 ||| FLEEEEING.
 19381 | D:12     | 19381 ||| FLEEEEING.
 19382 | D:12     | 19382 ||| FLEEEEING.
 19504 | D:12     | 19504 ||| Stepping ~*~*~tactically~*~*~ (stealth).
 19505 | D:12     | 19505 ||| Stepping ~*~*~tactically~*~*~ (stealth).
 19990 | D:12     | 19990 ||| Stepping ~*~*~tactically~*~*~ (stealth).
 19993 | D:12     | 19993 ||| Stepping ~*~*~tactically~*~*~ (stealth).
 19994 | D:12     | 19994 ||| Stepping ~*~*~tactically~*~*~ (stealth).
 19996 | D:12     | 19996 ||| Stepping ~*~*~tactically~*~*~ (stealth).
 20001 | D:12     | 20001 ||| Stepping ~*~*~tactically~*~*~ (stealth).
 20009 | D:12     | 20009 ||| Stepping ~*~*~tactically~*~*~ (stealth).
 20012 | D:12     | 20012 ||| Stepping ~*~*~tactically~*~*~ (stealth).
 20061 | D:13     | 20061 ||| STAIRDANCE
 20070 | D:13     | 20070 ||| STAIRDANCE
 20259 | D:13     | 20259 ||| INVOKING Greater Servant of Makhleb.
 20261 | D:13     | 20261 ||| SWAPPING to +1 war axe of flaming.
 20262 | D:13     | 20262 ||| SWAPPING to +6 broad axe of electrocution.
 20264 | D:13     | 20264 ||| SWAPPING to +1 war axe of flaming.
 20270 | D:13     | 20270 ||| SWAPPING to +6 broad axe of electrocution.
 20329 | D:13     | Found a gate to the Vaults.
 20348 | D:13     | Noticed Kirke
 20358 | D:13     | Killed Kirke
 20392 | D:13     | Reached skill level 18 in Axes
 20408 | D:13     | 20408 ||| FLEEEEING.
 20409 | D:13     | 20409 ||| FLEEEEING.
 20410 | D:13     | 20410 ||| FLEEEEING.
 20411 | D:13     | 20411 ||| FLEEEEING.
 20412 | D:13     | 20412 ||| FLEEEEING.
 20413 | D:13     | 20413 ||| FLEEEEING.
 20414 | D:13     | 20414 ||| FLEEEEING.
 20415 | D:13     | 20415 ||| FLEEEEING.
 20416 | D:13     | 20416 ||| FLEEEEING.
 20417 | D:13     | 20417 ||| FLEEEEING.
 20473 | D:13     | 20473 ||| Stepping ~*~*~tactically~*~*~ (stealth).
 20487 | D:13     | 20487 ||| INVOKING Greater Servant of Makhleb.
 20752 | D:13     | Gained mutation: You are robust. (+10% HP) [evolution]
 20785 | D:13     | 20785 ||| READING scroll labeled ALIHAU JEGATAW.
 20832 | D:14     | 20832 ||| Stepping ~*~*~tactically~*~*~ (hiding).
 20833 | D:14     | 20833 ||| Stepping ~*~*~tactically~*~*~ (hiding).
 20834 | D:14     | 20834 ||| Stepping ~*~*~tactically~*~*~ (hiding).
 20835 | D:14     | 20835 ||| Stepping ~*~*~tactically~*~*~ (hiding).
 20836 | D:14     | 20836 ||| Stepping ~*~*~tactically~*~*~ (hiding).
 20837 | D:14     | 20837 ||| Stepping ~*~*~tactically~*~*~ (hiding).
 20838 | D:14     | 20838 ||| Stepping ~*~*~tactically~*~*~ (hiding).
 20885 | D:14     | 20885 ||| FLEEEEING.
 20886 | D:14     | 20886 ||| FLEEEEING.
 20887 | D:14     | 20887 ||| FLEEEEING.
 20888 | D:14     | 20888 ||| STILL FLEEEEING.
 20889 | D:14     | 20889 ||| STILL FLEEEEING.
 20890 | D:14     | 20890 ||| STILL FLEEEEING.
 20891 | D:14     | 20891 ||| STILL FLEEEEING.
 20892 | D:14     | 20892 ||| STILL FLEEEEING.
 20893 | D:14     | 20893 ||| STILL FLEEEEING.
 20894 | D:14     | 20894 ||| STILL FLEEEEING.
 20895 | D:14     | 20895 ||| STILL FLEEEEING.
 20896 | D:14     | 20896 ||| STILL FLEEEEING.
 20898 | D:14     | 20898 ||| Stepping ~*~*~tactically~*~*~ (hiding).
 20899 | D:14     | 20899 ||| Stepping ~*~*~tactically~*~*~ (hiding).
 20919 | D:14     | Noticed Frances
 20920 | D:14     | 20920 ||| INVOKING Greater Servant of Makhleb.
 20936 | D:14     | Killed Frances
 20981 | D:14     | Found Anycilli's Food Shop.
 21212 | D:14     | 21212 ||| Stepping ~*~*~tactically~*~*~ (hiding).
 21213 | D:14     | 21213 ||| Waiting for ranged monster.
 21214 | D:14     | 21214 ||| Waiting for ranged monster.
 21215 | D:14     | 21215 ||| Waiting for ranged monster.
 21216 | D:14     | 21216 ||| Waiting for ranged monster.
 21217 | D:14     | 21217 ||| Waiting for ranged monster.
 21218 | D:14     | 21218 ||| Waiting for ranged monster.
 21219 | D:14     | 21219 ||| Waiting for ranged monster.
 21220 | D:14     | 21220 ||| Waiting for ranged monster.
 21233 | D:14     | 21233 ||| Stepping ~*~*~tactically~*~*~ (stealth).
 21242 | D:14     | Noticed Azrael
 21262 | D:14     | Killed Azrael
 21368 | D:14     | 21368 ||| Stepping ~*~*~tactically~*~*~ (hiding).
 21369 | D:14     | 21369 ||| Stepping ~*~*~tactically~*~*~ (hiding).
 21370 | D:14     | 21370 ||| Stepping ~*~*~tactically~*~*~ (hiding).
 21371 | D:14     | 21371 ||| Stepping ~*~*~tactically~*~*~ (hiding).
 21372 | D:14     | 21372 ||| Stepping ~*~*~tactically~*~*~ (hiding).
 21373 | D:14     | 21373 ||| Waiting for ranged monster.
 21374 | D:14     | 21374 ||| Waiting for ranged monster.
 21375 | D:14     | 21375 ||| Waiting for ranged monster.
 21378 | D:14     | 21378 ||| Waiting for ranged monster.
 21379 | D:14     | 21379 ||| Waiting for ranged monster.
 21380 | D:14     | 21380 ||| Waiting for ranged monster.
 21381 | D:14     | 21381 ||| Waiting for ranged monster.
 21394 | D:14     | Reached ****** piety under Makhleb
 21404 | D:14     | Noticed Jorgrun
 21405 | D:14     | 21405 ||| Stepping ~*~*~tactically~*~*~ (stealth).
 21406 | D:14     | 21406 ||| Stepping ~*~*~tactically~*~*~ (stealth).
 21407 | D:14     | 21407 ||| Stepping ~*~*~tactically~*~*~ (stealth).
 21438 | D:14     | Identified the +7 war axe of Urgency {holy, MP+9}
 21457 | D:14     | Killed Jorgrun
 21457 | D:14     | Reached skill level 9 in Dodging
 21493 | D:14     | 21493 ||| Stepping ~*~*~tactically~*~*~ (hiding).
 21494 | D:14     | 21494 ||| Waiting for ranged monster.
 21495 | D:14     | 21495 ||| Waiting for ranged monster.
 21496 | D:14     | 21496 ||| Waiting for ranged monster.
 21497 | D:14     | 21497 ||| Waiting for ranged monster.
 21499 | D:14     | 21499 ||| Waiting for ranged monster.
 21501 | D:14     | 21501 ||| Stepping ~*~*~tactically~*~*~ (hiding).
 21506 | D:14     | 21506 ||| Waiting for ranged monster.
 21507 | D:14     | 21507 ||| Waiting for ranged monster.
 21508 | D:14     | 21508 ||| Waiting for ranged monster.
 21509 | D:14     | 21509 ||| Waiting for ranged monster.
 21510 | D:14     | 21510 ||| Waiting for ranged monster.
 21622 | D:14     | Found the +12 glaive of Prune {chop}
 21723 | D:15     | Entered Level 15 of the Dungeon
 21765 | D:15     | 21765 ||| Stepping ~*~*~tactically~*~*~ (hiding).
 21766 | D:15     | 21766 ||| Waiting for ranged monster.
 21767 | D:15     | 21767 ||| Stepping ~*~*~tactically~*~*~ (hiding).
 21768 | D:15     | 21768 ||| Stepping ~*~*~tactically~*~*~ (hiding).
 21769 | D:15     | 21769 ||| Waiting for ranged monster.
 21770 | D:15     | 21770 ||| Stepping ~*~*~tactically~*~*~ (hiding).
 21771 | D:15     | 21771 ||| Stepping ~*~*~tactically~*~*~ (hiding).
 21772 | D:15     | 21772 ||| Waiting for ranged monster.
 21773 | D:15     | 21773 ||| Stepping ~*~*~tactically~*~*~ (hiding).
 21774 | D:15     | 21774 ||| Waiting for ranged monster.
 21775 | D:15     | 21775 ||| Waiting for ranged monster.
 21776 | D:15     | 21776 ||| Waiting for ranged monster.
 21777 | D:15     | 21777 ||| Waiting for ranged monster.
 21778 | D:15     | 21778 ||| Waiting for ranged monster.
 21779 | D:15     | 21779 ||| Waiting for ranged monster.
 21780 | D:15     | 21780 ||| Waiting for ranged monster.
 21781 | D:15     | 21781 ||| Waiting for ranged monster.
 21790 | D:15     | Gained mutation: You have a pair of small antennae on your
                  | head. [evolution]
 21845 | D:15     | 21845 ||| Stepping ~*~*~tactically~*~*~ (stealth).
 21877 | D:15     | 21877 ||| Stepping ~*~*~tactically~*~*~ (stealth).
 21910 | D:15     | 21910 ||| INVOKING Greater Servant of Makhleb.
 21913 | D:15     | 21913 ||| SWAPPING to +1 war axe of flaming.
 21914 | D:15     | Reached skill level 11 in Armour
 21915 | D:15     | 21915 ||| SWAPPING to +6 broad axe of electrocution.
 22182 | D:15     | 22182 ||| Stepping ~*~*~tactically~*~*~ (stealth).
 22184 | D:15     | 22184 ||| Stepping ~*~*~tactically~*~*~ (stealth).
 22191 | D:15     | Reached XP level 16. HP: 161/161 MP: 14/14
 22246 | D:15     | 22246 ||| INVOKING Greater Servant of Makhleb.
 22247 | D:15     | 22247 ||| READING 2 scrolls of teleportation.
 22248 | D:15     | 22248 ||| INVOKING MAJOR DESTRUCTION
 22489 | D:15     | 22489 ||| Stepping ~*~*~tactically~*~*~ (hiding).
 22490 | D:15     | 22490 ||| Stepping ~*~*~tactically~*~*~ (hiding).
 22491 | D:15     | 22491 ||| Stepping ~*~*~tactically~*~*~ (hiding).
 22492 | D:15     | 22492 ||| Stepping ~*~*~tactically~*~*~ (hiding).
 22493 | D:15     | 22493 ||| Waiting for ranged monster.
 22494 | D:15     | 22494 ||| Stepping ~*~*~tactically~*~*~ (hiding).
 22495 | D:15     | 22495 ||| Stepping ~*~*~tactically~*~*~ (hiding).
 22496 | D:15     | 22496 ||| Stepping ~*~*~tactically~*~*~ (hiding).
 22502 | D:15     | 22502 ||| Waiting for ranged monster.
 22503 | D:15     | 22503 ||| Waiting for ranged monster.
 22504 | D:15     | 22504 ||| Waiting for ranged monster.
 22505 | D:15     | 22505 ||| Waiting for ranged monster.
 22508 | D:15     | 22508 ||| UPGRADING to amulet of faith.
 22563 | D:15     | 22563 ||| Stepping ~*~*~tactically~*~*~ (hiding).
 22564 | D:15     | 22564 ||| Stepping ~*~*~tactically~*~*~ (hiding).
 22565 | D:15     | 22565 ||| Waiting for ranged monster.
 22566 | D:15     | 22566 ||| Waiting for ranged monster.
 22567 | D:15     | 22567 ||| Waiting for ranged monster.
 22571 | D:15     | 22571 ||| Waiting for ranged monster.
 22572 | D:15     | 22572 ||| Waiting for ranged monster.
 22573 | D:15     | 22573 ||| Waiting for ranged monster.
 22718 | D:15     | 22718 ||| INVOKING Greater Servant of Makhleb.
 22733 | D:15     | Found a stormy altar of Qazlal.
 22831 | D:15     | 22831 ||| Stepping ~*~*~tactically~*~*~ (stealth).
 22832 | D:15     | Found a staircase to the Depths.
 23078 | Lair:3   | 23078 ||| EATING 50 rations.
 23318 | Swamp:1  | Entered Level 1 of the Swamp
 23319 | Swamp:1  | 23319 ||| Entered S.
 23327 | Swamp:1  | 23327 ||| Stepping ~*~*~tactically~*~*~ (water).
 23334 | Swamp:1  | 23334 ||| INVOKING Greater Servant of Makhleb.
 23336 | Swamp:1  | 23336 ||| SWAPPING to +1 war axe of flaming.
 23338 | Swamp:1  | 23338 ||| Stepping ~*~*~tactically~*~*~ (water).
 23342 | Swamp:1  | 23342 ||| SWAPPING to +6 broad axe of electrocution.
 23361 | Swamp:1  | 23361 ||| Stepping ~*~*~tactically~*~*~ (water).
 23363 | Swamp:1  | 23363 ||| Stepping ~*~*~tactically~*~*~ (water).
 23370 | Swamp:1  | 23370 ||| INVOKING Greater Servant of Makhleb.
 23375 | Swamp:1  | 23375 ||| SWAPPING to +1 war axe of flaming.
 23377 | Swamp:1  | Paralysed by a hornet for 2 turns
 23383 | Swamp:1  | 23383 ||| SWAPPING to +6 broad axe of electrocution.
 23403 | Swamp:1  | 23403 ||| Stepping randomly (cloudy).
 23404 | Swamp:1  | 23404 ||| Stepping randomly (cloudy).
 23411 | Swamp:1  | 23411 ||| INVOKING MAJOR DESTRUCTION
 23412 | Swamp:1  | 23412 ||| INVOKING MAJOR DESTRUCTION
 23413 | Swamp:1  | 23413 ||| INVOKING MAJOR DESTRUCTION
 23414 | Swamp:1  | 23414 ||| INVOKING MAJOR DESTRUCTION
 23415 | Swamp:1  | 23415 ||| INVOKING MAJOR DESTRUCTION
 23416 | Swamp:1  | 23416 ||| INVOKING MAJOR DESTRUCTION
 23417 | Swamp:1  | 23417 ||| INVOKING MAJOR DESTRUCTION
 23418 | Swamp:1  | 23418 ||| DRINKING 6 potions of heal wounds.
 23419 | Swamp:1  | 23419 ||| DRINKING 5 potions of heal wounds.
 23420 | Swamp:1  | 23420 ||| INVOKING MAJOR DESTRUCTION
 23421 | Swamp:1  | 23421 ||| DRINKING 4 potions of heal wounds.
 23422 | Swamp:1  | 23422 ||| DRINKING 3 potions of heal wounds.
 23425 | Swamp:1  | 23425 ||| DRINKING 2 potions of heal wounds.
 23426 | Swamp:1  | 23426 ||| Stepping ~*~*~tactically~*~*~ (cloud).
 23501 | Swamp:1  | 23501 ||| Stepping ~*~*~tactically~*~*~ (hiding).
 23502 | Swamp:1  | 23502 ||| Waiting for ranged monster.
 23503 | Swamp:1  | 23503 ||| Waiting for ranged monster.
 23504 | Swamp:1  | 23504 ||| Waiting for ranged monster.
 23509 | Swamp:1  | 23509 ||| Stepping ~*~*~tactically~*~*~ (stealth).
 23624 | Swamp:1  | Noticed a thorn hunter
 23625 | Swamp:1  | 23625 ||| Stepping ~*~*~tactically~*~*~ (hiding).
 23626 | Swamp:1  | 23626 ||| Stepping ~*~*~tactically~*~*~ (hiding).
 23627 | Swamp:1  | 23627 ||| Waiting for ranged monster.
 23628 | Swamp:1  | 23628 ||| Waiting for ranged monster.
 23629 | Swamp:1  | 23629 ||| Waiting for ranged monster.
 23630 | Swamp:1  | 23630 ||| INVOKING Greater Servant of Makhleb.
 23636 | Swamp:1  | Killed a thorn hunter
 23660 | Swamp:1  | Noticed Louise
 23663 | Swamp:1  | 23663 ||| Stepping ~*~*~tactically~*~*~ (water).
 23668 | Swamp:1  | 23668 ||| INVOKING Greater Servant of Makhleb.
 23675 | Swamp:1  | Killed Louise
 23678 | Swamp:1  | 23678 ||| UPGRADING to +0 large shield.
 23688 | Swamp:1  | 23688 ||| DROPPING +0 shield.
 23696 | Swamp:1  | 23696 ||| Stepping ~*~*~tactically~*~*~ (water).
 23715 | Swamp:1  | 23715 ||| Stepping ~*~*~tactically~*~*~ (water).
 23850 | Swamp:1  | 23850 ||| Stepping ~*~*~tactically~*~*~ (stealth).
 24021 | Swamp:2  | 24021 ||| INVOKING Greater Servant of Makhleb.
 24021 | Swamp:2  | Noticed an Executioner
 24022 | Swamp:2  | 24022 ||| READING 2 scrolls of teleportation.
 24023 | Swamp:2  | 24023 ||| INVOKING MAJOR DESTRUCTION
 24024 | Swamp:2  | 24024 ||| INVOKING MAJOR DESTRUCTION
 24031 | Swamp:2  | 24031 ||| Stepping ~*~*~tactically~*~*~ (stealth).
 24123 | Swamp:2  | 24123 ||| EATING 51 rations.
 24152 | Swamp:2  | 24152 ||| Stepping ~*~*~tactically~*~*~ (stealth).
 24153 | Swamp:2  | 24153 ||| Stepping ~*~*~tactically~*~*~ (stealth).
 24156 | Swamp:2  | 24156 ||| Stepping ~*~*~tactically~*~*~ (stealth).
 24157 | Swamp:2  | 24157 ||| Stepping ~*~*~tactically~*~*~ (stealth).
 24162 | Swamp:2  | 24162 ||| Stepping ~*~*~tactically~*~*~ (stealth).
 24163 | Swamp:2  | 24163 ||| Stepping ~*~*~tactically~*~*~ (stealth).
 24198 | Swamp:2  | 24198 ||| Stepping ~*~*~tactically~*~*~ (hiding).
 24199 | Swamp:2  | 24199 ||| Waiting for ranged monster.
 24200 | Swamp:2  | 24200 ||| Waiting for ranged monster.
 24201 | Swamp:2  | 24201 ||| Waiting for ranged monster.
 24202 | Swamp:2  | 24202 ||| Waiting for ranged monster.
 24207 | Swamp:2  | 24207 ||| Waiting for ranged monster.
 24263 | Swamp:2  | 24263 ||| Stepping ~*~*~tactically~*~*~ (stealth).
 24265 | Swamp:2  | 24265 ||| Stepping ~*~*~tactically~*~*~ (stealth).
 24270 | Swamp:2  | 24270 ||| Stepping ~*~*~tactically~*~*~ (stealth).
 24273 | Swamp:2  | 24273 ||| Stepping ~*~*~tactically~*~*~ (stealth).
 24274 | Swamp:2  | 24274 ||| Stepping ~*~*~tactically~*~*~ (stealth).
 24275 | Swamp:2  | 24275 ||| Stepping ~*~*~tactically~*~*~ (stealth).
 24284 | Swamp:2  | Reached skill level 12 in Armour
 24369 | Swamp:2  | 24369 ||| INVOKING Greater Servant of Makhleb.
 24373 | Swamp:2  | 24373 ||| SWAPPING to +1 war axe of flaming.
 24379 | Swamp:2  | 24379 ||| SWAPPING to +6 broad axe of electrocution.
 24404 | Swamp:2  | 24404 ||| Stepping ~*~*~tactically~*~*~ (water).
 24406 | Swamp:2  | 24406 ||| SWAPPING to +1 war axe of flaming.
 24411 | Swamp:2  | 24411 ||| SWAPPING to +6 broad axe of electrocution.
 24414 | Swamp:2  | 24414 ||| Stepping ~*~*~tactically~*~*~ (water).
 24442 | Swamp:2  | Noticed a thorn hunter
 24452 | Swamp:2  | 24452 ||| INVOKING Greater Servant of Makhleb.
 24453 | Swamp:2  | 24453 ||| READING scroll of teleportation.
 24454 | Swamp:2  | 24454 ||| Stepping ~*~*~tactically~*~*~ (water).
 24457 | Swamp:2  | Found an ancient bone altar of Kikubaaqudgha.
 24457 | Swamp:2  | Noticed a thorn hunter
 24458 | Swamp:2  | 24458 ||| INVOKING Greater Servant of Makhleb.
 24459 | Swamp:2  | 24459 ||| SWAPPING to +1 war axe of flaming.
 24460 | Swamp:2  | 24460 ||| Stepping ~*~*~tactically~*~*~ (water).
 24465 | Swamp:2  | 24465 ||| DRINKING 2 potions of heal wounds.
 24469 | Swamp:2  | 24469 ||| DRINKING potion of heal wounds.
 24470 | Swamp:2  | 24470 ||| INVOKING Heal Wounds.
 24471 | Swamp:2  | 24471 ||| INVOKING Greater Servant of Makhleb.
 24472 | Swamp:2  | 24472 ||| INVOKING Heal Wounds.
 24476 | Swamp:2  | 24476 ||| SWAPPING to +6 broad axe of electrocution.
 24480 | Swamp:2  | Killed a thorn hunter
 24629 | Swamp:2  | 24629 ||| SWAPPING to +1 war axe of flaming.
 24630 | Swamp:2  | 24630 ||| Stepping ~*~*~tactically~*~*~ (water).
 24634 | Swamp:2  | 24634 ||| SWAPPING to +6 broad axe of electrocution.
 24639 | Swamp:2  | 24639 ||| Stepping ~*~*~tactically~*~*~ (water).
 24681 | Swamp:2  | Reached skill level 15 in Shields
 24693 | Swamp:2  | 24693 ||| Stepping ~*~*~tactically~*~*~ (water).
 24857 | Swamp:2  | Gained mutation: Your muscles are strong. (Str +2)
                  | [evolution]
 24946 | Swamp:2  | 24946 ||| UPGRADING to notched wooden ring.
 24948 | Swamp:2  | 24948 ||| REMOVING ring of wizardry.
 24949 | Swamp:2  | 24949 ||| DROPPING ring of wizardry.
 24950 | Swamp:2  | 24950 ||| UPGRADING to ring of protection from fire.
 24951 | Swamp:2  | 24951 ||| UPGRADING to ring of the Scarab {Str+4 SInv
                  | Stlth-}.
 24967 | Swamp:2  | 24967 ||| Stepping ~*~*~tactically~*~*~ (stealth).
 24968 | Swamp:2  | 24968 ||| Stepping ~*~*~tactically~*~*~ (stealth).
 24971 | Swamp:2  | 24971 ||| INVOKING Greater Servant of Makhleb.
 24972 | Swamp:2  | 24972 ||| INVOKING Greater Servant of Makhleb.
 24978 | Swamp:2  | 24978 ||| Stepping ~*~*~tactically~*~*~ (water).
 24980 | Swamp:2  | Killed a thorn hunter
 25147 | Swamp:2  | 25147 ||| READING scroll labeled IGGUYRGH SOEDGHU.
 25157 | Swamp:3  | 25157 ||| Stepping ~*~*~tactically~*~*~ (hiding).
 25159 | Swamp:3  | 25159 ||| Stepping ~*~*~tactically~*~*~ (water).
 25191 | Swamp:3  | 25191 ||| Stepping ~*~*~tactically~*~*~ (water).
 25250 | Swamp:3  | 25250 ||| Stepping ~*~*~tactically~*~*~ (water).
 25252 | Swamp:3  | 25252 ||| Stepping ~*~*~tactically~*~*~ (water).
 25266 | Swamp:3  | 25266 ||| Stepping ~*~*~tactically~*~*~ (water).
 25311 | Swamp:3  | 25311 ||| Stepping ~*~*~tactically~*~*~ (water).
 25335 | Swamp:3  | 25335 ||| Stepping ~*~*~tactically~*~*~ (stealth).
 25429 | Swamp:3  | 25429 ||| Stepping ~*~*~tactically~*~*~ (cloud).
 25432 | Swamp:3  | 25432 ||| Stepping ~*~*~tactically~*~*~ (cloud).
 25433 | Swamp:3  | 25433 ||| Stepping ~*~*~tactically~*~*~ (water).
 25436 | Swamp:3  | 25436 ||| Stepping ~*~*~tactically~*~*~ (hiding).
 25445 | Swamp:3  | Reached skill level 12 in Fighting
 25447 | Swamp:3  | 25447 ||| Stepping ~*~*~tactically~*~*~ (water).
 25454 | Swamp:3  | 25454 ||| Stepping ~*~*~tactically~*~*~ (water).
 25456 | Swamp:3  | 25456 ||| Stepping ~*~*~tactically~*~*~ (water).
 25461 | Swamp:3  | 25461 ||| Stepping ~*~*~tactically~*~*~ (water).
 25463 | Swamp:3  | 25463 ||| Stepping ~*~*~tactically~*~*~ (water).
 25497 | Swamp:3  | 25497 ||| Stepping ~*~*~tactically~*~*~ (stealth).
 25498 | Swamp:3  | 25498 ||| Stepping ~*~*~tactically~*~*~ (stealth).
 25506 | Swamp:3  | 25506 ||| Stepping ~*~*~tactically~*~*~ (water).
 25510 | Swamp:3  | Reached XP level 17. HP: 174/174 MP: 14/14
 25546 | Swamp:3  | 25546 ||| Stepping ~*~*~tactically~*~*~ (stealth).
 25547 | Swamp:3  | 25547 ||| Stepping ~*~*~tactically~*~*~ (stealth).
 25578 | Swamp:3  | 25578 ||| Stepping ~*~*~tactically~*~*~ (stealth).
 25599 | Swamp:3  | 25599 ||| Stepping ~*~*~tactically~*~*~ (water).
 25602 | Swamp:3  | 25602 ||| Stepping ~*~*~tactically~*~*~ (water).
 25615 | Swamp:3  | Found a runed translucent gate.
 25615 | Swamp:3  | Found a runed translucent gate.
 25615 | Swamp:3  | Found a runed translucent gate.
 25682 | Swamp:3  | 25682 ||| Stepping ~*~*~tactically~*~*~ (water).
 25897 | Swamp:3  | Noticed Amanar's ghost (adept MiBe)
 25983 | Swamp:3  | 25983 ||| INVOKING Greater Servant of Makhleb.
 26007 | Swamp:4  | Entered Level 4 of the Swamp
 26022 | Swamp:4  | 26022 ||| INVOKING MAJOR DESTRUCTION
 26023 | Swamp:4  | 26023 ||| INVOKING MAJOR DESTRUCTION
 26024 | Swamp:4  | 26024 ||| INVOKING MAJOR DESTRUCTION
 26025 | Swamp:4  | 26025 ||| INVOKING MAJOR DESTRUCTION
 26026 | Swamp:4  | 26026 ||| INVOKING MAJOR DESTRUCTION
 26027 | Swamp:4  | 26027 ||| INVOKING MAJOR DESTRUCTION
 26028 | Swamp:4  | 26028 ||| Stepping ~*~*~tactically~*~*~ (cloud).
 26030 | Swamp:4  | 26030 ||| Stepping ~*~*~tactically~*~*~ (water).
 26041 | Swamp:4  | 26041 ||| Stepping ~*~*~tactically~*~*~ (hiding).
 26042 | Swamp:4  | 26042 ||| Waiting for ranged monster.
 26048 | Swamp:4  | 26048 ||| INVOKING MAJOR DESTRUCTION
 26049 | Swamp:4  | 26049 ||| INVOKING MAJOR DESTRUCTION
 26050 | Swamp:4  | 26050 ||| INVOKING MAJOR DESTRUCTION
 26051 | Swamp:4  | 26051 ||| INVOKING MAJOR DESTRUCTION
 26052 | Swamp:4  | 26052 ||| INVOKING MAJOR DESTRUCTION
 26053 | Swamp:4  | 26053 ||| INVOKING Heal Wounds.
 26054 | Swamp:4  | 26054 ||| INVOKING MAJOR DESTRUCTION
 26056 | Swamp:4  | 26056 ||| INVOKING Heal Wounds.
 26058 | Swamp:4  | 26058 ||| Stepping ~*~*~tactically~*~*~ (cloud).
 26072 | Swamp:4  | 26072 ||| READING scroll of enchant weapon.
 26072 | Swamp:4  | 26072 ||| ENCHANTING +6 broad axe of electrocution.
 26080 | Swamp:4  | 26080 ||| Stepping ~*~*~tactically~*~*~ (stealth).
 26082 | Swamp:4  | 26082 ||| Stepping ~*~*~tactically~*~*~ (hiding).
 26083 | Swamp:4  | 26083 ||| Waiting for ranged monster.
 26084 | Swamp:4  | 26084 ||| Waiting for ranged monster.
 26086 | Swamp:4  | 26086 ||| INVOKING MAJOR DESTRUCTION
 26087 | Swamp:4  | 26087 ||| INVOKING MAJOR DESTRUCTION
 26088 | Swamp:4  | 26088 ||| INVOKING MAJOR DESTRUCTION
 26089 | Swamp:4  | 26089 ||| INVOKING MAJOR DESTRUCTION
 26090 | Swamp:4  | 26090 ||| INVOKING MAJOR DESTRUCTION
 26100 | Swamp:4  | 26100 ||| Stepping ~*~*~tactically~*~*~ (cloud).
 26111 | Swamp:4  | 26111 ||| Stepping ~*~*~tactically~*~*~ (stealth).
 26114 | Swamp:4  | 26114 ||| INVOKING MAJOR DESTRUCTION
 26115 | Swamp:4  | 26115 ||| INVOKING MAJOR DESTRUCTION
 26116 | Swamp:4  | 26116 ||| INVOKING MAJOR DESTRUCTION
 26117 | Swamp:4  | 26117 ||| INVOKING Heal Wounds.
 26118 | Swamp:4  | 26118 ||| INVOKING MAJOR DESTRUCTION
 26119 | Swamp:4  | 26119 ||| INVOKING Heal Wounds.
 26120 | Swamp:4  | 26120 ||| INVOKING MAJOR DESTRUCTION
 26121 | Swamp:4  | 26121 ||| INVOKING Heal Wounds.
 26122 | Swamp:4  | 26122 ||| INVOKING Heal Wounds.
 26123 | Swamp:4  | 26123 ||| INVOKING Heal Wounds.
 26134 | Swamp:4  | 26134 ||| Stepping ~*~*~tactically~*~*~ (hiding).
 26135 | Swamp:4  | 26135 ||| Stepping ~*~*~tactically~*~*~ (hiding).
 26136 | Swamp:4  | 26136 ||| Stepping ~*~*~tactically~*~*~ (hiding).
 26137 | Swamp:4  | 26137 ||| INVOKING MAJOR DESTRUCTION
 26138 | Swamp:4  | 26138 ||| INVOKING MAJOR DESTRUCTION
 26139 | Swamp:4  | 26139 ||| INVOKING MAJOR DESTRUCTION
 26140 | Swamp:4  | 26140 ||| INVOKING MAJOR DESTRUCTION
 26142 | Swamp:4  | 26142 ||| INVOKING MAJOR DESTRUCTION
 26143 | Swamp:4  | 26143 ||| INVOKING MAJOR DESTRUCTION
 26144 | Swamp:4  | 26144 ||| INVOKING Heal Wounds.
 26145 | Swamp:4  | 26145 ||| INVOKING MAJOR DESTRUCTION
 26146 | Swamp:4  | 26146 ||| INVOKING MAJOR DESTRUCTION
 26148 | Swamp:4  | 26148 ||| INVOKING Heal Wounds.
 26149 | Swamp:4  | 26149 ||| Stepping ~*~*~tactically~*~*~ (hiding).
 26150 | Swamp:4  | 26150 ||| Stepping ~*~*~tactically~*~*~ (hiding).
 26151 | Swamp:4  | 26151 ||| Stepping ~*~*~tactically~*~*~ (hiding).
 26152 | Swamp:4  | 26152 ||| Stepping ~*~*~tactically~*~*~ (hiding).
 26153 | Swamp:4  | 26153 ||| Stepping ~*~*~tactically~*~*~ (hiding).
 26155 | Swamp:4  | 26155 ||| Stepping ~*~*~tactically~*~*~ (hiding).
 26159 | Swamp:4  | 26159 ||| Stepping ~*~*~tactically~*~*~ (water).
 26162 | Swamp:4  | 26162 ||| Waiting for ranged monster.
 26163 | Swamp:4  | 26163 ||| Waiting for ranged monster.
 26164 | Swamp:4  | 26164 ||| Waiting for ranged monster.
 26165 | Swamp:4  | 26165 ||| Stepping ~*~*~tactically~*~*~ (hiding).
 26168 | Swamp:4  | 26168 ||| INVOKING MAJOR DESTRUCTION
 26170 | Swamp:4  | 26170 ||| INVOKING MAJOR DESTRUCTION
 26171 | Swamp:4  | 26171 ||| INVOKING MAJOR DESTRUCTION
 26172 | Swamp:4  | 26172 ||| INVOKING MAJOR DESTRUCTION
 26173 | Swamp:4  | 26173 ||| INVOKING Heal Wounds.
 26174 | Swamp:4  | 26174 ||| Stepping ~*~*~tactically~*~*~ (cloud).
 26175 | Swamp:4  | 26175 ||| INVOKING MAJOR DESTRUCTION
 26177 | Swamp:4  | 26177 ||| INVOKING Heal Wounds.
 26178 | Swamp:4  | 26178 ||| INVOKING MAJOR DESTRUCTION
 26179 | Swamp:4  | 26179 ||| INVOKING MAJOR DESTRUCTION
 26180 | Swamp:4  | 26180 ||| INVOKING Heal Wounds.
 26181 | Swamp:4  | 26181 ||| INVOKING MAJOR DESTRUCTION
 26182 | Swamp:4  | 26182 ||| INVOKING Heal Wounds.
 26183 | Swamp:4  | 26183 ||| INVOKING MAJOR DESTRUCTION
 26184 | Swamp:4  | 26184 ||| Stepping ~*~*~tactically~*~*~ (hiding).
 26185 | Swamp:4  | 26185 ||| INVOKING MAJOR DESTRUCTION
 26187 | Swamp:4  | 26187 ||| EATING 53 rations.
 26191 | Swamp:4  | 26191 ||| INVOKING MAJOR DESTRUCTION
 26192 | Swamp:4  | 26192 ||| INVOKING MAJOR DESTRUCTION
 26193 | Swamp:4  | 26193 ||| INVOKING MAJOR DESTRUCTION
 26197 | Swamp:4  | 26197 ||| Stepping ~*~*~tactically~*~*~ (cloud).
 26244 | Swamp:4  | 26244 ||| Stepping ~*~*~tactically~*~*~ (water).
 26245 | Swamp:4  | 26245 ||| Stepping ~*~*~tactically~*~*~ (hiding).
 26246 | Swamp:4  | 26246 ||| INVOKING MAJOR DESTRUCTION
 26247 | Swamp:4  | 26247 ||| Stepping ~*~*~tactically~*~*~ (hiding).
 26248 | Swamp:4  | 26248 ||| Stepping ~*~*~tactically~*~*~ (hiding).
 26249 | Swamp:4  | 26249 ||| Stepping ~*~*~tactically~*~*~ (hiding).
 26250 | Swamp:4  | 26250 ||| INVOKING MAJOR DESTRUCTION
 26251 | Swamp:4  | 26251 ||| INVOKING MAJOR DESTRUCTION
 26252 | Swamp:4  | 26252 ||| INVOKING MAJOR DESTRUCTION
 26253 | Swamp:4  | 26253 ||| INVOKING MAJOR DESTRUCTION
 26254 | Swamp:4  | 26254 ||| INVOKING MAJOR DESTRUCTION
 26255 | Swamp:4  | 26255 ||| INVOKING MAJOR DESTRUCTION
 26256 | Swamp:4  | 26256 ||| INVOKING MAJOR DESTRUCTION
 26257 | Swamp:4  | 26257 ||| INVOKING MAJOR DESTRUCTION
 26258 | Swamp:4  | 26258 ||| INVOKING MAJOR DESTRUCTION
 26259 | Swamp:4  | 26259 ||| INVOKING MAJOR DESTRUCTION
 26260 | Swamp:4  | 26260 ||| INVOKING Heal Wounds.
 26261 | Swamp:4  | 26261 ||| INVOKING Heal Wounds.
 26262 | Swamp:4  | 26262 ||| INVOKING MAJOR DESTRUCTION
 26263 | Swamp:4  | 26263 ||| INVOKING Heal Wounds.
 26264 | Swamp:4  | 26264 ||| INVOKING MAJOR DESTRUCTION
 26265 | Swamp:4  | 26265 ||| INVOKING Heal Wounds.
 26282 | Swamp:4  | 26282 ||| READING scroll of acquirement.
 26283 | Swamp:4  | Got a pair of faintly glowing boots
 26284 | Swamp:4  | 26284 ||| UPGRADING to pair of faintly glowing boots.
 26294 | Swamp:4  | Identified the +1 pair of boots "Zihy" {+Blink} (You
                  | acquired it on level 4 of the Swamp)
 26294 | Swamp:4  | 26294 ||| UPGRADING to +2 pair of boots.
 26304 | Swamp:4  | 26304 ||| DROPPING +1 pair of boots "Zihy" {+Blink}.
 26312 | Swamp:4  | 26312 ||| Stepping ~*~*~tactically~*~*~ (stealth).
 26313 | Swamp:4  | 26313 ||| INVOKING MAJOR DESTRUCTION
 26314 | Swamp:4  | 26314 ||| INVOKING MAJOR DESTRUCTION
 26315 | Swamp:4  | 26315 ||| INVOKING MAJOR DESTRUCTION
 26316 | Swamp:4  | 26316 ||| INVOKING MAJOR DESTRUCTION
 26317 | Swamp:4  | 26317 ||| INVOKING Heal Wounds.
 26318 | Swamp:4  | 26318 ||| Stepping ~*~*~tactically~*~*~ (hiding).
 26319 | Swamp:4  | 26319 ||| INVOKING Heal Wounds.
 26320 | Swamp:4  | 26320 ||| Waiting for ranged monster.
 26322 | Swamp:4  | 26322 ||| Waiting for ranged monster.
 26323 | Swamp:4  | 26323 ||| Stepping ~*~*~tactically~*~*~ (water).
 26341 | Swamp:4  | 26341 ||| INVOKING MAJOR DESTRUCTION
 26342 | Swamp:4  | 26342 ||| INVOKING MAJOR DESTRUCTION
 26343 | Swamp:4  | 26343 ||| INVOKING MAJOR DESTRUCTION
 26344 | Swamp:4  | 26344 ||| INVOKING MAJOR DESTRUCTION
 26345 | Swamp:4  | 26345 ||| INVOKING MAJOR DESTRUCTION
 26346 | Swamp:4  | 26346 ||| INVOKING MAJOR DESTRUCTION
 26349 | Swamp:4  | 26349 ||| INVOKING MAJOR DESTRUCTION
 26350 | Swamp:4  | 26350 ||| INVOKING MAJOR DESTRUCTION
 26351 | Swamp:4  | 26351 ||| INVOKING MAJOR DESTRUCTION
 26352 | Swamp:4  | 26352 ||| INVOKING MAJOR DESTRUCTION
 26353 | Swamp:4  | 26353 ||| INVOKING MAJOR DESTRUCTION
 26353 | Swamp:4  | Reached skill level 13 in Armour
 26373 | Swamp:4  | 26373 ||| Stepping ~*~*~tactically~*~*~ (hiding).
 26376 | Swamp:4  | 26376 ||| Waiting for ranged monster.
 26377 | Swamp:4  | 26377 ||| Waiting for ranged monster.
 26378 | Swamp:4  | 26378 ||| Stepping ~*~*~tactically~*~*~ (stealth).
 26379 | Swamp:4  | 26379 ||| Waiting for ranged monster.
 26380 | Swamp:4  | 26380 ||| Waiting for ranged monster.
 26381 | Swamp:4  | 26381 ||| Waiting for ranged monster.
 26382 | Swamp:4  | 26382 ||| Waiting for ranged monster.
 26387 | Swamp:4  | 26387 ||| Stepping ~*~*~tactically~*~*~ (hiding).
 26389 | Swamp:4  | 26389 ||| Stepping ~*~*~tactically~*~*~ (water).
 26393 | Swamp:4  | 26393 ||| Waiting for ranged monster.
 26394 | Swamp:4  | 26394 ||| Waiting for ranged monster.
 26395 | Swamp:4  | 26395 ||| Waiting for ranged monster.
 26396 | Swamp:4  | 26396 ||| Waiting for ranged monster.
 26439 | Swamp:4  | Got a decaying rune of Zot
 26903 | Vaults:1 | Entered Level 1 of the Vaults
 26904 | Vaults:1 | 26904 ||| Entered V.
 26994 | Vaults:1 | 26994 ||| Stepping ~*~*~tactically~*~*~ (hiding).
 26995 | Vaults:1 | 26995 ||| Waiting for ranged monster.
 26996 | Vaults:1 | 26996 ||| Waiting for ranged monster.
 26997 | Vaults:1 | 26997 ||| Waiting for ranged monster.
 27000 | Vaults:1 | 27000 ||| Waiting for ranged monster.
 27001 | Vaults:1 | 27001 ||| Waiting for ranged monster.
 27002 | Vaults:1 | 27002 ||| Waiting for ranged monster.
 27003 | Vaults:1 | 27003 ||| Waiting for ranged monster.
 27008 | Vaults:1 | 27008 ||| Stepping ~*~*~tactically~*~*~ (stealth).
 27052 | Vaults:1 | 27052 ||| Stepping ~*~*~tactically~*~*~ (hiding).
 27053 | Vaults:1 | 27053 ||| Waiting for ranged monster.
 27054 | Vaults:1 | 27054 ||| Waiting for ranged monster.
 27055 | Vaults:1 | 27055 ||| Stepping ~*~*~tactically~*~*~ (hiding).
 27056 | Vaults:1 | 27056 ||| Waiting for ranged monster.
 27061 | Vaults:1 | 27061 ||| Waiting for ranged monster.
 27062 | Vaults:1 | 27062 ||| Waiting for ranged monster.
 27063 | Vaults:1 | 27063 ||| Waiting for ranged monster.
 27064 | Vaults:1 | 27064 ||| Waiting for ranged monster.
 27083 | Vaults:1 | 27083 ||| Stepping ~*~*~tactically~*~*~ (hiding).
 27084 | Vaults:1 | 27084 ||| Waiting for ranged monster.
 27085 | Vaults:1 | 27085 ||| Stepping ~*~*~tactically~*~*~ (hiding).
 27086 | Vaults:1 | 27086 ||| Stepping ~*~*~tactically~*~*~ (hiding).
 27087 | Vaults:1 | 27087 ||| Stepping ~*~*~tactically~*~*~ (hiding).
 27088 | Vaults:1 | 27088 ||| Stepping ~*~*~tactically~*~*~ (hiding).
 27089 | Vaults:1 | 27089 ||| Stepping ~*~*~tactically~*~*~ (hiding).
 27090 | Vaults:1 | 27090 ||| Waiting for ranged monster.
 27091 | Vaults:1 | 27091 ||| Stepping ~*~*~tactically~*~*~ (hiding).
 27092 | Vaults:1 | 27092 ||| Stepping ~*~*~tactically~*~*~ (hiding).
 27093 | Vaults:1 | 27093 ||| Stepping ~*~*~tactically~*~*~ (hiding).
 27094 | Vaults:1 | 27094 ||| Stepping ~*~*~tactically~*~*~ (hiding).
 27095 | Vaults:1 | 27095 ||| Stepping ~*~*~tactically~*~*~ (hiding).
 27096 | Vaults:1 | 27096 ||| Stepping ~*~*~tactically~*~*~ (hiding).
 27097 | Vaults:1 | 27097 ||| Stepping ~*~*~tactically~*~*~ (hiding).
 27116 | Vaults:1 | 27116 ||| Stepping ~*~*~tactically~*~*~ (hiding).
 27117 | Vaults:1 | 27117 ||| Stepping ~*~*~tactically~*~*~ (hiding).
 27118 | Vaults:1 | 27118 ||| Stepping ~*~*~tactically~*~*~ (hiding).
 27119 | Vaults:1 | 27119 ||| Waiting for ranged monster.
 27120 | Vaults:1 | 27120 ||| Waiting for ranged monster.
 27121 | Vaults:1 | 27121 ||| Waiting for ranged monster.
 27122 | Vaults:1 | 27122 ||| Waiting for ranged monster.
 27123 | Vaults:1 | 27123 ||| Waiting for ranged monster.
 27166 | Vaults:1 | 27166 ||| Stepping ~*~*~tactically~*~*~ (stealth).
 27167 | Vaults:1 | 27167 ||| Stepping ~*~*~tactically~*~*~ (stealth).
 27249 | Vaults:1 | 27249 ||| Stepping ~*~*~tactically~*~*~ (hiding).
 27250 | Vaults:1 | 27250 ||| Waiting for ranged monster.
 27263 | Vaults:1 | 27263 ||| Stepping ~*~*~tactically~*~*~ (hiding).
 27264 | Vaults:1 | 27264 ||| Waiting for ranged monster.
 27265 | Vaults:1 | 27265 ||| Waiting for ranged monster.
 27266 | Vaults:1 | 27266 ||| Waiting for ranged monster.
 27267 | Vaults:1 | 27267 ||| Waiting for ranged monster.
 27268 | Vaults:1 | 27268 ||| Waiting for ranged monster.
 27293 | Vaults:1 | Noticed a Hell Sentinel
 27293 | Vaults:1 | 27293 ||| INVOKING Greater Servant of Makhleb.
 27294 | Vaults:1 | 27294 ||| INVOKING Heal Wounds.
 27301 | Vaults:1 | 27301 ||| INVOKING Heal Wounds.
 27302 | Vaults:1 | 27302 ||| INVOKING Greater Servant of Makhleb.
 27303 | Vaults:1 | 27303 ||| INVOKING Greater Servant of Makhleb.
 27305 | Vaults:1 | 27305 ||| INVOKING Heal Wounds.
 27306 | Vaults:1 | 27306 ||| INVOKING Heal Wounds.
 27307 | Vaults:1 | 27307 ||| INVOKING Heal Wounds.
 27311 | Vaults:1 | 27311 ||| INVOKING Heal Wounds.
 27316 | Vaults:1 | 27316 ||| INVOKING Heal Wounds.
 27321 | Vaults:1 | 27321 ||| INVOKING Heal Wounds.
 27322 | Vaults:1 | 27322 ||| INVOKING Heal Wounds.
 27323 | Vaults:1 | 27323 ||| INVOKING Heal Wounds.
 27323 | Vaults:1 | HP: 36/179 [Hell Sentinel/iron shot[an ironheart preserver]
                  | (46)]
 27324 | Vaults:1 | 27324 ||| INVOKING Heal Wounds.
 27325 | Vaults:1 | 27325 ||| INVOKING Heal Wounds.
 27325 | Vaults:1 | HP: 7/179 [reaper/+2 scythe of flaming[an ironheart
                  | preserver] (25)]
 27325 | Vaults:1 | HP: 3/179 [reaper/+2 scythe of flaming[an ironheart
                  | preserver] (4)]
 27326 | Vaults:1 | 27326 ||| INVOKING Heal Wounds.
 27327 | Vaults:1 | 27327 ||| INVOKING Heal Wounds.
 27328 | Vaults:1 | 27328 ||| INVOKING Heal Wounds.
 27329 | Vaults:1 | 27329 ||| INVOKING Heal Wounds.
 27330 | Vaults:1 | 27330 ||| INVOKING Heal Wounds.
 27331 | Vaults:1 | 27331 ||| INVOKING Heal Wounds.
 27369 | Vaults:1 | 27369 ||| Stepping ~*~*~tactically~*~*~ (hiding).
 27372 | Vaults:1 | 27372 ||| Waiting for ranged monster.
 27538 | Vaults:1 | Found Isicygg's Antique Weapon Emporium.
 27547 | Vaults:1 | Bought a glowing broad axe for 161 gold pieces
 27547 | Vaults:1 | 27547 ||| SWAPPING to glowing broad axe.
 27548 | Vaults:1 | 27548 ||| SWAPPING to +7 broad axe of electrocution.
 27549 | Vaults:1 | 27549 ||| DROPPING +2 broad axe of electrocution.
 27716 | Vaults:1 | 27716 ||| Stepping ~*~*~tactically~*~*~ (hiding).
 27717 | Vaults:1 | 27717 ||| Waiting for ranged monster.
 27718 | Vaults:1 | 27718 ||| Waiting for ranged monster.
 27719 | Vaults:1 | 27719 ||| Stepping ~*~*~tactically~*~*~ (hiding).
 27720 | Vaults:1 | 27720 ||| Waiting for ranged monster.
 27721 | Vaults:1 | 27721 ||| Waiting for ranged monster.
 27722 | Vaults:1 | 27722 ||| Waiting for ranged monster.
 27844 | Vaults:1 | 27844 ||| Stepping ~*~*~tactically~*~*~ (hiding).
 27845 | Vaults:1 | 27845 ||| Waiting for ranged monster.
 28216 | Vaults:1 | 28216 ||| READING scroll of enchant armour.
 28216 | Vaults:1 | 28216 ||| ENCHANTING +0 pair of gloves.
 28339 | Vaults:1 | 28339 ||| Stepping ~*~*~tactically~*~*~ (stealth).
 28340 | Vaults:1 | 28340 ||| Stepping ~*~*~tactically~*~*~ (stealth).
 28451 | Vaults:2 | 28451 ||| STAIRDANCE
 28481 | Vaults:2 | Found Dailaw's Distillery.
 28489 | Vaults:2 | Bought a potion of heal wounds for 70 gold pieces
 28489 | Vaults:2 | Bought a potion of curing for 42 gold pieces
 28489 | Vaults:2 | Bought a potion of curing for 42 gold pieces
 28489 | Vaults:2 | Bought a potion of resistance for 140 gold pieces
 28489 | Vaults:2 | Bought a potion of agility for 56 gold pieces
 28489 | Vaults:2 | Bought a potion of haste for 140 gold pieces
 28503 | Vaults:2 | Gained mutation: Your spells are a little harder to cast,
                  | but a little more powerful. [evolution]
 28525 | Vaults:2 | 28525 ||| Stepping ~*~*~tactically~*~*~ (stealth).
 28563 | Vaults:2 | Mutation became permanent: You passively map the area
                  | around you. [Deep Dwarf growth]
 28563 | Vaults:2 | Gained mutation: You passively map a large area around you.
                  | [Deep Dwarf growth]
 28563 | Vaults:2 | Reached XP level 18. HP: 188/188 MP: 5/5
 28573 | Vaults:2 | 28573 ||| DROPPING +1 war axe of flaming.
 28629 | Vaults:2 | 28629 ||| Stepping ~*~*~tactically~*~*~ (stealth).
 28630 | Vaults:2 | 28630 ||| Stepping ~*~*~tactically~*~*~ (stealth).
 28656 | Vaults:2 | 28656 ||| Stepping ~*~*~tactically~*~*~ (stealth).
 28658 | Vaults:2 | 28658 ||| Stepping ~*~*~tactically~*~*~ (hiding).
 28659 | Vaults:2 | 28659 ||| Stepping ~*~*~tactically~*~*~ (hiding).
 28660 | Vaults:2 | 28660 ||| Waiting for ranged monster.
 28661 | Vaults:2 | 28661 ||| Waiting for ranged monster.
 28668 | Vaults:2 | 28668 ||| Waiting for ranged monster.
 28714 | Vaults:2 | 28714 ||| Stepping ~*~*~tactically~*~*~ (stealth).
 28715 | Vaults:2 | 28715 ||| Stepping ~*~*~tactically~*~*~ (stealth).
 28742 | Vaults:2 | 28742 ||| Stepping ~*~*~tactically~*~*~ (stealth).
 28744 | Vaults:2 | 28744 ||| Stepping ~*~*~tactically~*~*~ (stealth).
 28749 | Vaults:2 | 28749 ||| Stepping ~*~*~tactically~*~*~ (stealth).
 28757 | Vaults:2 | 28757 ||| Stepping ~*~*~tactically~*~*~ (stealth).
 28892 | Vaults:2 | 28892 ||| Stepping ~*~*~tactically~*~*~ (stealth).
 28985 | Vaults:2 | 28985 ||| Stepping ~*~*~tactically~*~*~ (hiding).
 28986 | Vaults:2 | 28986 ||| Waiting for ranged monster.
 28987 | Vaults:2 | 28987 ||| Waiting for ranged monster.
 28988 | Vaults:2 | 28988 ||| Waiting for ranged monster.
 28989 | Vaults:2 | 28989 ||| Waiting for ranged monster.
 28990 | Vaults:2 | 28990 ||| Waiting for ranged monster.
 28994 | Vaults:2 | 28994 ||| Waiting for ranged monster.
 29186 | Vaults:2 | 29186 ||| Stepping ~*~*~tactically~*~*~ (stealth).
 29213 | Vaults:2 | Reached skill level 14 in Armour
 29216 | Vaults:2 | 29216 ||| Stepping ~*~*~tactically~*~*~ (stealth).
 29217 | Vaults:2 | 29217 ||| Stepping ~*~*~tactically~*~*~ (stealth).
 29229 | Vaults:2 | Found a white marble altar of Elyvilon.
 29229 | Vaults:2 | Found a glowing golden altar of the Shining One.
 29229 | Vaults:2 | Found a glowing silver altar of Zin.
 29379 | Vaults:2 | 29379 ||| Stepping ~*~*~tactically~*~*~ (stealth).
 29382 | Vaults:2 | 29382 ||| Stepping ~*~*~tactically~*~*~ (hiding).
 29383 | Vaults:2 | 29383 ||| Stepping ~*~*~tactically~*~*~ (hiding).
 29384 | Vaults:2 | 29384 ||| Stepping ~*~*~tactically~*~*~ (hiding).
 29385 | Vaults:2 | 29385 ||| Stepping ~*~*~tactically~*~*~ (hiding).
 29386 | Vaults:2 | 29386 ||| Stepping ~*~*~tactically~*~*~ (hiding).
 29387 | Vaults:2 | 29387 ||| Stepping ~*~*~tactically~*~*~ (hiding).
 29388 | Vaults:2 | 29388 ||| Stepping ~*~*~tactically~*~*~ (hiding).
 29389 | Vaults:2 | 29389 ||| Stepping ~*~*~tactically~*~*~ (hiding).
 29391 | Vaults:2 | 29391 ||| Stepping ~*~*~tactically~*~*~ (hiding).
 29393 | Vaults:2 | 29393 ||| Stepping ~*~*~tactically~*~*~ (hiding).
 29404 | Vaults:2 | 29404 ||| DRINKING potion of heal wounds.
 29419 | Vaults:2 | 29419 ||| INVOKING Heal Wounds.
 29420 | Vaults:2 | 29420 ||| INVOKING Heal Wounds.
 29421 | Vaults:2 | 29421 ||| INVOKING Heal Wounds.
 29422 | Vaults:2 | 29422 ||| INVOKING Heal Wounds.
 29423 | Vaults:2 | 29423 ||| INVOKING Greater Servant of Makhleb.
 29424 | Vaults:2 | 29424 ||| INVOKING Heal Wounds.
 29425 | Vaults:2 | 29425 ||| INVOKING Heal Wounds.
 29426 | Vaults:2 | 29426 ||| READING 3 scrolls of teleportation.
 29427 | Vaults:2 | 29427 ||| INVOKING Heal Wounds.
 29428 | Vaults:2 | 29428 ||| INVOKING Heal Wounds.
 29429 | Vaults:2 | 29429 ||| INVOKING Heal Wounds.
 29432 | Vaults:2 | 29432 ||| INVOKING Heal Wounds.
 29443 | Vaults:2 | 29443 ||| Stepping ~*~*~tactically~*~*~ (hiding).
 29444 | Vaults:2 | 29444 ||| Stepping ~*~*~tactically~*~*~ (hiding).
 29445 | Vaults:2 | 29445 ||| INVOKING Greater Servant of Makhleb.
 29446 | Vaults:2 | 29446 ||| READING 2 scrolls of teleportation.
 29452 | Vaults:2 | 29452 ||| Waiting for ranged monster.
 29453 | Vaults:2 | 29453 ||| Waiting for ranged monster.
 29693 | Vaults:2 | 29693 ||| Stepping ~*~*~tactically~*~*~ (stealth).
 29694 | Vaults:2 | 29694 ||| Stepping ~*~*~tactically~*~*~ (stealth).
 29695 | Vaults:2 | 29695 ||| Stepping ~*~*~tactically~*~*~ (stealth).
 29724 | Vaults:2 | 29724 ||| Stepping ~*~*~tactically~*~*~ (hiding).
 29725 | Vaults:2 | 29725 ||| Waiting for ranged monster.
 29726 | Vaults:2 | 29726 ||| Waiting for ranged monster.
 29729 | Vaults:2 | 29729 ||| INVOKING Heal Wounds.
 29738 | Vaults:2 | 29738 ||| Stepping ~*~*~tactically~*~*~ (stealth).
 29743 | Vaults:2 | 29743 ||| Stepping ~*~*~tactically~*~*~ (stealth).
 29780 | Vaults:2 | Found a staircase to the Crypt.
 29842 | Vaults:2 | 29842 ||| Stepping ~*~*~tactically~*~*~ (hiding).
 29843 | Vaults:2 | 29843 ||| Waiting for ranged monster.
 29863 | Vaults:2 | 29863 ||| Stepping ~*~*~tactically~*~*~ (stealth).
 29865 | Vaults:2 | 29865 ||| Stepping ~*~*~tactically~*~*~ (hiding).
 29867 | Vaults:2 | 29867 ||| Stepping ~*~*~tactically~*~*~ (hiding).
 29868 | Vaults:2 | 29868 ||| Waiting for ranged monster.
 29887 | Vaults:2 | 29887 ||| INVOKING Greater Servant of Makhleb.
 30268 | Vaults:3 | 30268 ||| Stepping ~*~*~tactically~*~*~ (stealth).
 30359 | Vaults:3 | 30359 ||| Stepping ~*~*~tactically~*~*~ (stealth).
 30438 | Vaults:3 | 30438 ||| Stepping ~*~*~tactically~*~*~ (hiding).
 30439 | Vaults:3 | 30439 ||| Stepping ~*~*~tactically~*~*~ (hiding).
 30440 | Vaults:3 | 30440 ||| Stepping ~*~*~tactically~*~*~ (hiding).
 30441 | Vaults:3 | 30441 ||| Stepping ~*~*~tactically~*~*~ (hiding).
 30442 | Vaults:3 | 30442 ||| Stepping ~*~*~tactically~*~*~ (hiding).
 30443 | Vaults:3 | 30443 ||| Stepping ~*~*~tactically~*~*~ (hiding).
 30444 | Vaults:3 | 30444 ||| Stepping ~*~*~tactically~*~*~ (hiding).
 30445 | Vaults:3 | 30445 ||| Stepping ~*~*~tactically~*~*~ (hiding).
 30446 | Vaults:3 | 30446 ||| Stepping ~*~*~tactically~*~*~ (hiding).
 30447 | Vaults:3 | 30447 ||| Stepping ~*~*~tactically~*~*~ (hiding).
 30448 | Vaults:3 | 30448 ||| Stepping ~*~*~tactically~*~*~ (hiding).
 30449 | Vaults:3 | 30449 ||| Stepping ~*~*~tactically~*~*~ (hiding).
 30450 | Vaults:3 | 30450 ||| Waiting for ranged monster.
 30451 | Vaults:3 | 30451 ||| Waiting for ranged monster.
 30452 | Vaults:3 | 30452 ||| Waiting for ranged monster.
 30453 | Vaults:3 | 30453 ||| Waiting for ranged monster.
 30475 | Vaults:3 | 30475 ||| Stepping ~*~*~tactically~*~*~ (hiding).
 30476 | Vaults:3 | 30476 ||| Stepping ~*~*~tactically~*~*~ (hiding).
 30477 | Vaults:3 | 30477 ||| Stepping ~*~*~tactically~*~*~ (hiding).
 30478 | Vaults:3 | 30478 ||| Stepping ~*~*~tactically~*~*~ (hiding).
 30479 | Vaults:3 | 30479 ||| Stepping ~*~*~tactically~*~*~ (hiding).
 30480 | Vaults:3 | 30480 ||| Stepping ~*~*~tactically~*~*~ (hiding).
 30481 | Vaults:3 | 30481 ||| Stepping ~*~*~tactically~*~*~ (hiding).
 30482 | Vaults:3 | 30482 ||| Stepping ~*~*~tactically~*~*~ (hiding).
 30483 | Vaults:3 | 30483 ||| Stepping ~*~*~tactically~*~*~ (hiding).
 30484 | Vaults:3 | 30484 ||| Stepping ~*~*~tactically~*~*~ (hiding).
 30485 | Vaults:3 | 30485 ||| Stepping ~*~*~tactically~*~*~ (hiding).
 30486 | Vaults:3 | 30486 ||| Waiting for ranged monster.
 30487 | Vaults:3 | 30487 ||| Waiting for ranged monster.
 30488 | Vaults:3 | 30488 ||| Waiting for ranged monster.
 30489 | Vaults:3 | 30489 ||| Waiting for ranged monster.
 30549 | Vaults:3 | 30549 ||| INVOKING Greater Servant of Makhleb.
 30807 | Vaults:3 | 30807 ||| Stepping ~*~*~tactically~*~*~ (stealth).
 30808 | Vaults:3 | 30808 ||| Stepping ~*~*~tactically~*~*~ (stealth).
 30893 | Vaults:3 | 30893 ||| Stepping ~*~*~tactically~*~*~ (hiding).
 30894 | Vaults:3 | 30894 ||| Stepping ~*~*~tactically~*~*~ (hiding).
 30895 | Vaults:3 | 30895 ||| Stepping ~*~*~tactically~*~*~ (hiding).
 30896 | Vaults:3 | 30896 ||| Stepping ~*~*~tactically~*~*~ (hiding).
 30897 | Vaults:3 | 30897 ||| Waiting for ranged monster.
 30905 | Vaults:3 | 30905 ||| Stepping ~*~*~tactically~*~*~ (stealth).
 30906 | Vaults:3 | 30906 ||| Stepping ~*~*~tactically~*~*~ (stealth).
 30907 | Vaults:3 | 30907 ||| Stepping ~*~*~tactically~*~*~ (stealth).
 30908 | Vaults:3 | 30908 ||| Stepping ~*~*~tactically~*~*~ (stealth).
 30909 | Vaults:3 | 30909 ||| Stepping ~*~*~tactically~*~*~ (stealth).
 30914 | Vaults:3 | 30914 ||| Stepping ~*~*~tactically~*~*~ (stealth).
 30915 | Vaults:3 | 30915 ||| Stepping ~*~*~tactically~*~*~ (stealth).
 30916 | Vaults:3 | 30916 ||| Stepping ~*~*~tactically~*~*~ (stealth).
 30964 | Vaults:3 | 30964 ||| Stepping ~*~*~tactically~*~*~ (hiding).
 30973 | Vaults:3 | 30973 ||| Stepping ~*~*~tactically~*~*~ (hiding).
 30974 | Vaults:3 | 30974 ||| Waiting for ranged monster.
 30981 | Vaults:3 | Reached XP level 19. HP: 200/200 MP: 5/5
 31035 | Vaults:3 | 31035 ||| INVOKING Greater Servant of Makhleb.
 31062 | Vaults:3 | 31062 ||| INVOKING Greater Servant of Makhleb.
 31068 | Vaults:3 | 31068 ||| INVOKING Greater Servant of Makhleb.
 31071 | Vaults:3 | 31071 ||| Stepping ~*~*~tactically~*~*~ (cloud).
 31095 | Vaults:3 | Noticed a bone dragon
 31122 | Vaults:3 | Killed a bone dragon
 31122 | Vaults:3 | Reached skill level 18 in Shields
 31138 | Vaults:3 | Identified the Grimoire of Necromancy
 31315 | Vaults:3 | 31315 ||| Stepping ~*~*~tactically~*~*~ (stealth).
 31317 | Vaults:3 | 31317 ||| Stepping ~*~*~tactically~*~*~ (hiding).
 31318 | Vaults:3 | 31318 ||| Stepping ~*~*~tactically~*~*~ (hiding).
 31319 | Vaults:3 | 31319 ||| Stepping ~*~*~tactically~*~*~ (hiding).
 31320 | Vaults:3 | 31320 ||| Stepping ~*~*~tactically~*~*~ (hiding).
 31321 | Vaults:3 | 31321 ||| Stepping ~*~*~tactically~*~*~ (hiding).
 31322 | Vaults:3 | 31322 ||| Stepping ~*~*~tactically~*~*~ (hiding).
 31323 | Vaults:3 | 31323 ||| Stepping ~*~*~tactically~*~*~ (hiding).
 31326 | Vaults:3 | 31326 ||| Stepping ~*~*~tactically~*~*~ (hiding).
 31363 | Vaults:3 | Gained mutation: You are occasionally teleported next to
                  | monsters. [evolution]
 31453 | Vaults:3 | 31453 ||| DRINKING 7 potions of mutation.
 31453 | Vaults:3 | Lost mutation: You are occasionally teleported next to
                  | monsters. [potion of mutation]
 31453 | Vaults:3 | Lost mutation: Your muscles are strong. (Str +2) [potion of
                  | mutation]
 31453 | Vaults:3 | Lost mutation: You have sharp toenails. [potion of
                  | mutation]
 31453 | Vaults:3 | Gained mutation: You are partially covered in slimy green
                  | scales. (AC +2) [potion of mutation]
 31584 | Vaults:4 | 31584 ||| Stepping ~*~*~tactically~*~*~ (hiding).
 31585 | Vaults:4 | 31585 ||| Waiting for ranged monster.
 31586 | Vaults:4 | 31586 ||| Waiting for ranged monster.
 31587 | Vaults:4 | 31587 ||| Waiting for ranged monster.
 31588 | Vaults:4 | 31588 ||| Waiting for ranged monster.
 31589 | Vaults:4 | 31589 ||| Waiting for ranged monster.
 31590 | Vaults:4 | 31590 ||| Waiting for ranged monster.
 31591 | Vaults:4 | 31591 ||| Waiting for ranged monster.
 31611 | Vaults:4 | Reached skill level 12 in Dodging
 31710 | Vaults:4 | 31710 ||| Stepping ~*~*~tactically~*~*~ (hiding).
 31711 | Vaults:4 | 31711 ||| Stepping ~*~*~tactically~*~*~ (hiding).
 31712 | Vaults:4 | 31712 ||| Stepping ~*~*~tactically~*~*~ (hiding).
 31713 | Vaults:4 | 31713 ||| Stepping ~*~*~tactically~*~*~ (hiding).
 31716 | Vaults:4 | 31716 ||| Waiting for ranged monster.
 31717 | Vaults:4 | 31717 ||| Waiting for ranged monster.
 31735 | Vaults:4 | 31735 ||| Stepping ~*~*~tactically~*~*~ (stealth).
 31745 | Vaults:4 | 31745 ||| Stepping ~*~*~tactically~*~*~ (stealth).
 31780 | Vaults:4 | 31780 ||| Stepping ~*~*~tactically~*~*~ (hiding).
 31781 | Vaults:4 | 31781 ||| Waiting for ranged monster.
 31782 | Vaults:4 | 31782 ||| DRINKING 4 potions of resistance.
 31789 | Vaults:4 | 31789 ||| Waiting for ranged monster.
 31833 | Vaults:4 | 31833 ||| READING scroll of enchant armour.
 31833 | Vaults:4 | 31833 ||| ENCHANTING +1 pair of gloves.
 31854 | Vaults:4 | 31854 ||| FLEEEEING.
 31855 | Vaults:4 | 31855 ||| FLEEEEING.
 31856 | Vaults:4 | 31856 ||| FLEEEEING.
 31859 | Vaults:4 | 31859 ||| Stepping ~*~*~tactically~*~*~ (hiding).
 31862 | Vaults:4 | 31862 ||| Stepping ~*~*~tactically~*~*~ (hiding).
 31868 | Vaults:4 | Reached skill level 15 in Armour
 31897 | Vaults:4 | Noticed Aizul
 31898 | Vaults:4 | 31898 ||| INVOKING Greater Servant of Makhleb.
 31905 | Vaults:4 | 31905 ||| INVOKING Greater Servant of Makhleb.
 31926 | Vaults:4 | Killed Aizul
 32197 | Vaults:4 | 32197 ||| Stepping ~*~*~tactically~*~*~ (hiding).
 32198 | Vaults:4 | 32198 ||| Waiting for ranged monster.
 32199 | Vaults:4 | 32199 ||| Waiting for ranged monster.
 32200 | Vaults:4 | 32200 ||| Waiting for ranged monster.
 32215 | Vaults:4 | 32215 ||| Stepping ~*~*~tactically~*~*~ (stealth).
 32216 | Vaults:4 | 32216 ||| Stepping ~*~*~tactically~*~*~ (stealth).
 32232 | Vaults:4 | Reached skill level 15 in Fighting
 32234 | Vaults:4 | 32234 ||| Stepping ~*~*~tactically~*~*~ (hiding).
 32254 | Vaults:4 | 32254 ||| INVOKING Greater Servant of Makhleb.
 32279 | Vaults:4 | Found a roughly hewn altar of Beogh.
 32637 | Vaults:4 | 32637 ||| Stepping ~*~*~tactically~*~*~ (stealth).
 32686 | Vaults:4 | 32686 ||| Stepping ~*~*~tactically~*~*~ (hiding).
 32687 | Vaults:4 | 32687 ||| Waiting for ranged monster.
 32688 | Vaults:4 | 32688 ||| Waiting for ranged monster.
 32689 | Vaults:4 | 32689 ||| Waiting for ranged monster.
 32690 | Vaults:4 | 32690 ||| Waiting for ranged monster.
 32691 | Vaults:4 | 32691 ||| Waiting for ranged monster.
 32697 | Vaults:4 | 32697 ||| Stepping ~*~*~tactically~*~*~ (hiding).
 32698 | Vaults:4 | 32698 ||| Waiting for ranged monster.
 32699 | Vaults:4 | 32699 ||| Waiting for ranged monster.
 32715 | Vaults:4 | 32715 ||| Stepping ~*~*~tactically~*~*~ (hiding).
 32728 | Vaults:4 | Reached XP level 20. HP: 213/213 MP: 1/6
 33001 | Vaults:4 | 33001 ||| Stepping ~*~*~tactically~*~*~ (hiding).
 33002 | Vaults:4 | 33002 ||| Waiting for ranged monster.
 33012 | Vaults:4 | 33012 ||| Stepping ~*~*~tactically~*~*~ (hiding).
 33013 | Vaults:4 | 33013 ||| Waiting for ranged monster.
 33017 | Vaults:4 | 33017 ||| Stepping ~*~*~tactically~*~*~ (hiding).
 33018 | Vaults:4 | 33018 ||| Stepping ~*~*~tactically~*~*~ (hiding).
 33027 | Vaults:4 | 33027 ||| Waiting for ranged monster.
 33177 | Vaults:3 | 33177 ||| Stepping ~*~*~tactically~*~*~ (stealth).
 33178 | Vaults:3 | 33178 ||| Stepping ~*~*~tactically~*~*~ (stealth).
 33583 | Snake:1  | Entered Level 1 of the Snake Pit
 33584 | Snake:1  | 33584 ||| Entered P.
 33584 | Snake:1  | 33584 ||| STAIRDANCE
 33593 | Snake:1  | 33593 ||| STAIRDANCE
 33606 | Snake:1  | 33606 ||| STAIRDANCE
 33631 | Snake:1  | Found Kemait's Gadget Shop.
 33636 | Snake:1  | 33636 ||| READING scroll of teleportation.
 33638 | Snake:1  | 33638 ||| FLEEEEING.
 33639 | Snake:1  | 33639 ||| FLEEEEING.
 33640 | Snake:1  | 33640 ||| Stepping ~*~*~tactically~*~*~ (hiding).
 33640 | Snake:1  | Found a frozen archway.
 33641 | Snake:1  | 33641 ||| Stepping ~*~*~tactically~*~*~ (hiding).
 33643 | Snake:1  | 33643 ||| Stepping ~*~*~tactically~*~*~ (hiding).
 33644 | Snake:1  | 33644 ||| Waiting for ranged monster.
 33645 | Snake:1  | 33645 ||| Waiting for ranged monster.
 33646 | Snake:1  | 33646 ||| Waiting for ranged monster.
 33647 | Snake:1  | 33647 ||| Stepping ~*~*~tactically~*~*~ (hiding).
 33662 | Snake:1  | 33662 ||| Stepping ~*~*~tactically~*~*~ (hiding).
 33663 | Snake:1  | 33663 ||| Stepping ~*~*~tactically~*~*~ (hiding).
 33664 | Snake:1  | 33664 ||| EATING 63 rations.
 33665 | Snake:1  | 33665 ||| Stepping ~*~*~tactically~*~*~ (hiding).
 33666 | Snake:1  | 33666 ||| Stepping ~*~*~tactically~*~*~ (hiding).
 33668 | Snake:1  | 33668 ||| Stepping ~*~*~tactically~*~*~ (hiding).
 33669 | Snake:1  | 33669 ||| Stepping ~*~*~tactically~*~*~ (hiding).
 33670 | Snake:1  | 33670 ||| Waiting for ranged monster.
 33671 | Snake:1  | 33671 ||| Waiting for ranged monster.
 33672 | Snake:1  | 33672 ||| Stepping ~*~*~tactically~*~*~ (hiding).
 33676 | Snake:1  | 33676 ||| Waiting for ranged monster.
 33677 | Snake:1  | 33677 ||| Waiting for ranged monster.
 33678 | Snake:1  | 33678 ||| Waiting for ranged monster.
 33679 | Snake:1  | 33679 ||| Waiting for ranged monster.
 33680 | Snake:1  | 33680 ||| Waiting for ranged monster.
 33681 | Snake:1  | 33681 ||| Waiting for ranged monster.
 33728 | Snake:1  | 33728 ||| Stepping ~*~*~tactically~*~*~ (hiding).
 33729 | Snake:1  | 33729 ||| Waiting for ranged monster.
 33730 | Snake:1  | 33730 ||| Stepping ~*~*~tactically~*~*~ (hiding).
 33731 | Snake:1  | 33731 ||| Stepping ~*~*~tactically~*~*~ (hiding).
 33732 | Snake:1  | 33732 ||| Waiting for ranged monster.
 33733 | Snake:1  | 33733 ||| Waiting for ranged monster.
 33737 | Snake:1  | 33737 ||| Waiting for ranged monster.
 33738 | Snake:1  | 33738 ||| Waiting for ranged monster.
 33739 | Snake:1  | 33739 ||| Waiting for ranged monster.
 33740 | Snake:1  | 33740 ||| Waiting for ranged monster.
 33873 | Snake:1  | 33873 ||| Stepping ~*~*~tactically~*~*~ (stealth).
 33882 | Snake:1  | 33882 ||| Stepping ~*~*~tactically~*~*~ (stealth).
 33883 | Snake:1  | 33883 ||| Stepping ~*~*~tactically~*~*~ (stealth).
 34111 | Snake:2  | Reached skill level 16 in Armour
 34116 | Snake:2  | 34116 ||| Stepping ~*~*~tactically~*~*~ (stealth).
 34122 | Snake:2  | 34122 ||| Stepping ~*~*~tactically~*~*~ (hiding).
 34123 | Snake:2  | 34123 ||| Waiting for ranged monster.
 34124 | Snake:2  | 34124 ||| Waiting for ranged monster.
 34125 | Snake:2  | 34125 ||| Stepping ~*~*~tactically~*~*~ (hiding).
 34126 | Snake:2  | 34126 ||| Waiting for ranged monster.
 34127 | Snake:2  | 34127 ||| Stepping ~*~*~tactically~*~*~ (hiding).
 34128 | Snake:2  | 34128 ||| Waiting for ranged monster.
 34129 | Snake:2  | 34129 ||| Waiting for ranged monster.
 34130 | Snake:2  | 34130 ||| Waiting for ranged monster.
 34131 | Snake:2  | 34131 ||| Stepping ~*~*~tactically~*~*~ (stealth).
 34132 | Snake:2  | 34132 ||| Stepping ~*~*~tactically~*~*~ (stealth).
 34133 | Snake:2  | 34133 ||| Stepping ~*~*~tactically~*~*~ (hiding).
 34134 | Snake:2  | 34134 ||| Stepping ~*~*~tactically~*~*~ (hiding).
 34135 | Snake:2  | 34135 ||| Stepping ~*~*~tactically~*~*~ (hiding).
 34136 | Snake:2  | 34136 ||| Waiting for ranged monster.
 34137 | Snake:2  | 34137 ||| Waiting for ranged monster.
 34138 | Snake:2  | 34138 ||| Waiting for ranged monster.
 34139 | Snake:2  | 34139 ||| Waiting for ranged monster.
 34140 | Snake:2  | 34140 ||| Waiting for ranged monster.
 34149 | Snake:2  | 34149 ||| Stepping ~*~*~tactically~*~*~ (stealth).
 34150 | Snake:2  | 34150 ||| Stepping ~*~*~tactically~*~*~ (stealth).
 34151 | Snake:2  | 34151 ||| Stepping ~*~*~tactically~*~*~ (stealth).
 34152 | Snake:2  | 34152 ||| Stepping ~*~*~tactically~*~*~ (stealth).
 34153 | Snake:2  | 34153 ||| Stepping ~*~*~tactically~*~*~ (stealth).
 34154 | Snake:2  | 34154 ||| Stepping ~*~*~tactically~*~*~ (stealth).
 34168 | Snake:2  | 34168 ||| Stepping ~*~*~tactically~*~*~ (stealth).
 34170 | Snake:2  | 34170 ||| Stepping ~*~*~tactically~*~*~ (hiding).
 34176 | Snake:2  | 34176 ||| Waiting for ranged monster.
 34177 | Snake:2  | 34177 ||| Waiting for ranged monster.
 34178 | Snake:2  | 34178 ||| Waiting for ranged monster.
 34179 | Snake:2  | 34179 ||| Waiting for ranged monster.
 34195 | Snake:2  | 34195 ||| Stepping ~*~*~tactically~*~*~ (stealth).
 34196 | Snake:2  | 34196 ||| Stepping ~*~*~tactically~*~*~ (stealth).
 34216 | Snake:2  | 34216 ||| Stepping ~*~*~tactically~*~*~ (hiding).
 34217 | Snake:2  | 34217 ||| Stepping ~*~*~tactically~*~*~ (hiding).
 34218 | Snake:2  | 34218 ||| Stepping ~*~*~tactically~*~*~ (hiding).
 34219 | Snake:2  | 34219 ||| Waiting for ranged monster.
 34220 | Snake:2  | 34220 ||| Stepping ~*~*~tactically~*~*~ (hiding).
 34221 | Snake:2  | 34221 ||| Waiting for ranged monster.
 34222 | Snake:2  | 34222 ||| Waiting for ranged monster.
 34223 | Snake:2  | 34223 ||| Stepping ~*~*~tactically~*~*~ (hiding).
 34224 | Snake:2  | 34224 ||| Waiting for ranged monster.
 34225 | Snake:2  | 34225 ||| Stepping ~*~*~tactically~*~*~ (hiding).
 34226 | Snake:2  | 34226 ||| Waiting for ranged monster.
 34227 | Snake:2  | 34227 ||| Waiting for ranged monster.
 34228 | Snake:2  | 34228 ||| Stepping ~*~*~tactically~*~*~ (hiding).
 34229 | Snake:2  | 34229 ||| Waiting for ranged monster.
 34230 | Snake:2  | 34230 ||| Waiting for ranged monster.
 34231 | Snake:2  | 34231 ||| Waiting for ranged monster.
 34237 | Snake:2  | 34237 ||| Waiting for ranged monster.
 34279 | Snake:2  | 34279 ||| Stepping ~*~*~tactically~*~*~ (hiding).
 34280 | Snake:2  | 34280 ||| Stepping ~*~*~tactically~*~*~ (hiding).
 34281 | Snake:2  | 34281 ||| Waiting for ranged monster.
 34282 | Snake:2  | 34282 ||| Stepping ~*~*~tactically~*~*~ (hiding).
 34283 | Snake:2  | 34283 ||| Stepping ~*~*~tactically~*~*~ (hiding).
 34305 | Snake:2  | 34305 ||| Stepping ~*~*~tactically~*~*~ (stealth).
 34310 | Snake:2  | 34310 ||| Stepping ~*~*~tactically~*~*~ (hiding).
 34311 | Snake:2  | 34311 ||| Waiting for ranged monster.
 34312 | Snake:2  | 34312 ||| Stepping ~*~*~tactically~*~*~ (hiding).
 34313 | Snake:2  | 34313 ||| Stepping ~*~*~tactically~*~*~ (hiding).
 34315 | Snake:2  | 34315 ||| Stepping ~*~*~tactically~*~*~ (hiding).
 34392 | Snake:2  | 34392 ||| Stepping ~*~*~tactically~*~*~ (hiding).
 34393 | Snake:2  | 34393 ||| Stepping ~*~*~tactically~*~*~ (hiding).
 34427 | Snake:2  | 34427 ||| Stepping ~*~*~tactically~*~*~ (stealth).
 34430 | Snake:2  | 34430 ||| Stepping ~*~*~tactically~*~*~ (stealth).
 34442 | Snake:2  | 34442 ||| Stepping ~*~*~tactically~*~*~ (stealth).
 34464 | Snake:2  | 34464 ||| Stepping ~*~*~tactically~*~*~ (hiding).
 34465 | Snake:2  | 34465 ||| Stepping ~*~*~tactically~*~*~ (hiding).
 34466 | Snake:2  | 34466 ||| Stepping ~*~*~tactically~*~*~ (hiding).
 34467 | Snake:2  | 34467 ||| Stepping ~*~*~tactically~*~*~ (hiding).
 34468 | Snake:2  | 34468 ||| Waiting for ranged monster.
 34469 | Snake:2  | 34469 ||| Waiting for ranged monster.
 34470 | Snake:2  | 34470 ||| Waiting for ranged monster.
 34471 | Snake:2  | 34471 ||| Stepping ~*~*~tactically~*~*~ (hiding).
 34472 | Snake:2  | 34472 ||| Stepping ~*~*~tactically~*~*~ (hiding).
 34473 | Snake:2  | 34473 ||| Stepping ~*~*~tactically~*~*~ (hiding).
 34474 | Snake:2  | 34474 ||| Stepping ~*~*~tactically~*~*~ (hiding).
 34517 | Snake:2  | 34517 ||| UPGRADING to ring of protection from fire.
 34519 | Snake:2  | 34519 ||| DROPPING ring of fire.
 34520 | Snake:2  | 34520 ||| UPGRADING to ring of the Scarab {Str+4 SInv
                  | Stlth-}.
 34531 | Snake:2  | 34531 ||| READING scroll of enchant weapon.
 34531 | Snake:2  | 34531 ||| ENCHANTING +7 broad axe of electrocution.
 34752 | Snake:3  | Found a stormy altar of Qazlal.
 34855 | Snake:3  | 34855 ||| Stepping ~*~*~tactically~*~*~ (hiding).
 34856 | Snake:3  | 34856 ||| Waiting for ranged monster.
 34857 | Snake:3  | 34857 ||| Waiting for ranged monster.
 34858 | Snake:3  | 34858 ||| Stepping ~*~*~tactically~*~*~ (hiding).
 34859 | Snake:3  | 34859 ||| Waiting for ranged monster.
 34860 | Snake:3  | 34860 ||| Stepping ~*~*~tactically~*~*~ (hiding).
 34867 | Snake:3  | 34867 ||| Stepping ~*~*~tactically~*~*~ (hiding).
 34868 | Snake:3  | 34868 ||| Waiting for ranged monster.
 34869 | Snake:3  | 34869 ||| Waiting for ranged monster.
 34902 | Snake:3  | 34902 ||| UPGRADING to coral ring.
 34904 | Snake:3  | 34904 ||| UPGRADING to ring of the Scarab {Str+4 SInv
                  | Stlth-}.
 34906 | Snake:3  | 34906 ||| UPGRADING to +5 ring of evasion.
 34917 | Snake:3  | 34917 ||| Stepping ~*~*~tactically~*~*~ (hiding).
 34926 | Snake:3  | 34926 ||| Waiting for ranged monster.
 34927 | Snake:3  | 34927 ||| Stepping ~*~*~tactically~*~*~ (hiding).
 34928 | Snake:3  | 34928 ||| Waiting for ranged monster.
 34929 | Snake:3  | 34929 ||| Waiting for ranged monster.
 34930 | Snake:3  | 34930 ||| Stepping ~*~*~tactically~*~*~ (hiding).
 34931 | Snake:3  | 34931 ||| Waiting for ranged monster.
 34932 | Snake:3  | 34932 ||| Waiting for ranged monster.
 34933 | Snake:3  | 34933 ||| Waiting for ranged monster.
 34938 | Snake:3  | 34938 ||| Waiting for ranged monster.
 34939 | Snake:3  | 34939 ||| Waiting for ranged monster.
 35145 | Snake:3  | 35145 ||| Stepping ~*~*~tactically~*~*~ (stealth).
 35147 | Snake:3  | 35147 ||| Stepping ~*~*~tactically~*~*~ (stealth).
 35162 | Snake:3  | 35162 ||| UPGRADING to shiny chain mail.
 35172 | Snake:3  | 35172 ||| UPGRADING to +0 plate armour.
 35182 | Snake:3  | 35182 ||| UPGRADING to +2 chain mail of poison resistance.
 35192 | Snake:3  | 35192 ||| DROPPING +3 chain mail.
 35308 | Snake:3  | 35308 ||| Stepping ~*~*~tactically~*~*~ (stealth).
 35355 | Snake:3  | 35355 ||| Stepping ~*~*~tactically~*~*~ (hiding).
 35356 | Snake:3  | 35356 ||| Waiting for ranged monster.
 35357 | Snake:3  | 35357 ||| Waiting for ranged monster.
 35363 | Snake:3  | 35363 ||| Waiting for ranged monster.
 35364 | Snake:3  | 35364 ||| Waiting for ranged monster.
 35366 | Snake:3  | 35366 ||| Stepping ~*~*~tactically~*~*~ (hiding).
 35367 | Snake:3  | 35367 ||| Waiting for ranged monster.
 35368 | Snake:3  | 35368 ||| Waiting for ranged monster.
 35369 | Snake:3  | 35369 ||| Waiting for ranged monster.
 35373 | Snake:3  | 35373 ||| Stepping ~*~*~tactically~*~*~ (hiding).
 35374 | Snake:3  | 35374 ||| Waiting for ranged monster.
 35375 | Snake:3  | 35375 ||| Waiting for ranged monster.
 35376 | Snake:3  | 35376 ||| Waiting for ranged monster.
 35387 | Snake:3  | 35387 ||| Stepping ~*~*~tactically~*~*~ (hiding).
 35602 | Snake:4  | Entered Level 4 of the Snake Pit
 35606 | Snake:4  | 35606 ||| Stepping ~*~*~tactically~*~*~ (hiding).
 35607 | Snake:4  | 35607 ||| Stepping ~*~*~tactically~*~*~ (hiding).
 35608 | Snake:4  | 35608 ||| Waiting for ranged monster.
 35609 | Snake:4  | 35609 ||| Waiting for ranged monster.
 35610 | Snake:4  | 35610 ||| Waiting for ranged monster.
 35611 | Snake:4  | 35611 ||| Waiting for ranged monster.
 35612 | Snake:4  | 35612 ||| Waiting for ranged monster.
 35721 | Snake:4  | 35721 ||| Stepping ~*~*~tactically~*~*~ (hiding).
 35722 | Snake:4  | 35722 ||| Waiting for ranged monster.
 35723 | Snake:4  | 35723 ||| Waiting for ranged monster.
 35724 | Snake:4  | 35724 ||| Waiting for ranged monster.
 35725 | Snake:4  | 35725 ||| Waiting for ranged monster.
 35726 | Snake:4  | 35726 ||| Waiting for ranged monster.
 35842 | Snake:4  | 35842 ||| Stepping ~*~*~tactically~*~*~ (hiding).
 35843 | Snake:4  | 35843 ||| Waiting for ranged monster.
 35850 | Snake:4  | 35850 ||| EATING 66 rations.
 35851 | Snake:4  | 35851 ||| Waiting for ranged monster.
 35863 | Snake:4  | 35863 ||| Stepping ~*~*~tactically~*~*~ (hiding).
 35864 | Snake:4  | 35864 ||| Waiting for ranged monster.
 35865 | Snake:4  | 35865 ||| Waiting for ranged monster.
 35866 | Snake:4  | 35866 ||| Waiting for ranged monster.
 35867 | Snake:4  | 35867 ||| Waiting for ranged monster.
 35868 | Snake:4  | 35868 ||| Waiting for ranged monster.
 35869 | Snake:4  | 35869 ||| Waiting for ranged monster.
 35870 | Snake:4  | 35870 ||| Waiting for ranged monster.
 35875 | Snake:4  | 35875 ||| Stepping ~*~*~tactically~*~*~ (hiding).
 35876 | Snake:4  | 35876 ||| Waiting for ranged monster.
 35877 | Snake:4  | 35877 ||| Waiting for ranged monster.
 35878 | Snake:4  | 35878 ||| Waiting for ranged monster.
 35879 | Snake:4  | 35879 ||| Waiting for ranged monster.
 35882 | Snake:4  | 35882 ||| Waiting for ranged monster.
 35884 | Snake:4  | 35884 ||| Waiting for ranged monster.
 35959 | Snake:4  | 35959 ||| Stepping ~*~*~tactically~*~*~ (hiding).
 35960 | Snake:4  | 35960 ||| Waiting for ranged monster.
 35961 | Snake:4  | 35961 ||| Waiting for ranged monster.
 35966 | Snake:4  | 35966 ||| Waiting for ranged monster.
 35967 | Snake:4  | 35967 ||| Waiting for ranged monster.
 35968 | Snake:4  | 35968 ||| Waiting for ranged monster.
 36059 | Snake:4  | 36059 ||| Stepping ~*~*~tactically~*~*~ (hiding).
 36060 | Snake:4  | 36060 ||| Waiting for ranged monster.
 36061 | Snake:4  | 36061 ||| Stepping ~*~*~tactically~*~*~ (hiding).
 36077 | Snake:4  | 36077 ||| Stepping ~*~*~tactically~*~*~ (water).
 36092 | Snake:4  | 36092 ||| Stepping ~*~*~tactically~*~*~ (water).
 36148 | Snake:4  | 36148 ||| Stepping ~*~*~tactically~*~*~ (hiding).
 36149 | Snake:4  | 36149 ||| Waiting for ranged monster.
 36150 | Snake:4  | 36150 ||| Waiting for ranged monster.
 36151 | Snake:4  | 36151 ||| Waiting for ranged monster.
 36152 | Snake:4  | 36152 ||| Waiting for ranged monster.
 36153 | Snake:4  | 36153 ||| Waiting for ranged monster.
 36154 | Snake:4  | 36154 ||| Waiting for ranged monster.
 36167 | Snake:4  | Reached XP level 21. HP: 225/225 MP: 7/7
 36195 | Snake:4  | 36195 ||| Stepping ~*~*~tactically~*~*~ (hiding).
 36196 | Snake:4  | 36196 ||| Stepping ~*~*~tactically~*~*~ (hiding).
 36197 | Snake:4  | 36197 ||| Waiting for ranged monster.
 36198 | Snake:4  | 36198 ||| Stepping ~*~*~tactically~*~*~ (stealth).
 36199 | Snake:4  | 36199 ||| Waiting for ranged monster.
 36200 | Snake:4  | 36200 ||| Stepping ~*~*~tactically~*~*~ (stealth).
 36201 | Snake:4  | 36201 ||| Stepping ~*~*~tactically~*~*~ (stealth).
 36202 | Snake:4  | 36202 ||| Stepping ~*~*~tactically~*~*~ (stealth).
 36222 | Snake:4  | 36222 ||| Stepping ~*~*~tactically~*~*~ (hiding).
 36223 | Snake:4  | 36223 ||| Stepping ~*~*~tactically~*~*~ (hiding).
 36224 | Snake:4  | 36224 ||| Stepping ~*~*~tactically~*~*~ (hiding).
 36225 | Snake:4  | 36225 ||| Waiting for ranged monster.
 36226 | Snake:4  | 36226 ||| Waiting for ranged monster.
 36227 | Snake:4  | 36227 ||| Waiting for ranged monster.
 36228 | Snake:4  | 36228 ||| Waiting for ranged monster.
 36229 | Snake:4  | 36229 ||| Waiting for ranged monster.
 36230 | Snake:4  | 36230 ||| Waiting for ranged monster.
 36231 | Snake:4  | 36231 ||| Waiting for ranged monster.
 36232 | Snake:4  | 36232 ||| Waiting for ranged monster.
 36237 | Snake:4  | 36237 ||| Stepping ~*~*~tactically~*~*~ (hiding).
 36238 | Snake:4  | 36238 ||| Stepping ~*~*~tactically~*~*~ (hiding).
 36239 | Snake:4  | 36239 ||| Waiting for ranged monster.
 36240 | Snake:4  | 36240 ||| Waiting for ranged monster.
 36241 | Snake:4  | 36241 ||| Waiting for ranged monster.
 36242 | Snake:4  | 36242 ||| Waiting for ranged monster.
 36243 | Snake:4  | 36243 ||| Waiting for ranged monster.
 36244 | Snake:4  | 36244 ||| Waiting for ranged monster.
 36245 | Snake:4  | 36245 ||| Waiting for ranged monster.
 36252 | Snake:4  | 36252 ||| Stepping ~*~*~tactically~*~*~ (hiding).
 36253 | Snake:4  | 36253 ||| Stepping ~*~*~tactically~*~*~ (hiding).
 36254 | Snake:4  | 36254 ||| Waiting for ranged monster.
 36255 | Snake:4  | 36255 ||| Waiting for ranged monster.
 36256 | Snake:4  | 36256 ||| Waiting for ranged monster.
 36257 | Snake:4  | 36257 ||| Waiting for ranged monster.
 36268 | Snake:4  | 36268 ||| Stepping ~*~*~tactically~*~*~ (hiding).
 36295 | Snake:4  | 36295 ||| Stepping ~*~*~tactically~*~*~ (stealth).
 36300 | Snake:4  | 36300 ||| Stepping ~*~*~tactically~*~*~ (water).
 36306 | Snake:4  | Got a serpentine rune of Zot
 36307 | Snake:4  | 36307 ||| UPGRADING to +0 plate armour.
 36317 | Snake:4  | 36317 ||| DROPPING +2 chain mail of poison resistance.
 36408 | Snake:4  | Reached skill level 17 in Armour
 36688 | Snake:4  | 36688 ||| Stepping ~*~*~tactically~*~*~ (hiding).
 36689 | Snake:4  | 36689 ||| Stepping ~*~*~tactically~*~*~ (hiding).
 36690 | Snake:4  | 36690 ||| Stepping ~*~*~tactically~*~*~ (hiding).
 36691 | Snake:4  | 36691 ||| Waiting for ranged monster.
 36692 | Snake:4  | 36692 ||| Stepping ~*~*~tactically~*~*~ (hiding).
 36693 | Snake:4  | 36693 ||| Stepping ~*~*~tactically~*~*~ (hiding).
 36694 | Snake:4  | 36694 ||| Waiting for ranged monster.
 36695 | Snake:4  | 36695 ||| Waiting for ranged monster.
 36696 | Snake:4  | 36696 ||| Waiting for ranged monster.
 36697 | Snake:4  | 36697 ||| Waiting for ranged monster.
 36698 | Snake:4  | 36698 ||| Waiting for ranged monster.
 36699 | Snake:4  | 36699 ||| Waiting for ranged monster.
 36715 | Snake:4  | 36715 ||| Stepping ~*~*~tactically~*~*~ (stealth).
 36717 | Snake:4  | 36717 ||| Stepping ~*~*~tactically~*~*~ (hiding).
 36718 | Snake:4  | 36718 ||| Stepping ~*~*~tactically~*~*~ (hiding).
 36967 | D:15     | 36967 ||| INVOKING Greater Servant of Makhleb.
 37014 | Depths:1 | Entered Level 1 of the Depths
 37015 | Depths:1 | 37015 ||| Entered U.
 37016 | Depths:1 | 37016 ||| INVOKING Greater Servant of Makhleb.
 37163 | Depths:1 | 37163 ||| UPGRADING to copper ring.
 37165 | Depths:1 | 37165 ||| REMOVING ring of flight.
 37166 | Depths:1 | 37166 ||| UPGRADING to ring of protection from fire.
 37167 | Depths:1 | 37167 ||| UPGRADING to +6 ring of strength.
 37169 | Depths:1 | 37169 ||| UPGRADING to ring of the Scarab {Str+4 SInv
                  | Stlth-}.
 37171 | Depths:1 | 37171 ||| DROPPING ring of flight.
 37209 | Depths:1 | Found a gateway to Hell.
 37251 | Depths:1 | 37251 ||| INVOKING Greater Servant of Makhleb.
 37268 | Depths:1 | Reached skill level 18 in Armour
 37341 | Depths:1 | Found the +8 Wrath of Trog {antimagic, *Rage}
 37350 | Depths:1 | 37350 ||| UPGRADING to twisted jade ring.
 37352 | Depths:1 | 37352 ||| UPGRADING to ring of the Scarab {Str+4 SInv
                  | Stlth-}.
 37354 | Depths:1 | 37354 ||| READING 20 scrolls of remove curse.
 37355 | Depths:1 | 37355 ||| REMOVING -4 ring of intelligence.
 37356 | Depths:1 | 37356 ||| UPGRADING to +6 ring of strength.
 37357 | Depths:1 | 37357 ||| DROPPING -4 ring of intelligence.
 37358 | Depths:1 | 37358 ||| UPGRADING to +5 ring of evasion.
 37600 | Depths:2 | Noticed Sojobo
 37601 | Depths:2 | 37601 ||| INVOKING Greater Servant of Makhleb.
 37621 | Depths:2 | 37621 ||| INVOKING Greater Servant of Makhleb.
 37625 | Depths:2 | 37625 ||| INVOKING Greater Servant of Makhleb.
 37634 | Depths:2 | 37634 ||| INVOKING Greater Servant of Makhleb.
 37637 | Depths:2 | Killed Sojobo
 37638 | Depths:2 | Reached skill level 19 in Armour
 37664 | Depths:2 | 37664 ||| DRINKING 3 potions of heal wounds.
 37665 | Depths:2 | 37665 ||| STAIRDANCE
 37667 | Depths:1 | 37667 ||| DRINKING 2 potions of heal wounds.
 37668 | Depths:1 | 37668 ||| DRINKING potion of heal wounds.
 37670 | Depths:1 | 37670 ||| INVOKING Heal Wounds.
 37671 | Depths:1 | 37671 ||| INVOKING Heal Wounds.
 37672 | Depths:1 | 37672 ||| INVOKING Heal Wounds.
 37673 | Depths:1 | 37673 ||| INVOKING Heal Wounds.
 37674 | Depths:1 | 37674 ||| INVOKING Heal Wounds.
 37675 | Depths:1 | 37675 ||| INVOKING Heal Wounds.
 37679 | Depths:1 | 37679 ||| INVOKING Heal Wounds.
 37680 | Depths:1 | 37680 ||| INVOKING Heal Wounds.
 37681 | Depths:1 | 37681 ||| INVOKING Heal Wounds.
 37684 | Depths:1 | 37684 ||| INVOKING Heal Wounds.
 37685 | Depths:1 | 37685 ||| INVOKING Heal Wounds.
 37686 | Depths:1 | 37686 ||| INVOKING Heal Wounds.
 37720 | Depths:2 | 37720 ||| Stepping ~*~*~tactically~*~*~ (stealth).
 37761 | Depths:2 | 37761 ||| Stepping ~*~*~tactically~*~*~ (stealth).
 37762 | Depths:2 | 37762 ||| Stepping ~*~*~tactically~*~*~ (stealth).
 37763 | Depths:2 | 37763 ||| Stepping ~*~*~tactically~*~*~ (stealth).
 37764 | Depths:2 | 37764 ||| Stepping ~*~*~tactically~*~*~ (stealth).
 37786 | Depths:2 | 37786 ||| Stepping ~*~*~tactically~*~*~ (stealth).
 37787 | Depths:2 | 37787 ||| Stepping ~*~*~tactically~*~*~ (stealth).
 37802 | Depths:2 | 37802 ||| Stepping ~*~*~tactically~*~*~ (stealth).
 37803 | Depths:2 | 37803 ||| Stepping ~*~*~tactically~*~*~ (stealth).
 37804 | Depths:2 | 37804 ||| Stepping ~*~*~tactically~*~*~ (stealth).
 37807 | Depths:2 | 37807 ||| Stepping ~*~*~tactically~*~*~ (stealth).
 37809 | Depths:2 | 37809 ||| Stepping ~*~*~tactically~*~*~ (stealth).
 37812 | Depths:2 | 37812 ||| Stepping ~*~*~tactically~*~*~ (stealth).
 37814 | Depths:2 | 37814 ||| Stepping ~*~*~tactically~*~*~ (stealth).
 37815 | Depths:2 | 37815 ||| STAIRDANCE
 37825 | Depths:2 | 37825 ||| STAIRDANCE
 37847 | Depths:2 | 37847 ||| Stepping ~*~*~tactically~*~*~ (stealth).
 37895 | Depths:2 | Found a snail-covered altar of Cheibriados.
 37900 | Depths:2 | 37900 ||| READING scroll of enchant armour.
 37900 | Depths:2 | 37900 ||| ENCHANTING +0 plate armour.
 37960 | Depths:2 | 37960 ||| Stepping ~*~*~tactically~*~*~ (hiding).
 37961 | Depths:2 | 37961 ||| Stepping ~*~*~tactically~*~*~ (hiding).
 37962 | Depths:2 | 37962 ||| Waiting for ranged monster.
 37963 | Depths:2 | 37963 ||| Waiting for ranged monster.
 37970 | Depths:2 | 37970 ||| Waiting for ranged monster.
 37992 | Depths:2 | 37992 ||| Stepping ~*~*~tactically~*~*~ (stealth).
 37994 | Depths:2 | 37994 ||| Stepping ~*~*~tactically~*~*~ (stealth).
 38040 | Depths:2 | 38040 ||| Stepping ~*~*~tactically~*~*~ (stealth).
 38041 | Depths:2 | 38041 ||| Stepping ~*~*~tactically~*~*~ (stealth).
 38043 | Depths:2 | 38043 ||| Stepping ~*~*~tactically~*~*~ (stealth).
 38141 | Depths:2 | 38141 ||| Stepping ~*~*~tactically~*~*~ (hiding).
 38142 | Depths:2 | 38142 ||| Stepping ~*~*~tactically~*~*~ (hiding).
 38143 | Depths:2 | 38143 ||| Stepping ~*~*~tactically~*~*~ (hiding).
 38144 | Depths:2 | 38144 ||| Stepping ~*~*~tactically~*~*~ (hiding).
 38145 | Depths:2 | 38145 ||| Stepping ~*~*~tactically~*~*~ (hiding).
 38146 | Depths:2 | 38146 ||| Stepping ~*~*~tactically~*~*~ (hiding).
 38147 | Depths:2 | 38147 ||| Stepping ~*~*~tactically~*~*~ (hiding).
 38148 | Depths:2 | 38148 ||| Stepping ~*~*~tactically~*~*~ (hiding).
 38149 | Depths:2 | 38149 ||| Waiting for ranged monster.
 38203 | Depths:2 | 38203 ||| Stepping ~*~*~tactically~*~*~ (hiding).
 38204 | Depths:2 | 38204 ||| Waiting for ranged monster.
 38206 | Depths:2 | 38206 ||| INVOKING Greater Servant of Makhleb.
 38268 | Depths:2 | 38268 ||| Stepping ~*~*~tactically~*~*~ (stealth).
 38270 | Depths:2 | 38270 ||| Stepping ~*~*~tactically~*~*~ (hiding).
 38271 | Depths:2 | 38271 ||| Waiting for ranged monster.
 38324 | Depths:2 | 38324 ||| Stepping ~*~*~tactically~*~*~ (hiding).
 38325 | Depths:2 | 38325 ||| Stepping ~*~*~tactically~*~*~ (hiding).
 38333 | Depths:2 | 38333 ||| Waiting for ranged monster.
 38334 | Depths:2 | 38334 ||| Waiting for ranged monster.
 38377 | Depths:2 | 38377 ||| Stepping ~*~*~tactically~*~*~ (hiding).
 38378 | Depths:2 | 38378 ||| Waiting for ranged monster.
 38389 | Depths:2 | Reached XP level 22. HP: 219/238 MP: 7/7
 38435 | Depths:2 | 38435 ||| INVOKING Greater Servant of Makhleb.
 38457 | Depths:2 | 38457 ||| INVOKING Heal Wounds.
 38458 | Depths:2 | 38458 ||| INVOKING Heal Wounds.
 38529 | Depths:2 | 38529 ||| DRINKING 4 potions of resistance.
 38585 | Depths:2 | 38585 ||| Stepping ~*~*~tactically~*~*~ (hiding).
 38587 | Depths:2 | 38587 ||| Stepping ~*~*~tactically~*~*~ (hiding).
 38604 | Depths:2 | Reached skill level 21 in Shields
 38631 | Depths:2 | 38631 ||| Stepping ~*~*~tactically~*~*~ (hiding).
 38632 | Depths:2 | 38632 ||| Waiting for ranged monster.
 38633 | Depths:2 | 38633 ||| Waiting for ranged monster.
 38634 | Depths:2 | 38634 ||| Waiting for ranged monster.
 38635 | Depths:2 | 38635 ||| Waiting for ranged monster.
 38636 | Depths:2 | 38636 ||| Waiting for ranged monster.
 38637 | Depths:2 | 38637 ||| Waiting for ranged monster.
 38638 | Depths:2 | 38638 ||| Waiting for ranged monster.
 38639 | Depths:2 | 38639 ||| Waiting for ranged monster.
 38640 | Depths:2 | 38640 ||| Waiting for ranged monster.
 38643 | Depths:2 | 38643 ||| Stepping ~*~*~tactically~*~*~ (stealth).
 38645 | Depths:2 | 38645 ||| Stepping ~*~*~tactically~*~*~ (hiding).
 38674 | Depths:2 | Noticed a golden dragon
 38675 | Depths:2 | 38675 ||| Stepping ~*~*~tactically~*~*~ (hiding).
 38676 | Depths:2 | 38676 ||| Waiting for ranged monster.
 38677 | Depths:2 | 38677 ||| Waiting for ranged monster.
 38678 | Depths:2 | 38678 ||| Waiting for ranged monster.
 38679 | Depths:2 | 38679 ||| Waiting for ranged monster.
 38680 | Depths:2 | 38680 ||| Waiting for ranged monster.
 38685 | Depths:2 | Killed a golden dragon
 38687 | Depths:2 | 38687 ||| Stepping ~*~*~tactically~*~*~ (hiding).
 38688 | Depths:2 | 38688 ||| Waiting for ranged monster.
 38689 | Depths:2 | 38689 ||| Waiting for ranged monster.
 38690 | Depths:2 | 38690 ||| Waiting for ranged monster.
 38691 | Depths:2 | 38691 ||| Waiting for ranged monster.
 38692 | Depths:2 | 38692 ||| Waiting for ranged monster.
 38693 | Depths:2 | 38693 ||| Waiting for ranged monster.
 38694 | Depths:2 | 38694 ||| Waiting for ranged monster.
 38699 | Depths:2 | 38699 ||| Stepping ~*~*~tactically~*~*~ (stealth).
 38700 | Depths:2 | 38700 ||| Stepping ~*~*~tactically~*~*~ (stealth).
 38701 | Depths:2 | 38701 ||| Stepping ~*~*~tactically~*~*~ (stealth).
 38702 | Depths:2 | 38702 ||| Stepping ~*~*~tactically~*~*~ (stealth).
 38745 | Depths:2 | Noticed a juggernaut
 38746 | Depths:2 | 38746 ||| INVOKING Greater Servant of Makhleb.
 38754 | Depths:2 | Killed a juggernaut
 38958 | Depths:2 | 38958 ||| Stepping ~*~*~tactically~*~*~ (hiding).
 38959 | Depths:2 | 38959 ||| Waiting for ranged monster.
 38971 | Depths:2 | Reached skill level 20 in Armour
 38982 | Depths:2 | 38982 ||| UPGRADING to +0 storm dragon scales.
 39019 | Depths:2 | 39019 ||| INVOKING Greater Servant of Makhleb.
 39044 | Depths:2 | 39044 ||| UPGRADING to pearl ring.
 39046 | Depths:2 | 39046 ||| DROPPING +6 ring of strength.
 39093 | Depths:2 | Found a one-way gate to the infinite horrors of the Abyss.
 39189 | Depths:2 | 39189 ||| Stepping ~*~*~tactically~*~*~ (stealth).
 39195 | Depths:2 | Paralysed by a floating eye for 4 turns
 39360 | Depths:3 | 39360 ||| Stepping ~*~*~tactically~*~*~ (stealth).
 39362 | Depths:3 | 39362 ||| Stepping ~*~*~tactically~*~*~ (stealth).
 39363 | Depths:3 | 39363 ||| Stepping ~*~*~tactically~*~*~ (stealth).
 39392 | Depths:3 | 39392 ||| Stepping ~*~*~tactically~*~*~ (stealth).
 39393 | Depths:3 | 39393 ||| Stepping ~*~*~tactically~*~*~ (stealth).
 39395 | Depths:3 | 39395 ||| Stepping ~*~*~tactically~*~*~ (stealth).
 39419 | Depths:3 | 39419 ||| Stepping ~*~*~tactically~*~*~ (stealth).
 39421 | Depths:3 | 39421 ||| Stepping ~*~*~tactically~*~*~ (hiding).
 39422 | Depths:3 | 39422 ||| Stepping ~*~*~tactically~*~*~ (hiding).
 39423 | Depths:3 | 39423 ||| Stepping ~*~*~tactically~*~*~ (hiding).
 39424 | Depths:3 | 39424 ||| Stepping ~*~*~tactically~*~*~ (hiding).
 39425 | Depths:3 | 39425 ||| Stepping ~*~*~tactically~*~*~ (hiding).
 39435 | Depths:3 | 39435 ||| Stepping ~*~*~tactically~*~*~ (hiding).
 39436 | Depths:3 | 39436 ||| Stepping ~*~*~tactically~*~*~ (hiding).
 39437 | Depths:3 | 39437 ||| Stepping ~*~*~tactically~*~*~ (hiding).
 39438 | Depths:3 | 39438 ||| Stepping ~*~*~tactically~*~*~ (hiding).
 39439 | Depths:3 | 39439 ||| Stepping ~*~*~tactically~*~*~ (hiding).
 39440 | Depths:3 | 39440 ||| Stepping ~*~*~tactically~*~*~ (hiding).
 39441 | Depths:3 | 39441 ||| Stepping ~*~*~tactically~*~*~ (hiding).
 39442 | Depths:3 | 39442 ||| Stepping ~*~*~tactically~*~*~ (hiding).
 39443 | Depths:3 | 39443 ||| Stepping ~*~*~tactically~*~*~ (hiding).
 39444 | Depths:3 | 39444 ||| Stepping ~*~*~tactically~*~*~ (hiding).
 39445 | Depths:3 | 39445 ||| Stepping ~*~*~tactically~*~*~ (hiding).
 39446 | Depths:3 | 39446 ||| Stepping ~*~*~tactically~*~*~ (hiding).
 39447 | Depths:3 | 39447 ||| Stepping ~*~*~tactically~*~*~ (hiding).
 39471 | Depths:3 | 39471 ||| Stepping ~*~*~tactically~*~*~ (stealth).
 39472 | Depths:3 | 39472 ||| Stepping ~*~*~tactically~*~*~ (stealth).
 39473 | Depths:3 | 39473 ||| Stepping ~*~*~tactically~*~*~ (stealth).
 39474 | Depths:3 | 39474 ||| Stepping ~*~*~tactically~*~*~ (stealth).
 39475 | Depths:3 | 39475 ||| Stepping ~*~*~tactically~*~*~ (stealth).
 39476 | Depths:3 | 39476 ||| Stepping ~*~*~tactically~*~*~ (stealth).
 39477 | Depths:3 | 39477 ||| Stepping ~*~*~tactically~*~*~ (stealth).
 39478 | Depths:3 | 39478 ||| Stepping ~*~*~tactically~*~*~ (stealth).
 39479 | Depths:3 | 39479 ||| Stepping ~*~*~tactically~*~*~ (stealth).
 39482 | Depths:3 | 39482 ||| Stepping ~*~*~tactically~*~*~ (stealth).
 39483 | Depths:3 | 39483 ||| Stepping ~*~*~tactically~*~*~ (stealth).
 39484 | Depths:3 | 39484 ||| Stepping ~*~*~tactically~*~*~ (stealth).
 39485 | Depths:3 | 39485 ||| Stepping ~*~*~tactically~*~*~ (stealth).
 39516 | Depths:3 | 39516 ||| Stepping ~*~*~tactically~*~*~ (hiding).
 39517 | Depths:3 | 39517 ||| Stepping ~*~*~tactically~*~*~ (hiding).
 39518 | Depths:3 | 39518 ||| Waiting for ranged monster.
 39519 | Depths:3 | 39519 ||| Stepping ~*~*~tactically~*~*~ (hiding).
 39520 | Depths:3 | 39520 ||| Stepping ~*~*~tactically~*~*~ (hiding).
 39521 | Depths:3 | 39521 ||| Stepping ~*~*~tactically~*~*~ (hiding).
 39522 | Depths:3 | 39522 ||| Stepping ~*~*~tactically~*~*~ (hiding).
 39523 | Depths:3 | 39523 ||| Stepping ~*~*~tactically~*~*~ (hiding).
 39524 | Depths:3 | 39524 ||| Stepping ~*~*~tactically~*~*~ (hiding).
 39541 | Depths:3 | Found a glowing silver altar of Zin.
 39542 | Depths:3 | Found an ornate altar of the Wu Jian Council.
 39542 | Depths:3 | Found a glowing golden altar of the Shining One.
 39544 | Depths:3 | Found a one-way gate leading to the halls of Pandemonium.
 39602 | Depths:3 | 39602 ||| Stepping ~*~*~tactically~*~*~ (hiding).
 39603 | Depths:3 | 39603 ||| INVOKING Greater Servant of Makhleb.
 39605 | Depths:3 | 39605 ||| INVOKING Greater Servant of Makhleb.
 39653 | Depths:3 | 39653 ||| Stepping ~*~*~tactically~*~*~ (hiding).
 39654 | Depths:3 | 39654 ||| Stepping ~*~*~tactically~*~*~ (hiding).
 39655 | Depths:3 | 39655 ||| Stepping ~*~*~tactically~*~*~ (stealth).
 39656 | Depths:3 | 39656 ||| Waiting for ranged monster.
 39768 | Depths:3 | 39768 ||| Stepping ~*~*~tactically~*~*~ (hiding).
 39776 | Depths:3 | 39776 ||| Waiting for ranged monster.
 39777 | Depths:3 | 39777 ||| Waiting for ranged monster.
 39789 | Depths:3 | 39789 ||| INVOKING Greater Servant of Makhleb.
 39810 | Depths:3 | 39810 ||| DRINKING 23 potions of curing.
 39810 | Depths:3 | 39810 ||| (to cure bad poison)
 39828 | Depths:3 | 39828 ||| INVOKING Heal Wounds.
 39833 | Depths:3 | 39833 ||| INVOKING Heal Wounds.
 39884 | Depths:3 | 39884 ||| INVOKING Heal Wounds.
 39959 | Depths:3 | Reached skill level 18 in Fighting
 39959 | Depths:3 | Reached XP level 23. HP: 243/250 MP: 8/8
 39990 | Depths:3 | 39990 ||| Stepping ~*~*~tactically~*~*~ (hiding).
 39993 | Depths:3 | 39993 ||| Waiting for ranged monster.
 40022 | Depths:3 | 40022 ||| INVOKING Greater Servant of Makhleb.
 40083 | Depths:3 | Gained mutation: You are surrounded by a moderate repulsion
                  | field. (EV +3) [evolution]
 40194 | Depths:3 | 40194 ||| Stepping ~*~*~tactically~*~*~ (water).
 40195 | Depths:3 | 40195 ||| Stepping ~*~*~tactically~*~*~ (water).
 40196 | Depths:3 | 40196 ||| Stepping ~*~*~tactically~*~*~ (hiding).
 40331 | Depths:3 | Got a bound marble ring
 40332 | Depths:3 | 40332 ||| UPGRADING to bound marble ring.
 40333 | Depths:3 | Identified the ring "Ampouros" {Ice Str+5 Dex+3} (You found
                  | it on level 3 of the Depths)
 40334 | Depths:3 | 40334 ||| UPGRADING to +5 ring of evasion.
 40503 | Depths:3 | 40503 ||| Stepping ~*~*~tactically~*~*~ (hiding).
 40504 | Depths:3 | 40504 ||| Waiting for ranged monster.
 40505 | Depths:3 | 40505 ||| Stepping ~*~*~tactically~*~*~ (hiding).
 40506 | Depths:3 | 40506 ||| Stepping ~*~*~tactically~*~*~ (hiding).
 40507 | Depths:3 | 40507 ||| Stepping ~*~*~tactically~*~*~ (hiding).
 40508 | Depths:3 | 40508 ||| Waiting for ranged monster.
 40509 | Depths:3 | 40509 ||| Waiting for ranged monster.
 40515 | Depths:3 | 40515 ||| Waiting for ranged monster.
 40516 | Depths:3 | 40516 ||| Waiting for ranged monster.
 40609 | Depths:4 | 40609 ||| INVOKING Greater Servant of Makhleb.
 40621 | Depths:4 | 40621 ||| INVOKING Greater Servant of Makhleb.
 40639 | Depths:4 | Reached skill level 15 in Dodging
 40721 | Depths:4 | 40721 ||| UPGRADING to glowing plate armour.
 40742 | Depths:4 | 40742 ||| DRINKING 3 potions of resistance.
 40768 | Depths:4 | Noticed Frederick
 40769 | Depths:4 | 40769 ||| INVOKING Greater Servant of Makhleb.
 40783 | Depths:4 | Killed Frederick
 40791 | Depths:4 | 40791 ||| DROPPING +1 plate armour.
 40947 | Depths:4 | 40947 ||| Stepping ~*~*~tactically~*~*~ (stealth).
 40961 | Depths:4 | 40961 ||| Stepping ~*~*~tactically~*~*~ (hiding).
 40962 | Depths:4 | 40962 ||| Stepping ~*~*~tactically~*~*~ (hiding).
 41098 | Depths:4 | 41098 ||| Stepping ~*~*~tactically~*~*~ (hiding).
 41099 | Depths:4 | 41099 ||| Stepping ~*~*~tactically~*~*~ (hiding).
 41100 | Depths:4 | 41100 ||| Stepping ~*~*~tactically~*~*~ (hiding).
 41101 | Depths:4 | 41101 ||| Stepping ~*~*~tactically~*~*~ (hiding).
 41102 | Depths:4 | 41102 ||| Stepping ~*~*~tactically~*~*~ (hiding).
 41103 | Depths:4 | 41103 ||| Stepping ~*~*~tactically~*~*~ (hiding).
 41104 | Depths:4 | 41104 ||| Stepping ~*~*~tactically~*~*~ (hiding).
 41105 | Depths:4 | 41105 ||| Stepping ~*~*~tactically~*~*~ (hiding).
 41106 | Depths:4 | 41106 ||| Stepping ~*~*~tactically~*~*~ (hiding).
 41107 | Depths:4 | 41107 ||| Stepping ~*~*~tactically~*~*~ (hiding).
 41108 | Depths:4 | 41108 ||| Stepping ~*~*~tactically~*~*~ (hiding).
 41109 | Depths:4 | 41109 ||| Stepping ~*~*~tactically~*~*~ (hiding).
 41110 | Depths:4 | 41110 ||| Stepping ~*~*~tactically~*~*~ (hiding).
 41111 | Depths:4 | 41111 ||| Stepping ~*~*~tactically~*~*~ (hiding).
 41112 | Depths:4 | 41112 ||| Stepping ~*~*~tactically~*~*~ (hiding).
 41113 | Depths:4 | 41113 ||| Stepping ~*~*~tactically~*~*~ (hiding).
 41114 | Depths:4 | 41114 ||| Stepping ~*~*~tactically~*~*~ (hiding).
 41115 | Depths:4 | 41115 ||| Stepping ~*~*~tactically~*~*~ (hiding).
 41116 | Depths:4 | 41116 ||| Stepping ~*~*~tactically~*~*~ (hiding).
 41117 | Depths:4 | 41117 ||| Stepping ~*~*~tactically~*~*~ (hiding).
 41118 | Depths:4 | 41118 ||| Stepping ~*~*~tactically~*~*~ (hiding).
 41119 | Depths:4 | 41119 ||| Stepping ~*~*~tactically~*~*~ (hiding).
 41120 | Depths:4 | 41120 ||| Stepping ~*~*~tactically~*~*~ (hiding).
 41121 | Depths:4 | 41121 ||| Stepping ~*~*~tactically~*~*~ (hiding).
 41122 | Depths:4 | 41122 ||| Waiting for ranged monster.
 41187 | Depths:4 | 41187 ||| Stepping ~*~*~tactically~*~*~ (hiding).
 41188 | Depths:4 | 41188 ||| Waiting for ranged monster.
 41189 | Depths:4 | 41189 ||| Waiting for ranged monster.
 41190 | Depths:4 | 41190 ||| Stepping ~*~*~tactically~*~*~ (hiding).
 41191 | Depths:4 | 41191 ||| Waiting for ranged monster.
 41197 | Depths:4 | 41197 ||| Waiting for ranged monster.
 41198 | Depths:4 | 41198 ||| Waiting for ranged monster.
 41199 | Depths:4 | 41199 ||| Waiting for ranged monster.
 41225 | Depths:4 | 41225 ||| READING scroll of enchant weapon.
 41225 | Depths:4 | 41225 ||| ENCHANTING +8 broad axe of electrocution.
 41269 | Depths:4 | 41269 ||| Stepping ~*~*~tactically~*~*~ (water).
 41300 | Depths:4 | 41300 ||| Stepping ~*~*~tactically~*~*~ (stealth).
 41301 | Depths:4 | 41301 ||| Stepping ~*~*~tactically~*~*~ (stealth).
 41302 | Depths:4 | 41302 ||| Stepping ~*~*~tactically~*~*~ (stealth).
 41359 | Depths:4 | Reached skill level 21 in Armour
 41360 | Depths:4 | 41360 ||| Stepping ~*~*~tactically~*~*~ (hiding).
 41361 | Depths:4 | 41361 ||| Waiting for ranged monster.
 41367 | Depths:4 | 41367 ||| Waiting for ranged monster.
 41368 | Depths:4 | 41368 ||| Waiting for ranged monster.
 41369 | Depths:4 | 41369 ||| Waiting for ranged monster.
 41542 | Depths:5 | Entered Level 5 of the Depths
 41548 | Depths:5 | 41548 ||| INVOKING Greater Servant of Makhleb.
 41560 | Depths:5 | 41560 ||| INVOKING Greater Servant of Makhleb.
 41756 | Depths:5 | 41756 ||| Stepping ~*~*~tactically~*~*~ (stealth).
 41766 | Depths:5 | 41766 ||| Stepping ~*~*~tactically~*~*~ (hiding).
 41767 | Depths:5 | 41767 ||| Stepping ~*~*~tactically~*~*~ (hiding).
 41768 | Depths:5 | 41768 ||| Stepping ~*~*~tactically~*~*~ (hiding).
 41769 | Depths:5 | 41769 ||| Stepping ~*~*~tactically~*~*~ (hiding).
 41770 | Depths:5 | 41770 ||| Waiting for ranged monster.
 41771 | Depths:5 | 41771 ||| Stepping ~*~*~tactically~*~*~ (hiding).
 41772 | Depths:5 | 41772 ||| Waiting for ranged monster.
 41773 | Depths:5 | 41773 ||| Stepping ~*~*~tactically~*~*~ (hiding).
 41774 | Depths:5 | 41774 ||| Stepping ~*~*~tactically~*~*~ (hiding).
 41775 | Depths:5 | 41775 ||| Waiting for ranged monster.
 41779 | Depths:5 | 41779 ||| Waiting for ranged monster.
 41780 | Depths:5 | 41780 ||| Waiting for ranged monster.
 41781 | Depths:5 | 41781 ||| Waiting for ranged monster.
 41782 | Depths:5 | 41782 ||| Waiting for ranged monster.
 41783 | Depths:5 | 41783 ||| Waiting for ranged monster.
 41787 | Depths:5 | Found a magical portal.
 41793 | Depths:5 | 41793 ||| Stepping ~*~*~tactically~*~*~ (stealth).
 41794 | Depths:5 | 41794 ||| Stepping ~*~*~tactically~*~*~ (stealth).
 41795 | Depths:5 | 41795 ||| Stepping ~*~*~tactically~*~*~ (stealth).
 41796 | Depths:5 | 41796 ||| Stepping ~*~*~tactically~*~*~ (stealth).
 41816 | Depths:5 | Found a gateway to a ziggurat.
 41841 | Depths:5 | 41841 ||| Stepping ~*~*~tactically~*~*~ (stealth).
 41954 | Depths:5 | Reached XP level 24. HP: 259/259 MP: 8/8
 42014 | Depths:5 | 42014 ||| Stepping ~*~*~tactically~*~*~ (stealth).
 42053 | Depths:5 | 42053 ||| Stepping ~*~*~tactically~*~*~ (hiding).
 42059 | Depths:5 | 42059 ||| Waiting for ranged monster.
 42060 | Depths:5 | 42060 ||| Waiting for ranged monster.
 42061 | Depths:5 | 42061 ||| Waiting for ranged monster.
 42062 | Depths:5 | 42062 ||| Waiting for ranged monster.
 42097 | Depths:5 | 42097 ||| Stepping ~*~*~tactically~*~*~ (hiding).
 42098 | Depths:5 | 42098 ||| Waiting for ranged monster.
 42099 | Depths:5 | 42099 ||| Stepping ~*~*~tactically~*~*~ (hiding).
 42111 | Depths:5 | 42111 ||| Stepping ~*~*~tactically~*~*~ (hiding).
 42112 | Depths:5 | 42112 ||| Stepping ~*~*~tactically~*~*~ (hiding).
 42145 | Depths:5 | 42145 ||| Stepping ~*~*~tactically~*~*~ (hiding).
 42149 | Depths:5 | 42149 ||| Waiting for ranged monster.
 42150 | Depths:5 | 42150 ||| Waiting for ranged monster.
 42151 | Depths:5 | 42151 ||| Waiting for ranged monster.
 42152 | Depths:5 | 42152 ||| Waiting for ranged monster.
 42153 | Depths:5 | 42153 ||| Waiting for ranged monster.
 42154 | Depths:5 | 42154 ||| Waiting for ranged monster.
 42186 | Depths:5 | 42186 ||| Stepping ~*~*~tactically~*~*~ (hiding).
 42200 | Depths:5 | 42200 ||| READING 20 scrolls of identify.
 42200 | Depths:5 | 42200 ||| IDENTIFYING smoky white potion
 42206 | Depths:5 | 42206 ||| DRINKING 23 potions of curing.
 42206 | Depths:5 | 42206 ||| (to cure bad poison)
 42219 | Depths:5 | Found a gate to the Realm of Zot.
 42220 | Depths:5 | 42220 ||| DROPPING +0 ice dragon scales.
 42221 | Depths:5 | 42221 ||| DROPPING +0 chain mail of fire resistance.
 42222 | Depths:5 | 42222 ||| DROPPING +0 storm dragon scales.
 42223 | Depths:5 | 42223 ||| DROPPING +1 plate armour of poison resistance.
 42224 | Depths:5 | 42224 ||| Stepping ~*~*~tactically~*~*~ (hiding).
 42225 | Depths:5 | 42225 ||| Stepping ~*~*~tactically~*~*~ (hiding).
 42226 | Depths:5 | 42226 ||| Stepping ~*~*~tactically~*~*~ (hiding).
 42227 | Depths:5 | 42227 ||| Waiting for ranged monster.
 42228 | Depths:5 | 42228 ||| Waiting for ranged monster.
 42229 | Depths:5 | 42229 ||| Waiting for ranged monster.
 42230 | Depths:5 | 42230 ||| Waiting for ranged monster.
 42231 | Depths:5 | 42231 ||| Waiting for ranged monster.
 42238 | Depths:5 | 42238 ||| UPGRADING to +0 gold dragon scales.
 42248 | Depths:5 | 42248 ||| DROPPING +0 plate armour of cold resistance.
 42301 | Depths:5 | 42301 ||| DROPPING potion of ambrosia.
 42496 | D:15     | 42496 ||| INVOKING Greater Servant of Makhleb.
 42698 | Vaults:5 | Entered Level 5 of the Vaults
 42700 | Vaults:5 | 42700 ||| STAIRDANCE
 42723 | Vaults:5 | 42723 ||| STAIRDANCE
 42757 | Vaults:5 | 42757 ||| STAIRDANCE
 42783 | Vaults:5 | 42783 ||| STAIRDANCE
 42815 | Vaults:5 | 42815 ||| STAIRDANCE
 42815 | Vaults:5 | Paralysed by a floating eye for 4 turns
 42816 | Vaults:5 | Noticed an ancient lich
 42820 | Vaults:4 | 42820 ||| INVOKING Heal Wounds.
 42821 | Vaults:4 | 42821 ||| INVOKING Heal Wounds.
 42822 | Vaults:4 | 42822 ||| INVOKING Heal Wounds.
 42823 | Vaults:4 | 42823 ||| INVOKING Heal Wounds.
 42824 | Vaults:4 | 42824 ||| INVOKING Heal Wounds.
 42825 | Vaults:4 | 42825 ||| INVOKING Heal Wounds.
 42827 | Vaults:4 | Reached skill level 22 in Armour
 42852 | Vaults:5 | 42852 ||| STAIRDANCE
 42874 | Vaults:5 | 42874 ||| STAIRDANCE
 42891 | Vaults:5 | 42891 ||| STAIRDANCE
 42911 | Vaults:5 | 42911 ||| INVOKING Greater Servant of Makhleb.
 42916 | Vaults:5 | 42916 ||| INVOKING Greater Servant of Makhleb.
 42920 | Vaults:5 | 42920 ||| INVOKING Greater Servant of Makhleb.
 42926 | Vaults:5 | 42926 ||| INVOKING Greater Servant of Makhleb.
 42928 | Vaults:5 | 42928 ||| STAIRDANCE
 42930 | Vaults:4 | 42930 ||| INVOKING Greater Servant of Makhleb.
 42942 | Vaults:4 | Killed an ancient lich
 42955 | Vaults:5 | 42955 ||| STAIRDANCE
 42974 | Vaults:5 | 42974 ||| STAIRDANCE
 42983 | Vaults:5 | Reached skill level 23 in Armour
 42985 | Vaults:5 | 42985 ||| STAIRDANCE
 42998 | Vaults:5 | Noticed Jory
 43020 | Vaults:5 | 43020 ||| STAIRDANCE
 43025 | Vaults:5 | Noticed an ancient lich
 43026 | Vaults:5 | 43026 ||| INVOKING Greater Servant of Makhleb.
 43032 | Vaults:5 | Killed Jory
 43038 | Vaults:5 | 43038 ||| INVOKING Greater Servant of Makhleb.
 43043 | Vaults:5 | Reached XP level 25. HP: 215/272 MP: 6/6
 43052 | Vaults:5 | 43052 ||| INVOKING Greater Servant of Makhleb.
 43054 | Vaults:5 | Killed an ancient lich
 43069 | Vaults:5 | Reached skill level 24 in Armour
 43093 | Vaults:5 | 43093 ||| STAIRDANCE
 43119 | Vaults:5 | 43119 ||| STAIRDANCE
 43143 | Vaults:5 | 43143 ||| DROPPING +0 fire dragon scales.
 43231 | Vaults:5 | Got a silver rune of Zot
 43252 | Vaults:5 | 43252 ||| READING scroll of enchant armour.
 43252 | Vaults:5 | 43252 ||| ENCHANTING +0 gold dragon scales.
 43311 | Vaults:5 | 43311 ||| Stepping ~*~*~tactically~*~*~ (hiding).
 43312 | Vaults:5 | 43312 ||| Stepping ~*~*~tactically~*~*~ (hiding).
 43313 | Vaults:5 | 43313 ||| Waiting for ranged monster.
 43314 | Vaults:5 | 43314 ||| Waiting for ranged monster.
 43315 | Vaults:5 | 43315 ||| Waiting for ranged monster.
 43316 | Vaults:5 | 43316 ||| Waiting for ranged monster.
 43317 | Vaults:5 | 43317 ||| Waiting for ranged monster.
 43318 | Vaults:5 | 43318 ||| Waiting for ranged monster.
 43421 | Vaults:5 | Got a pair of faintly glowing gloves
 43422 | Vaults:5 | 43422 ||| UPGRADING to pair of faintly glowing gloves.
 43432 | Vaults:5 | Identified the +2 pair of gloves of the Griffon {rC- MR+
                  | Dex+7 Stlth+} (You found it on level 5 of the Vaults)
 43985 | Vaults:5 | 43985 ||| EATING 87 rations.
 44002 | Vaults:5 | Identified Sif Muna's Compendium of Floating Ice
 44275 | Vaults:1 | 44275 ||| Stepping ~*~*~tactically~*~*~ (stealth).
 44277 | Vaults:1 | 44277 ||| Stepping ~*~*~tactically~*~*~ (hiding).
 44278 | Vaults:1 | 44278 ||| Stepping ~*~*~tactically~*~*~ (hiding).
 44279 | Vaults:1 | 44279 ||| Waiting for ranged monster.
 44280 | Vaults:1 | 44280 ||| Waiting for ranged monster.
 44281 | Vaults:1 | 44281 ||| Waiting for ranged monster.
 44286 | Vaults:1 | 44286 ||| Waiting for ranged monster.
 44287 | Vaults:1 | 44287 ||| Waiting for ranged monster.
 44299 | D:13     | 44299 ||| SHOPPING SPREE
 44365 | D:10     | 44365 ||| SHOPPING SPREE
 44390 | D:11     | Lost mutation: You evolve. [end of evolution]
 44395 | D:11     | Bought a +3 plate armour of magic resistance for 675 gold
                  | pieces
 44395 | D:11     | Bought the +8 plate armour of the Game of Kings {rPois rN+}
                  | for 1176 gold pieces
 44395 | D:11     | 44395 ||| DROPPING +3 plate armour of magic resistance.
 44761 | Zot:1    | Entered Level 1 of the Realm of Zot
 44762 | Zot:1    | 44762 ||| Entered Z.
 44794 | Zot:1    | 44794 ||| EATING 86 rations.
 44795 | Zot:1    | 44795 ||| EATING 85 rations.
 44799 | Zot:1    | 44799 ||| Magic Mapping Zot
 44799 | Zot:1    | 44799 ||| READING 8 scrolls of magic mapping.
 44901 | Zot:1    | 44901 ||| Stepping ~*~*~tactically~*~*~ (hiding).
 44902 | Zot:1    | 44902 ||| Waiting for ranged monster.
 44903 | Zot:1    | 44903 ||| Stepping ~*~*~tactically~*~*~ (hiding).
 44958 | Zot:1    | 44958 ||| Stepping ~*~*~tactically~*~*~ (hiding).
 44959 | Zot:1    | 44959 ||| Stepping ~*~*~tactically~*~*~ (hiding).
 44960 | Zot:1    | 44960 ||| Waiting for ranged monster.
 44961 | Zot:1    | 44961 ||| Waiting for ranged monster.
 44982 | Zot:1    | 44982 ||| Stepping ~*~*~tactically~*~*~ (stealth).
 44984 | Zot:1    | 44984 ||| Stepping ~*~*~tactically~*~*~ (hiding).
 45021 | Zot:1    | 45021 ||| EATING 84 rations.
 45198 | Zot:2    | 45198 ||| Magic Mapping Zot
 45198 | Zot:2    | 45198 ||| READING 10 scrolls of magic mapping.
 45325 | Zot:2    | 45325 ||| UPGRADING to tubular marble ring.
 45327 | Zot:2    | 45327 ||| READING 28 scrolls of remove curse.
 45328 | Zot:2    | 45328 ||| REMOVING ring of attention.
 45329 | Zot:2    | 45329 ||| UPGRADING to +5 ring of slaying {mikee}.
 45330 | Zot:2    | 45330 ||| DROPPING ring of attention.
 45382 | Zot:2    | 45382 ||| Stepping ~*~*~tactically~*~*~ (hiding).
 45394 | Zot:2    | 45394 ||| Stepping ~*~*~tactically~*~*~ (hiding).
 45395 | Zot:2    | 45395 ||| Waiting for ranged monster.
 45396 | Zot:2    | 45396 ||| Waiting for ranged monster.
 45413 | Zot:2    | 45413 ||| Stepping ~*~*~tactically~*~*~ (cloud).
 45477 | Zot:2    | 45477 ||| Stepping ~*~*~tactically~*~*~ (hiding).
 45478 | Zot:2    | 45478 ||| Stepping ~*~*~tactically~*~*~ (hiding).
 45479 | Zot:2    | 45479 ||| Waiting for ranged monster.
 45647 | Zot:2    | 45647 ||| Stepping ~*~*~tactically~*~*~ (hiding).
 45673 | Zot:2    | Reached skill level 18 in Dodging
 45776 | Zot:2    | 45776 ||| Stepping ~*~*~tactically~*~*~ (hiding).
 45777 | Zot:2    | 45777 ||| Waiting for ranged monster.
 45784 | Zot:2    | 45784 ||| Waiting for ranged monster.
 45785 | Zot:2    | 45785 ||| Waiting for ranged monster.
 45798 | Zot:2    | 45798 ||| Stepping ~*~*~tactically~*~*~ (stealth).
 45823 | Zot:2    | 45823 ||| Stepping ~*~*~tactically~*~*~ (hiding).
 45831 | Zot:2    | 45831 ||| Waiting for ranged monster.
 45832 | Zot:2    | 45832 ||| Waiting for ranged monster.
 45928 | Zot:2    | Reached XP level 26. HP: 283/283 MP: 6/6
 45931 | Zot:2    | 45931 ||| EATING 83 rations.
 46073 | Zot:3    | 46073 ||| Magic Mapping Zot
 46073 | Zot:3    | 46073 ||| READING 10 scrolls of magic mapping.
 46107 | Zot:3    | 46107 ||| Stepping ~*~*~tactically~*~*~ (stealth).
 46109 | Zot:3    | 46109 ||| Stepping ~*~*~tactically~*~*~ (hiding).
 46110 | Zot:3    | 46110 ||| Waiting for ranged monster.
 46111 | Zot:3    | 46111 ||| Waiting for ranged monster.
 46112 | Zot:3    | 46112 ||| Waiting for ranged monster.
 46113 | Zot:3    | 46113 ||| Waiting for ranged monster.
 46114 | Zot:3    | 46114 ||| Waiting for ranged monster.
 46115 | Zot:3    | 46115 ||| Waiting for ranged monster.
 46116 | Zot:3    | 46116 ||| Waiting for ranged monster.
 46235 | Zot:3    | 46235 ||| Stepping ~*~*~tactically~*~*~ (hiding).
 46236 | Zot:3    | 46236 ||| Waiting for ranged monster.
 46237 | Zot:3    | 46237 ||| Waiting for ranged monster.
 46238 | Zot:3    | 46238 ||| Waiting for ranged monster.
 46239 | Zot:3    | 46239 ||| Waiting for ranged monster.
 46244 | Zot:3    | 46244 ||| Waiting for ranged monster.
 46316 | Zot:3    | 46316 ||| Stepping ~*~*~tactically~*~*~ (stealth).
 46320 | Zot:3    | 46320 ||| Stepping ~*~*~tactically~*~*~ (stealth).
 46322 | Zot:3    | 46322 ||| Stepping ~*~*~tactically~*~*~ (hiding).
 46323 | Zot:3    | 46323 ||| FLEEEEING.
 46324 | Zot:3    | 46324 ||| FLEEEEING.
 46325 | Zot:3    | 46325 ||| FLEEEEING.
 46326 | Zot:3    | 46326 ||| FLEEEEING.
 46327 | Zot:3    | 46327 ||| FLEEEEING.
 46328 | Zot:3    | 46328 ||| FLEEEEING.
 46329 | Zot:3    | 46329 ||| FLEEEEING.
 46330 | Zot:3    | 46330 ||| FLEEEEING.
 46331 | Zot:3    | 46331 ||| STILL FLEEEEING.
 46332 | Zot:3    | 46332 ||| STILL FLEEEEING.
 46333 | Zot:3    | 46333 ||| STILL FLEEEEING.
 46334 | Zot:3    | 46334 ||| STILL FLEEEEING.
 46335 | Zot:3    | 46335 ||| STILL FLEEEEING.
 46336 | Zot:3    | 46336 ||| STILL FLEEEEING.
 46337 | Zot:3    | 46337 ||| Stepping ~*~*~tactically~*~*~ (hiding).
 46338 | Zot:3    | 46338 ||| Stepping ~*~*~tactically~*~*~ (hiding).
 46339 | Zot:3    | 46339 ||| Stepping ~*~*~tactically~*~*~ (hiding).
 46340 | Zot:3    | 46340 ||| Stepping ~*~*~tactically~*~*~ (hiding).
 46341 | Zot:3    | 46341 ||| Stepping ~*~*~tactically~*~*~ (hiding).
 46342 | Zot:3    | 46342 ||| Waiting for ranged monster.
 46343 | Zot:3    | 46343 ||| Waiting for ranged monster.
 46344 | Zot:3    | 46344 ||| Waiting for ranged monster.
 46401 | Zot:3    | 46401 ||| Stepping ~*~*~tactically~*~*~ (hiding).
 46402 | Zot:3    | 46402 ||| Waiting for ranged monster.
 46403 | Zot:3    | 46403 ||| Waiting for ranged monster.
 46411 | Zot:3    | 46411 ||| Stepping ~*~*~tactically~*~*~ (hiding).
 46412 | Zot:3    | 46412 ||| Waiting for ranged monster.
 46413 | Zot:3    | 46413 ||| Stepping ~*~*~tactically~*~*~ (hiding).
 46419 | Zot:3    | 46419 ||| Waiting for ranged monster.
 46420 | Zot:3    | 46420 ||| Waiting for ranged monster.
 46421 | Zot:3    | 46421 ||| Waiting for ranged monster.
 46422 | Zot:3    | 46422 ||| Waiting for ranged monster.
 46425 | Zot:3    | 46425 ||| Stepping ~*~*~tactically~*~*~ (hiding).
 46426 | Zot:3    | 46426 ||| Stepping ~*~*~tactically~*~*~ (hiding).
 46427 | Zot:3    | 46427 ||| Stepping ~*~*~tactically~*~*~ (hiding).
 46428 | Zot:3    | 46428 ||| Stepping ~*~*~tactically~*~*~ (hiding).
 46429 | Zot:3    | 46429 ||| Waiting for ranged monster.
 46430 | Zot:3    | 46430 ||| Stepping ~*~*~tactically~*~*~ (hiding).
 46436 | Zot:3    | 46436 ||| Stepping ~*~*~tactically~*~*~ (hiding).
 46437 | Zot:3    | 46437 ||| Waiting for ranged monster.
 46438 | Zot:3    | 46438 ||| Waiting for ranged monster.
 46439 | Zot:3    | 46439 ||| Waiting for ranged monster.
 46440 | Zot:3    | 46440 ||| Waiting for ranged monster.
 46441 | Zot:3    | 46441 ||| Waiting for ranged monster.
 46443 | Zot:3    | 46443 ||| Stepping ~*~*~tactically~*~*~ (hiding).
 46509 | Zot:3    | Reached skill level 24 in Shields
 46547 | Zot:3    | 46547 ||| Stepping ~*~*~tactically~*~*~ (stealth).
 46548 | Zot:3    | 46548 ||| Stepping ~*~*~tactically~*~*~ (stealth).
 46563 | Zot:3    | 46563 ||| INVOKING Heal Wounds.
 46564 | Zot:3    | 46564 ||| INVOKING Heal Wounds.
 46809 | Zot:3    | 46809 ||| Stepping ~*~*~tactically~*~*~ (stealth).
 46811 | Zot:3    | 46811 ||| Stepping ~*~*~tactically~*~*~ (stealth).
 46818 | Zot:3    | 46818 ||| EATING 83 rations.
 46837 | Zot:3    | 46837 ||| Stepping ~*~*~tactically~*~*~ (stealth).
 47206 | Zot:3    | 47206 ||| Stepping ~*~*~tactically~*~*~ (hiding).
 47207 | Zot:3    | 47207 ||| Waiting for ranged monster.
 47208 | Zot:3    | 47208 ||| Waiting for ranged monster.
 47209 | Zot:3    | 47209 ||| Waiting for ranged monster.
 47210 | Zot:3    | 47210 ||| Waiting for ranged monster.
 47367 | Zot:4    | 47367 ||| Magic Mapping Zot
 47367 | Zot:4    | 47367 ||| READING 9 scrolls of magic mapping.
 47368 | Zot:4    | 47368 ||| Stepping ~*~*~tactically~*~*~ (hiding).
 47389 | Zot:4    | Reached skill level 25 in Armour
 47476 | Zot:4    | 47476 ||| Stepping ~*~*~tactically~*~*~ (hiding).
 47477 | Zot:4    | 47477 ||| Waiting for ranged monster.
 47484 | Zot:4    | 47484 ||| Waiting for ranged monster.
 47485 | Zot:4    | 47485 ||| Waiting for ranged monster.
 47633 | Zot:4    | 47633 ||| Stepping ~*~*~tactically~*~*~ (stealth).
 47635 | Zot:4    | 47635 ||| Stepping ~*~*~tactically~*~*~ (hiding).
 47636 | Zot:4    | 47636 ||| Waiting for ranged monster.
 47637 | Zot:4    | 47637 ||| Waiting for ranged monster.
 47686 | Zot:4    | 47686 ||| Stepping ~*~*~tactically~*~*~ (hiding).
 47687 | Zot:4    | 47687 ||| Waiting for ranged monster.
 47688 | Zot:4    | 47688 ||| Waiting for ranged monster.
 47689 | Zot:4    | 47689 ||| Waiting for ranged monster.
 47690 | Zot:4    | 47690 ||| Waiting for ranged monster.
 47691 | Zot:4    | 47691 ||| Waiting for ranged monster.
 47692 | Zot:4    | 47692 ||| Waiting for ranged monster.
 47693 | Zot:4    | 47693 ||| Waiting for ranged monster.
 47694 | Zot:4    | 47694 ||| Waiting for ranged monster.
 47695 | Zot:4    | 47695 ||| Waiting for ranged monster.
 47734 | Zot:4    | 47734 ||| EATING 83 rations.
 47779 | Zot:4    | 47779 ||| FLEEEEING.
 47780 | Zot:4    | 47780 ||| FLEEEEING.
 47781 | Zot:4    | 47781 ||| FLEEEEING.
 47782 | Zot:4    | 47782 ||| FLEEEEING.
 47783 | Zot:4    | 47783 ||| FLEEEEING.
 47784 | Zot:4    | 47784 ||| FLEEEEING.
 47785 | Zot:4    | 47785 ||| STILL FLEEEEING.
 47786 | Zot:4    | 47786 ||| STILL FLEEEEING.
 47787 | Zot:4    | 47787 ||| STILL FLEEEEING.
 47788 | Zot:4    | 47788 ||| STILL FLEEEEING.
 47789 | Zot:4    | 47789 ||| FLEEEEING.
 47790 | Zot:4    | 47790 ||| FLEEEEING.
 47791 | Zot:4    | 47791 ||| FLEEEEING.
 47792 | Zot:4    | 47792 ||| FLEEEEING.
 47793 | Zot:4    | 47793 ||| FLEEEEING.
 47794 | Zot:4    | 47794 ||| FLEEEEING.
 47795 | Zot:4    | 47795 ||| FLEEEEING.
 47796 | Zot:4    | 47796 ||| Stepping ~*~*~tactically~*~*~ (hiding).
 47797 | Zot:4    | 47797 ||| Stepping ~*~*~tactically~*~*~ (hiding).
 47798 | Zot:4    | 47798 ||| Stepping ~*~*~tactically~*~*~ (hiding).
 47799 | Zot:4    | 47799 ||| Stepping ~*~*~tactically~*~*~ (hiding).
 47800 | Zot:4    | 47800 ||| Waiting for ranged monster.
 47801 | Zot:4    | 47801 ||| Waiting for ranged monster.
 47802 | Zot:4    | 47802 ||| Waiting for ranged monster.
 47803 | Zot:4    | 47803 ||| Waiting for ranged monster.
 47804 | Zot:4    | 47804 ||| Waiting for ranged monster.
 48049 | Zot:4    | 48049 ||| Stepping ~*~*~tactically~*~*~ (hiding).
 48251 | Zot:4    | 48251 ||| Stepping ~*~*~tactically~*~*~ (hiding).
 48252 | Zot:4    | 48252 ||| Waiting for ranged monster.
 48260 | Zot:4    | 48260 ||| Waiting for ranged monster.
 48267 | Zot:5    | Entered Level 5 of the Realm of Zot
 48268 | Zot:5    | 48268 ||| READING scroll of brand weapon.
 48268 | Zot:5    | 48268 ||| BRANDING +9 broad axe of electrocution.
 48269 | Zot:5    | 48269 ||| Magic Mapping Zot
 48269 | Zot:5    | 48269 ||| READING 8 scrolls of magic mapping.
 48287 | Zot:5    | 48287 ||| Stepping ~*~*~tactically~*~*~ (hiding).
 48319 | Zot:5    | 48319 ||| Stepping ~*~*~tactically~*~*~ (stealth).
 48320 | Zot:5    | 48320 ||| Stepping ~*~*~tactically~*~*~ (stealth).
 48322 | Zot:5    | 48322 ||| Stepping ~*~*~tactically~*~*~ (stealth).
 48323 | Zot:5    | 48323 ||| Stepping ~*~*~tactically~*~*~ (stealth).
 48360 | Zot:5    | 48360 ||| UPGRADING to brass ring.
 48362 | Zot:5    | 48362 ||| UPGRADING to +5 ring of evasion.
 48364 | Zot:5    | 48364 ||| DROPPING ring of protection from cold.
 48367 | Zot:5    | Noticed an ancient lich
 48368 | Zot:5    | 48368 ||| INVOKING Greater Servant of Makhleb.
 48383 | Zot:5    | 48383 ||| INVOKING Greater Servant of Makhleb.
 48385 | Zot:5    | Killed an ancient lich
 48408 | Zot:5    | Reached XP level 27. HP: 294/294 MP: 5/5
 48424 | Zot:5    | Noticed an orb of fire
 48425 | Zot:5    | 48425 ||| DRINKING 2 potions of resistance.
 48426 | Zot:5    | 48426 ||| INVOKING Greater Servant of Makhleb.
 48431 | Zot:5    | Noticed an ancient lich
 48433 | Zot:5    | Killed an orb of fire
 48435 | Zot:5    | Noticed an orb of fire
 48436 | Zot:5    | 48436 ||| INVOKING Greater Servant of Makhleb.
 48436 | Zot:5    | Noticed an orb of fire
 48443 | Zot:5    | Gained mutation: Armour fits poorly on your strangely
                  | shaped body. [an orb of fire]
 48444 | Zot:5    | Gained mutation: Scrolls take you a little longer to read.
                  | [an orb of fire]
 48447 | Zot:5    | Lost mutation: Scrolls take you a little longer to read.
                  | [an orb of fire]
 48452 | Zot:5    | Gained mutation: Scrolls take you a little longer to read.
                  | [an orb of fire]
 48454 | Zot:5    | Killed an orb of fire
 48462 | Zot:5    | Lost mutation: You are robust. (+10% HP) [an orb of fire]
 48463 | Zot:5    | Killed an ancient lich
 48465 | Zot:5    | 48465 ||| INVOKING Greater Servant of Makhleb.
 48469 | Zot:5    | 48469 ||| INVOKING Greater Servant of Makhleb.
 48470 | Zot:5    | 48470 ||| DRINKING potion of resistance.
 48470 | Zot:5    | Gained mutation: You tend to lose your temper in combat.
                  | [an orb of fire]
 48471 | Zot:5    | Killed an orb of fire
 48472 | Zot:5    | 48472 ||| DRINKING 8 potions of mutation.
 48472 | Zot:5    | Lost mutation: Armour fits poorly on your strangely shaped
                  | body. [potion of mutation]
 48472 | Zot:5    | Lost mutation: Your spells are a little harder to cast, but
                  | a little more powerful. [potion of mutation]
 48472 | Zot:5    | Lost mutation: You have a pair of small antennae on your
                  | head. [potion of mutation]
 48472 | Zot:5    | Lost mutation: Scrolls take you a little longer to read.
                  | [potion of mutation]
 48472 | Zot:5    | Lost mutation: You tend to lose your temper in combat.
                  | [potion of mutation]
 48472 | Zot:5    | Gained mutation: You are resistant to hostile enchantments.
                  | (MR+) [potion of mutation]
 48510 | Zot:5    | Noticed an orb of fire
 48511 | Zot:5    | 48511 ||| INVOKING Greater Servant of Makhleb.
 48519 | Zot:5    | Noticed an ancient lich
 48520 | Zot:5    | Gained mutation: You are clumsy. (Dex -2) [an orb of fire]
 48521 | Zot:5    | Noticed an orb of fire
 48523 | Zot:5    | Gained mutation: Your body often deteriorates upon taking
                  | damage. [an orb of fire]
 48528 | Zot:5    | 48528 ||| INVOKING Greater Servant of Makhleb.
 48537 | Zot:5    | Killed an orb of fire
 48538 | Zot:5    | Noticed an ancient lich
 48539 | Zot:5    | Noticed an ancient lich
 48542 | Zot:5    | 48542 ||| INVOKING Greater Servant of Makhleb.
 48547 | Zot:5    | Killed an ancient lich
 48549 | Zot:5    | 48549 ||| INVOKING Greater Servant of Makhleb.
 48550 | Zot:5    | 48550 ||| INVOKING Greater Servant of Makhleb.
 48553 | Zot:5    | Killed an orb of fire
 48555 | Zot:5    | Reached skill level 26 in Armour
 48569 | Zot:5    | Killed an ancient lich
 48573 | Zot:5    | Killed an ancient lich
 48593 | Zot:5    | 48593 ||| EATING 83 rations.
 48594 | Zot:5    | 48594 ||| DRINKING 7 potions of mutation.
 48594 | Zot:5    | Lost mutation: Your body often deteriorates upon taking
                  | damage. [potion of mutation]
 48594 | Zot:5    | Lost mutation: You are resistant to hostile enchantments.
                  | (MR+) [potion of mutation]
 48594 | Zot:5    | Lost mutation: You are surrounded by a moderate repulsion
                  | field. (EV +3) [potion of mutation]
 48594 | Zot:5    | Lost mutation: You are clumsy. (Dex -2) [potion of
                  | mutation]
 48594 | Zot:5    | Gained mutation: You are resistant to hostile enchantments.
                  | (MR+) [potion of mutation]
 48594 | Zot:5    | Gained mutation: You have large cloven feet. [potion of
                  | mutation]
 48611 | Zot:5    | Got the Orb of Zot
 48658 | Zot:5    | 48658 ||| DRINKING 6 potions of haste.
 48659 | Zot:5    | 48659 ||| DRINKING 10 potions of might.
 48732 | Zot:3    | 48732 ||| DRINKING 5 potions of haste.
 48870 | Depths:4 | 48870 ||| DRINKING 4 potions of haste.
 48871 | Depths:4 | 48871 ||| DRINKING 9 potions of might.
 48880 | Depths:4 | 48880 ||| INVOKING Heal Wounds.
 48888 | Depths:4 | 48888 ||| INVOKING Heal Wounds.
 49013 | Depths:3 | 49013 ||| DRINKING 3 potions of haste.
 49014 | Depths:3 | 49014 ||| DRINKING 8 potions of might.
 49095 | Depths:1 | Noticed Cefenet the pandemonium lord
 49210 | D:13     | Noticed Murgh the pandemonium lord
 49210 | D:13     | 49210 ||| DRINKING 2 potions of haste.
 49211 | D:13     | 49211 ||| DRINKING 7 potions of might.
 49232 | D:13     | Killed Murgh the pandemonium lord
 49337 | D:9      | 49337 ||| DRINKING potion of haste.
 49338 | D:9      | 49338 ||| DRINKING 6 potions of might.
 49430 | D:6      | 49430 ||| DRINKING 5 potions of might.
 49516 | D:3      | Noticed a seraph
 49516 | D:3      | 49516 ||| DRINKING 4 potions of might.
 49525 | D:3      | Killed a seraph
 49576 | D:3      | 49576 ||| EATING 82 rations.
 49577 | D:3      | 49577 ||| DRINKING 3 potions of might.
 49654 | D:$      | Escaped with the Orb!

Levels and vault maps discovered:
D:1:      dpeg_arrival_leaves_temple_mockup, layout_loops_ring,
          wander_ebering_terrifying_dragon_lair
D:2:      minmay_alternating_diamond, layout_basic, bloody_trog,
          elyvilon_altar_5, nicolae_overflow_crystal_walls, first_ration,
          minmay_misc_feat_nine_boxes, st_stairs_12
D:3:      layout_basic, portal_sewer_entry_a, eino_tiny_chamber
D:4:      layout_gridville, lemuel_zombie_altar_yredelemnul, zin_treasury
D:5:      layout_loops_ring
D:6:      layout_basic, ashenzari_altar_1, kennysheep_vampire_church,
          kennysheep_opposing_triangles
D:7:      layout_gridville, marbit_many_paths,
          nicolae_gozag_cash_rules_everything_around_me,
          minmay_temple_entry_statues
D:8:      layout_loops_ring, nemelex_xobeh_ov_fountains_minmay,
          blue_anna_alchemist [blue_anna_fruit_fields, blue_anna_fruit_fields],
          uniq_gastronok, uniq_erica
D:9:      layout_irregular_city, tgw_fedhas, lemuel_blue_sif_altar,
          eat_drink_and_be_merry_uskayaw, due_lair_maze_entry_diamond,
          serial_shops, shop, hangedman_abyss_or_decor_slice,
          kennysheep_generic_room_6
D:10:     layout_gridville, minmay_shop_mayhem, uniq_josephine, uniq_nergalle,
          uniq_psyche
D:11:     minmay_the_grid_four_pointed_star_mashed
          [minmay_the_grid_triangle_9x9_limited_checkers,
          minmay_the_grid_triangle_9x9_odd_lines,
          minmay_the_grid_triangle_9x9_corruption,
          minmay_the_grid_triangle_9x9_from_above,
          minmay_the_grid_prize_four_corners], layout_loops_corners, orc_david_3
D:12:     layout_long_grid, patterned_corridor
D:13:     layout_loops_cross, david_vaults_5, uniq_kirke
D:14:     layout_loops_ring, chequers_serial_rivers_small_3, serial_shops, shop,
          minmay_guarded_unrand_prune, uniq_jorgrun, uniq_frances, uniq_azrael
D:15:     gammafunk_enter_depths_forms, layout_basic, minmay_misc_feat_chi,
          nicolae_qazlal_eye_of_the_storm
Temple:   pf_slimified_temple
Lair:1:   layout_hall_layers
Lair:2:   layout_chaotic_city, dummy_snake_entry, grunt_megastairs_2
Lair:3:   layout_layer_cave, hellmonk_ghost_happy_afterlife,
          cheibrodos_lair_reptile_den
Lair:4:   layout_regular_city, palyth_hydra_swamp_entry,
          chequers_serial_rivers_small_a, serial_bayou_lake_a
Lair:5:   layout_regular_city, dpeg_slime_entry_enclosed_altar,
          gauntlet_entry_generic, worms_lemuel
Lair:6:   hangedman_lair_in_review, layout_small_grid, wormcave,
          serial_bayou_shore_a, minmay_lair_oklob_chamber
Swamp:1:  layout_basic_swamp, serial_swamp_ruin, evilmike_swamp_ruin_house_6,
          evilmike_swamp_ruin_house_5, infiniplex_staircase_pool_2, uniq_louise
Swamp:2:  layout_falls_marsh, nicolae_swamp_very_dense_foliage, swamp_pool5,
          grunt_ruined_hall
Swamp:3:  layout_basic_swamp, gammafunk_ghost_necromancy,
          evilmike_swamp_ruin_house_1, swamp_pool2
Swamp:4:  swamp_basic_johnstein, layout_basic_swamp, swamp_pool2
Snake:1:  layout_onion_interference, portal_ice_cave_entry_pillars_2,
          serial_shops, nicolae_shop_temple_entry_statues_fountains
Snake:2:  layout_onion_interference, serial_bayou_pond_a
Snake:3:  layout_cave_town, basic_altar
Snake:4:  grunt_snake_rune_pools, layout_cave_town
Orc:1:    gammafunk_beogh_shrine, layout_caves
Orc:2:    pubby_orc_utopia, serial_shops, uniq_erolcha
Vaults:1: v_misc_25, ontoclasm_vaults_loading_screen, v_misc_5, v_misc_23,
          grunt_vaults_bifocal, ontoclasm_vaults_hangar,
          nicolae_vaults_mini_display_case, layout_vaults_chaotic_city,
          serial_shops, shop
Vaults:2: nicolae_vaults_network_quinsquares
          [nicolae_vaults_network_quincunx_subvault,
          nicolae_vaults_network_quincunx_subvault,
          nicolae_vaults_network_quincunx_subvault,
          nicolae_vaults_network_quincunx_subvault], v_alt_pattern_4,
          hangedman_vaults_slither, hangedman_vaults_river_flow,
          minmay_crypt_entry_simple_round, st_squares, vaults_room_ringed_pool,
          nicolae_vaults_little_squares_6, grunt_vaults_swirl,
          hangedman_vaults_stretched_pinwheel, nicolae_vaults_specimen_jars,
          nicolae_vaults_theta, hangedman_vaults_maws,
          ontoclasm_vaults_ring_small, nicolae_vaults_border_crossing,
          layout_vaults_omnibox, portal_desolation_entry_holy_temple,
          serial_shops, shop_fountains
Vaults:3: hangedman_vaults_corner_blocks, nicolae_vaults_little_squares_3,
          v_alt_pattern_6, vaults_room_fours, v_misc_16, layout_vaults_omnigrid,
          serial_hangedman_research, hangedman_research_thanatology,
          hangedman_research_thermodynamics
Vaults:4: v_misc_30, v_misc_33, nicolae_vaults_bisected_exclaves,
          nicolae_vaults_big_ls, grunt_vaults_focal, vaults_room_semicircle,
          v_pattern_2, ontoclasm_vaults_tryst, hangedman_vaults_unwind,
          ontoclasm_vaults_claustrophobia, ontoclasm_vaults_ring_square,
          vaults_mumra_chevron, nicolae_vaults_shelves_hall,
          ontoclasm_vaults_pinch, vaults_dpeg_encased_lava, special_room_vaults
          [special_room_orc], nicolae_vaults_little_squares_6,
          layout_vaults_maze, uniq_aizul
Vaults:5: serial_shops, uniq_jory
Depths:1: layout_cave_shapes, grunt_decor_one_mirror, grunt_mini_vestibule,
          minmay_misc_feat_doors, minmay_guarded_unrand_wrath_of_trog
Depths:2: hangedman_box_tower, layout_cave_pools, hellmouth_1, abyss_entry,
          cheibriados_altar_1, hangedman_stitches_earthworm, uniq_sojobo
Depths:3: hangedman_slaughterboxes, hell_entry, pan_entry
Depths:4: minmay_ambush_box, layout_small_grid, pf_hell_entry_tar_river,
          hangedman_decor_peaks_small, abyss_entry, kennysheep_random_hallway,
          uniq_frederick
Depths:5: evilmike_zot_entry_round, layout_cave_pools, enter_ziggurat_f,
          minmay_misc_feat_encased, minmay_room_of_horrors, hell_entry,
          mu_enter_wizlab_6
Zot:1:    layout_misc_corridors
Zot:2:    layout_twisted_circle, hangedman_zot_wheel_spokes
Zot:3:    kennysheep_ambush_hall, layout_onion_interference,
          hangedman_zot_decor_unnerving_road, hangedman_elemental_corridor
Zot:4:    layout_concentric_octagons, lemuel_elevator
Zot:5:    layout_onion

Skill      XL: |  1  2  3  4  5  6  7  8  9 10 11 12 13 14 15 16 17 18 19 20 21 22 23 24 25 26 27 |
---------------+----------------------------------------------------------------------------------+-----
Axes           | 3 4 5 6 7 9 10 11 12 13 15 16 18 19 20 | 20.0
Dodging        | 1 3 4 5 6 7 9 10 11 12 13 14 15 18 19 20 | 20.0
Shields        | 4 5 7 8 9 10 12 13 15 16 17 18 20 21 22 23 24 25 | 25.0
Fighting       | 3 5 6 7 8 9 10 12 13 14 15 16 17 18 19 20 | 20.6
Armour         | 4 9 10 11 12 13 14 15 16 19 20 21 23 24 25 26 | 26.0
Invocations    | 4 9 12 15 16 17 | 17.6

Action                   |  1- 3 |  4- 6 |  7- 9 | 10-12 | 13-15 | 16-18 | 19-21 | 22-24 | 25-27 || total
-------------------------+-------+-------+-------+-------+-------+-------+-------+-------+-------++-------
Melee: War axe           |    83 |   326 |   324 |   298 |   794 |    29 |       |       |       ||  1854
       Kick              |       |       |   127 |   245 |       |       |       |       |       ||   372
       Hand axe          |       |       |   138 |   428 |       |       |       |       |       ||   566
       Broad axe         |       |       |       |       |   529 |  1165 |  1410 |  1161 |  1100 ||  5365
       Unarmed           |       |       |       |       |     3 |       |       |       |       ||     3
Throw: Javelin           |    12 |       |       |       |       |       |       |       |       ||    12
Invok: Major Destruction |       |       |       |     5 |     5 |    82 |       |       |       ||    92
       Greater Servant o |       |       |       |       |    16 |    21 |    14 |    20 |    12 ||    83
 Abil: Heal Wounds       |       |     4 |    22 |     3 |    14 |    49 |    12 |    11 |     4 ||   119
  Use: Scroll            |     5 |     6 |    12 |     4 |    15 |     9 |     5 |     2 |     8 ||    66
       Potion            |       |     6 |     5 |       |     2 |     8 |     5 |     4 |    18 ||    48
 Stab: Distracted        |       |       |       |     1 |     4 |     6 |     8 |     8 |     6 ||    33
       Confused          |       |       |       |       |       |       |       |       |     5 ||     5
  Eat: Chunk             |       |     9 |     8 |    11 |    31 |    20 |    18 |    17 |     2 ||   116
       Ration            |       |       |     2 |       |     2 |     3 |     2 |       |     9 ||    18
Armor: Scale mail        |    43 |   122 |    30 |       |       |       |       |       |       ||   195
       Plate armour      |       |       |   165 |   223 |   224 |       |    60 |   102 |       ||   774
       Chain mail        |       |       |       |       |   106 |   394 |   153 |       |       ||   653
       Storm dragon scal |       |       |       |       |       |       |       |    72 |       ||    72
       Gold dragon scale |       |       |       |       |       |       |       |   175 |   317 ||   492
Dodge: Dodged            |    26 |    84 |   109 |   226 |   353 |   417 |   410 |   577 |   549 ||  2751
Block: Shield            |    33 |   148 |   237 |   379 |   651 |    98 |       |       |       ||  1546
       Large shield      |       |       |       |       |       |  1129 |  1363 |  1286 |  1107 ||  4885

Table legend:
 A = Non-vault XP
 B = Vault XP
 C = Vault XP percentage of total XP
 D = Non-vault monster count
 E = Vault monster count
 F = Vault count percentage of total count
                 A         B        C        D         E       F
            +---------+---------+-------+---------+---------+-------
      Total |  820242 |  823783 |  50.1 |    1426 |     985 |  40.9
            +---------+---------+-------+---------+---------+-------
        D:1 |      41 |       3 |   6.8 |      20 |       1 |   4.8
        D:2 |     140 |      18 |  11.4 |      31 |       4 |  11.4
        D:3 |      57 |       6 |   9.5 |      20 |       5 |  20.0
        D:4 |     340 |       3 |   0.9 |      21 |       2 |   8.7
        D:5 |     806 |       0 |   0.0 |      24 |       0 |   0.0
        D:6 |    1911 |     436 |  18.6 |      31 |      13 |  29.5
        D:7 |     636 |      16 |   2.5 |       9 |       1 |  10.0
        D:8 |     849 |    3352 |  79.8 |      14 |       3 |  17.6
        D:9 |    2949 |    1402 |  32.2 |      29 |      13 |  31.0
       D:10 |    3823 |    2822 |  42.5 |      16 |       6 |  27.3
       D:11 |    8680 |    4434 |  33.8 |      58 |      17 |  22.7
       D:12 |    5617 |       0 |   0.0 |      25 |       0 |   0.0
       D:13 |    7075 |    3311 |  31.9 |      26 |       6 |  18.8
       D:14 |    6451 |   11001 |  63.0 |      32 |      13 |  28.9
       D:15 |   10621 |    3139 |  22.8 |      29 |      13 |  31.0
     Lair:1 |    5862 |       0 |   0.0 |      19 |       0 |   0.0
     Lair:2 |    9397 |     594 |   5.9 |      33 |       3 |   8.3
     Lair:3 |    3847 |    1199 |  23.8 |      21 |       2 |   8.7
     Lair:4 |    4365 |    2856 |  39.6 |      27 |       8 |  22.9
     Lair:5 |    3841 |    1438 |  27.2 |      17 |       6 |  26.1
     Lair:6 |    5566 |   17171 |  75.5 |      14 |      44 |  75.9
    Swamp:1 |   17369 |    1629 |   8.6 |      43 |       1 |   2.3
    Swamp:2 |   19277 |    7744 |  28.7 |      36 |      15 |  29.4
    Swamp:3 |   16642 |     274 |   1.6 |      39 |       1 |   2.5
    Swamp:4 |    3861 |   23667 |  86.0 |       7 |      37 |  84.1
    Snake:1 |    9755 |       0 |   0.0 |      23 |       0 |   0.0
    Snake:2 |   25109 |       0 |   0.0 |      46 |       0 |   0.0
    Snake:3 |   22705 |       0 |   0.0 |      43 |       0 |   0.0
    Snake:4 |   24430 |   41922 |  63.2 |      43 |      58 |  57.4
      Orc:1 |    1290 |      18 |   1.4 |       6 |       6 |  50.0
      Orc:2 |       0 |   21265 | 100.0 |       0 |     139 | 100.0
   Vaults:1 |   35763 |    2336 |   6.1 |      62 |       3 |   4.6
   Vaults:2 |   33491 |   35714 |  51.6 |      57 |      51 |  47.2
   Vaults:3 |   31660 |   16536 |  34.3 |      46 |      30 |  39.5
   Vaults:4 |   63658 |   92056 |  59.1 |      81 |     101 |  55.5
   Vaults:5 |   40078 |   90777 |  69.4 |      43 |      53 |  55.2
   Depths:1 |   25554 |    5464 |  17.6 |      43 |      11 |  20.4
   Depths:2 |   49693 |   89102 |  64.2 |      66 |      76 |  53.5
   Depths:3 |       0 |  109454 | 100.0 |       0 |      97 | 100.0
   Depths:4 |   33824 |   30737 |  47.6 |      37 |      20 |  35.1
   Depths:5 |   33998 |   25082 |  42.5 |      37 |      26 |  41.3
      Zot:1 |   45517 |       0 |   0.0 |      29 |       0 |   0.0
      Zot:2 |   54228 |       0 |   0.0 |      32 |       0 |   0.0
      Zot:3 |   62770 |   23458 |  27.2 |      41 |      12 |  22.6
      Zot:4 |   61136 |       0 |   0.0 |      36 |       0 |   0.0
      Zot:5 |   25560 |  153016 |  85.7 |      14 |      40 |  74.1
      Sewer |       0 |     331 | 100.0 |       0 |      48 | 100.0
            +---------+---------+-------+---------+---------+-------
